Workbook

Sheet Instructions
A1: #VALUE!
A6: Workbook Guide
A8: Updating the workbook with the latest data.
B10: The "Raw Data" tab is where the Clifton Strengths 34 strengths data can be pasted.
B11: The Identifer 1 & 2 columns are optional drop downs that allow for some filtering throughout the workbook.
B12: To update the options on these 2 columns you can change the options in the Identifier 1 & 2 tables on the settings tab, click the link below to navigate to these tables
B13: Identifer tables
B14: Once the Raw Data tab has new data pasted into it and the identifer columns have been updated then navigate to the "Refresh Data" tab. Right click in the data and click refresh.
B27: Once refreshed all of the other tabs will be updated and ready to use.
B28: If any of the data in the raw data tab is updated/ removed then the refresh data tab needs to be refreshed again to be reflected across the workbook.

Sheet Team>>>

Sheet Team Grid
B1: Team Strengths Grid
D2: Primary Theme Filter | E2: Top 5 | G2: Executing | P2: Infleuncing | X2: Relationship Building | AG2: Strategic Thinking
D3: Secondary Theme Filter | G3: =O3/SUM($AP$7:$AS$7) -> #DIV/0! | H3: =AX7&" People" -> 0 People | O3: =AP7 -> 0 | P3: =W3/SUM($AP$7:$AS$7) -> #DIV/0! | Q3: =AY7&" People" -> 0 People | W3: =AQ7 -> 0 | X3: =AF3/SUM($AP$7:$AS$7) -> #DIV/0! | Y3: =AZ7&" People" -> 0 People | AF3: =AR7 -> 0 | AG3: =AN3/SUM($AP$7:$AS$7) -> #DIV/0! | AH3: =BA7&" People" -> 0 People | AN3: =AS7 -> 0
B4: #VALUE! | G4: =Settings!E4 -> People with dominant Executing themes make things happen. | P4: =Settings!E5 -> People with dominant Influencing themes take charge, speak up, and make sure others are heard. | X4: =Settings!E6 -> People with dominant Relationship Building themes build strong relationships that hold a team together and make it greater than the sum of its parts. | AG4: =Settings!E7 -> People with dominant Strategic Thinking themes absorb and analyze information that informs better decisions.
G5: =Settings!F4 -> These themes help people understand the details and know exactly How it should be done, then they see it through to completion. | P5: =Settings!F5 -> These themes help people take the What and provide the Why, giving motivation and energy to move forward. | X5: =Settings!F6 -> These themes help people understand about the team members, Who to involve and Who is best for each task. | AG5: =Settings!F7 -> These themes help people know the facts about What has happened, What is happening and What is the best way forward. | BC5: Helper Columns | CM5: Primary Theme Helper Columns
G6: Achiever | H6: Arranger | I6: Belief | J6: Consistency | K6: Deliberative | L6: Discipline | M6: Focus | N6: Responsibility | O6: Restorative | P6: Activator | Q6: Command | R6: Communication | S6: Competition | T6: Maximizer | U6: Self-Assurance | V6: Significance | W6: Woo | X6: Adaptability | Y6: Connectedness | Z6: Developer | AA6: Empathy | AB6: Harmony | AC6: Includer | AD6: Individualization | AE6: Positivity | AF6: Relator | AG6: Analytical | AH6: Context | AI6: Futuristic | AJ6: Ideation | AK6: Input | AL6: Intellection | AM6: Learner | AN6: Strategic | AP6: Executing | AQ6: Influencing | AR6: Relationship Building | AS6: Strategic Thinking | AW6: Total People | AX6: =AP6 -> Executing | AY6: =AQ6 -> Influencing | AZ6: =AR6 -> Relationship Building | BA6: =AS6 -> Strategic Thinking | BC6: =G6 -> Achiever | BD6: =H6 -> Arranger | BE6: =I6 -> Belief | BF6: =J6 -> Consistency | BG6: =K6 -> Deliberative | BH6: =L6 -> Discipline | BI6: =M6 -> Focus | BJ6: =N6 -> Responsibility | ... CJ6: =AN6 -> Strategic | CM6: =AQ6 -> Influencing | CN6: =AR6 -> Relationship Building | CO6: =AS6 -> Strategic Thinking | CP6: =AT6 -> 0 | CQ6: =AU6 -> 0 | CR6: =AV6 -> 0 | CS6: =AW6 -> Total People | CT6: =AX6 -> Executing | ... DT6: =BX6 -> Harmony
AP7: =SUBTOTAL(9,AP9:AP58) -> 0 | AQ7: =SUBTOTAL(9,AQ9:AQ58) -> 0 | AR7: =SUBTOTAL(9,AR9:AR58) -> 0 | AS7: =SUBTOTAL(9,AS9:AS58) -> 0 | AV7: Helper | AW7: =SUBTOTAL(9,AW9:AW58) -> 0 | AX7: =SUBTOTAL(9,AX9:AX58) -> 0 | AY7: =SUBTOTAL(9,AY9:AY58) -> 0 | AZ7: =SUBTOTAL(9,AZ9:AZ58) -> 0 | BA7: =SUBTOTAL(9,BA9:BA58) -> 0
A8: Full Name Conc | B8: =Data_Table[[#Headers],[Identifier 1]] -> Identifier 1 | C8: =Data_Table[[#Headers],[Identifier 2]] -> Identifier 2 | D8: First Name | E8: Surname | AV8: =E2 -> Top 5
A9: =D9&" "&E9 | B9: =IF('Raw Data'!B4="","",'Raw Data'!B4) | C9: =IF('Raw Data'!C4="","",'Raw Data'!C4) | D9: =IF('Raw Data'!D4="","",'Raw Data'!D4) | E9: =IF('Raw Data'!E4="","",'Raw Data'!E4) | G9: =IF(OR(IFERROR(AND(VLOOKUP($E$2,Theme_Ranges[],2,0)<=BC9,VLOOKUP($E$2,Theme_Ranges[],3,0)>=BC9),FALSE),IFERROR(AND(VLOOKUP($E$3,Theme_Ranges[],2,0)<=BC9,VLOOKUP($E$3,Theme_Ranges[],3,0)>=BC9),FALSE)),BC9,"") | H9: =IF(OR(IFERROR(AND(VLOOKUP($E$2,Theme_Ranges[],2,0)<=BD9,VLOOKUP($E$2,Theme_Ranges[],3,0)>=BD9),FALSE),IFERROR(AND(VLOOKUP($E$3,Theme_Ranges[],2,0)<=BD9,VLOOKUP($E$3,Theme_Ranges[],3,0)>=BD9),FALSE)),BD9,"") | I9: =IF(OR(IFERROR(AND(VLOOKUP($E$2,Theme_Ranges[],2,0)<=BE9,VLOOKUP($E$2,Theme_Ranges[],3,0)>=BE9),FALSE),IFERROR(AND(VLOOKUP($E$3,Theme_Ranges[],2,0)<=BE9,VLOOKUP($E$3,Theme_Ranges[],3,0)>=BE9),FALSE)),BE9,"") | J9: =IF(OR(IFERROR(AND(VLOOKUP($E$2,Theme_Ranges[],2,0)<=BF9,VLOOKUP($E$2,Theme_Ranges[],3,0)>=BF9),FALSE),IFERROR(AND(VLOOKUP($E$3,Theme_Ranges[],2,0)<=BF9,VLOOKUP($E$3,Theme_Ranges[],3,0)>=BF9),FALSE)),BF9,"") | K9: =IF(OR(IFERROR(AND(VLOOKUP($E$2,Theme_Ranges[],2,0)<=BG9,VLOOKUP($E$2,Theme_Ranges[],3,0)>=BG9),FALSE),IFERROR(AND(VLOOKUP($E$3,Theme_Ranges[],2,0)<=BG9,VLOOKUP($E$3,Theme_Ranges[],3,0)>=BG9),FALSE)),BG9,"") | L9: =IF(OR(IFERROR(AND(VLOOKUP($E$2,Theme_Ranges[],2,0)<=BH9,VLOOKUP($E$2,Theme_Ranges[],3,0)>=BH9),FALSE),IFERROR(AND(VLOOKUP($E$3,Theme_Ranges[],2,0)<=BH9,VLOOKUP($E$3,Theme_Ranges[],3,0)>=BH9),FALSE)),BH9,"") | M9: =IF(OR(IFERROR(AND(VLOOKUP($E$2,Theme_Ranges[],2,0)<=BI9,VLOOKUP($E$2,Theme_Ranges[],3,0)>=BI9),FALSE),IFERROR(AND(VLOOKUP($E$3,Theme_Ranges[],2,0)<=BI9,VLOOKUP($E$3,Theme_Ranges[],3,0)>=BI9),FALSE)),BI9,"") | N9: =IF(OR(IFERROR(AND(VLOOKUP($E$2,Theme_Ranges[],2,0)<=BJ9,VLOOKUP($E$2,Theme_Ranges[],3,0)>=BJ9),FALSE),IFERROR(AND(VLOOKUP($E$3,Theme_Ranges[],2,0)<=BJ9,VLOOKUP($E$3,Theme_Ranges[],3,0)>=BJ9),FALSE)),BJ9,"") | ... AN9: =IF(OR(IFERROR(AND(VLOOKUP($E$2,Theme_Ranges[],2,0)<=CJ9,VLOOKUP($E$2,Theme_Ranges[],3,0)>=CJ9),FALSE),IFERROR(AND(VLOOKUP($E$3,Theme_Ranges[],2,0)<=CJ9,VLOOKUP($E$3,Theme_Ranges[],3,0)>=CJ9),FALSE)),CJ9,"") | AP9: =IF(D9="","",COUNTIF($G9:$O9,"<="&AV9)) | AQ9: =IF(D9="","",COUNTIF($P9:$W9,"<="&AV9)) | AR9: =IF(D9="","",COUNTIF($X9:$AF9,"<="&AV9)) | AS9: =IF(D9="","",COUNTIF($AG9:$AN9,"<="&AV9)) | AV9: =VLOOKUP($AV$8,Theme_Ranges[],3,0) -> 5 | AW9: =IF(D9="",0,1) -> 0 | AX9: =IF(COUNTIF($G9:$O9,"<="&AV9)>0,1,0) -> 0 | AY9: =IF(COUNTIF($P9:$W9,"<="&AV9)>0,1,0) -> 0 | AZ9: =IF(COUNTIF($X9:$AF9,"<="&AV9)>0,1,0) -> 0 | BA9: =IF(COUNTIF($AG9:$AN9,"<="&AV9)>0,1,0) -> 0 | BC9: =IF($D9="","",VLOOKUP($A9&G$6,Data_Table_1[[Full Name Theme Conc]:[Theme Ranking]],8,0)) | BD9: =IF($D9="","",VLOOKUP($A9&H$6,Data_Table_1[[Full Name Theme Conc]:[Theme Ranking]],8,0)) | BE9: =IF($D9="","",VLOOKUP($A9&I$6,Data_Table_1[[Full Name Theme Conc]:[Theme Ranking]],8,0)) | BF9: =IF($D9="","",VLOOKUP($A9&J$6,Data_Table_1[[Full Name Theme Conc]:[Theme Ranking]],8,0)) | BG9: =IF($D9="","",VLOOKUP($A9&K$6,Data_Table_1[[Full Name Theme Conc]:[Theme Ranking]],8,0)) | BH9: =IF($D9="","",VLOOKUP($A9&L$6,Data_Table_1[[Full Name Theme Conc]:[Theme Ranking]],8,0)) | BI9: =IF($D9="","",VLOOKUP($A9&M$6,Data_Table_1[[Full Name Theme Conc]:[Theme Ranking]],8,0)) | BJ9: =IF($D9="","",VLOOKUP($A9&N$6,Data_Table_1[[Full Name Theme Conc]:[Theme Ranking]],8,0)) | ... CJ9: =IF($D9="","",VLOOKUP($A9&AN$6,Data_Table_1[[Full Name Theme Conc]:[Theme Ranking]],8,0)) | CM9: =IF(AND(VLOOKUP($E$2,Theme_Ranges[],2,0)<=BC9,VLOOKUP($E$2,Theme_Ranges[],3,0)>=BC9),BC9,"") | CN9: =IF(AND(VLOOKUP($E$2,Theme_Ranges[],2,0)<=BD9,VLOOKUP($E$2,Theme_Ranges[],3,0)>=BD9),BD9,"") | CO9: =IF(AND(VLOOKUP($E$2,Theme_Ranges[],2,0)<=BE9,VLOOKUP($E$2,Theme_Ranges[],3,0)>=BE9),BE9,"") | CP9: =IF(AND(VLOOKUP($E$2,Theme_Ranges[],2,0)<=BF9,VLOOKUP($E$2,Theme_Ranges[],3,0)>=BF9),BF9,"") | CQ9: =IF(AND(VLOOKUP($E$2,Theme_Ranges[],2,0)<=BG9,VLOOKUP($E$2,Theme_Ranges[],3,0)>=BG9),BG9,"") | CR9: =IF(AND(VLOOKUP($E$2,Theme_Ranges[],2,0)<=BH9,VLOOKUP($E$2,Theme_Ranges[],3,0)>=BH9),BH9,"") | CS9: =IF(AND(VLOOKUP($E$2,Theme_Ranges[],2,0)<=BI9,VLOOKUP($E$2,Theme_Ranges[],3,0)>=BI9),BI9,"") | CT9: =IF(AND(VLOOKUP($E$2,Theme_Ranges[],2,0)<=BJ9,VLOOKUP($E$2,Theme_Ranges[],3,0)>=BJ9),BJ9,"") | ... DT9: =IF(AND(VLOOKUP($E$2,Theme_Ranges[],2,0)<=CJ9,VLOOKUP($E$2,Theme_Ranges[],3,0)>=CJ9),CJ9,"")
A10: =D10&" "&E10 | B10: =IF('Raw Data'!B5="","",'Raw Data'!B5) | C10: =IF('Raw Data'!C5="","",'Raw Data'!C5) | D10: =IF('Raw Data'!D5="","",'Raw Data'!D5) | E10: =IF('Raw Data'!E5="","",'Raw Data'!E5) | G10: =IF(OR(IFERROR(AND(VLOOKUP($E$2,Theme_Ranges[],2,0)<=BC10,VLOOKUP($E$2,Theme_Ranges[],3,0)>=BC10),FALSE),IFERROR(AND(VLOOKUP($E$3,Theme_Ranges[],2,0)<=BC10,VLOOKUP($E$3,Theme_Ranges[],3,0)>=BC10),FALSE)),BC10,"") | H10: =IF(OR(IFERROR(AND(VLOOKUP($E$2,Theme_Ranges[],2,0)<=BD10,VLOOKUP($E$2,Theme_Ranges[],3,0)>=BD10),FALSE),IFERROR(AND(VLOOKUP($E$3,Theme_Ranges[],2,0)<=BD10,VLOOKUP($E$3,Theme_Ranges[],3,0)>=BD10),FALSE)),BD10,"") | I10: =IF(OR(IFERROR(AND(VLOOKUP($E$2,Theme_Ranges[],2,0)<=BE10,VLOOKUP($E$2,Theme_Ranges[],3,0)>=BE10),FALSE),IFERROR(AND(VLOOKUP($E$3,Theme_Ranges[],2,0)<=BE10,VLOOKUP($E$3,Theme_Ranges[],3,0)>=BE10),FALSE)),BE10,"") | J10: =IF(OR(IFERROR(AND(VLOOKUP($E$2,Theme_Ranges[],2,0)<=BF10,VLOOKUP($E$2,Theme_Ranges[],3,0)>=BF10),FALSE),IFERROR(AND(VLOOKUP($E$3,Theme_Ranges[],2,0)<=BF10,VLOOKUP($E$3,Theme_Ranges[],3,0)>=BF10),FALSE)),BF10,"") | K10: =IF(OR(IFERROR(AND(VLOOKUP($E$2,Theme_Ranges[],2,0)<=BG10,VLOOKUP($E$2,Theme_Ranges[],3,0)>=BG10),FALSE),IFERROR(AND(VLOOKUP($E$3,Theme_Ranges[],2,0)<=BG10,VLOOKUP($E$3,Theme_Ranges[],3,0)>=BG10),FALSE)),BG10,"") | L10: =IF(OR(IFERROR(AND(VLOOKUP($E$2,Theme_Ranges[],2,0)<=BH10,VLOOKUP($E$2,Theme_Ranges[],3,0)>=BH10),FALSE),IFERROR(AND(VLOOKUP($E$3,Theme_Ranges[],2,0)<=BH10,VLOOKUP($E$3,Theme_Ranges[],3,0)>=BH10),FALSE)),BH10,"") | M10: =IF(OR(IFERROR(AND(VLOOKUP($E$2,Theme_Ranges[],2,0)<=BI10,VLOOKUP($E$2,Theme_Ranges[],3,0)>=BI10),FALSE),IFERROR(AND(VLOOKUP($E$3,Theme_Ranges[],2,0)<=BI10,VLOOKUP($E$3,Theme_Ranges[],3,0)>=BI10),FALSE)),BI10,"") | N10: =IF(OR(IFERROR(AND(VLOOKUP($E$2,Theme_Ranges[],2,0)<=BJ10,VLOOKUP($E$2,Theme_Ranges[],3,0)>=BJ10),FALSE),IFERROR(AND(VLOOKUP($E$3,Theme_Ranges[],2,0)<=BJ10,VLOOKUP($E$3,Theme_Ranges[],3,0)>=BJ10),FALSE)),BJ10,"") | ... AN10: =IF(OR(IFERROR(AND(VLOOKUP($E$2,Theme_Ranges[],2,0)<=CJ10,VLOOKUP($E$2,Theme_Ranges[],3,0)>=CJ10),FALSE),IFERROR(AND(VLOOKUP($E$3,Theme_Ranges[],2,0)<=CJ10,VLOOKUP($E$3,Theme_Ranges[],3,0)>=CJ10),FALSE)),CJ10,"") | AP10: =IF(D10="","",COUNTIF($G10:$O10,"<="&AV10)) | AQ10: =IF(D10="","",COUNTIF($P10:$W10,"<="&AV10)) | AR10: =IF(D10="","",COUNTIF($X10:$AF10,"<="&AV10)) | AS10: =IF(D10="","",COUNTIF($AG10:$AN10,"<="&AV10)) | AV10: =VLOOKUP($AV$8,Theme_Ranges[],3,0) -> 5 | AW10: =IF(D10="",0,1) -> 0 | AX10: =IF(COUNTIF($G10:$O10,"<="&AV10)>0,1,0) -> 0 | AY10: =IF(COUNTIF($P10:$W10,"<="&AV10)>0,1,0) -> 0 | AZ10: =IF(COUNTIF($X10:$AF10,"<="&AV10)>0,1,0) -> 0 | BA10: =IF(COUNTIF($AG10:$AN10,"<="&AV10)>0,1,0) -> 0 | BC10: =IF($D10="","",VLOOKUP($A10&G$6,Data_Table_1[[Full Name Theme Conc]:[Theme Ranking]],8,0)) | BD10: =IF($D10="","",VLOOKUP($A10&H$6,Data_Table_1[[Full Name Theme Conc]:[Theme Ranking]],8,0)) | BE10: =IF($D10="","",VLOOKUP($A10&I$6,Data_Table_1[[Full Name Theme Conc]:[Theme Ranking]],8,0)) | BF10: =IF($D10="","",VLOOKUP($A10&J$6,Data_Table_1[[Full Name Theme Conc]:[Theme Ranking]],8,0)) | BG10: =IF($D10="","",VLOOKUP($A10&K$6,Data_Table_1[[Full Name Theme Conc]:[Theme Ranking]],8,0)) | BH10: =IF($D10="","",VLOOKUP($A10&L$6,Data_Table_1[[Full Name Theme Conc]:[Theme Ranking]],8,0)) | BI10: =IF($D10="","",VLOOKUP($A10&M$6,Data_Table_1[[Full Name Theme Conc]:[Theme Ranking]],8,0)) | BJ10: =IF($D10="","",VLOOKUP($A10&N$6,Data_Table_1[[Full Name Theme Conc]:[Theme Ranking]],8,0)) | ... CJ10: =IF($D10="","",VLOOKUP($A10&AN$6,Data_Table_1[[Full Name Theme Conc]:[Theme Ranking]],8,0)) | CM10: =IF(AND(VLOOKUP($E$2,Theme_Ranges[],2,0)<=BC10,VLOOKUP($E$2,Theme_Ranges[],3,0)>=BC10),BC10,"") | CN10: =IF(AND(VLOOKUP($E$2,Theme_Ranges[],2,0)<=BD10,VLOOKUP($E$2,Theme_Ranges[],3,0)>=BD10),BD10,"") | CO10: =IF(AND(VLOOKUP($E$2,Theme_Ranges[],2,0)<=BE10,VLOOKUP($E$2,Theme_Ranges[],3,0)>=BE10),BE10,"") | CP10: =IF(AND(VLOOKUP($E$2,Theme_Ranges[],2,0)<=BF10,VLOOKUP($E$2,Theme_Ranges[],3,0)>=BF10),BF10,"") | CQ10: =IF(AND(VLOOKUP($E$2,Theme_Ranges[],2,0)<=BG10,VLOOKUP($E$2,Theme_Ranges[],3,0)>=BG10),BG10,"") | CR10: =IF(AND(VLOOKUP($E$2,Theme_Ranges[],2,0)<=BH10,VLOOKUP($E$2,Theme_Ranges[],3,0)>=BH10),BH10,"") | CS10: =IF(AND(VLOOKUP($E$2,Theme_Ranges[],2,0)<=BI10,VLOOKUP($E$2,Theme_Ranges[],3,0)>=BI10),BI10,"") | CT10: =IF(AND(VLOOKUP($E$2,Theme_Ranges[],2,0)<=BJ10,VLOOKUP($E$2,Theme_Ranges[],3,0)>=BJ10),BJ10,"") | ... DT10: =IF(AND(VLOOKUP($E$2,Theme_Ranges[],2,0)<=CJ10,VLOOKUP($E$2,Theme_Ranges[],3,0)>=CJ10),CJ10,"")
A11: =D11&" "&E11 | B11: =IF('Raw Data'!B6="","",'Raw Data'!B6) | C11: =IF('Raw Data'!C6="","",'Raw Data'!C6) | D11: =IF('Raw Data'!D6="","",'Raw Data'!D6) | E11: =IF('Raw Data'!E6="","",'Raw Data'!E6) | G11: =IF(OR(IFERROR(AND(VLOOKUP($E$2,Theme_Ranges[],2,0)<=BC11,VLOOKUP($E$2,Theme_Ranges[],3,0)>=BC11),FALSE),IFERROR(AND(VLOOKUP($E$3,Theme_Ranges[],2,0)<=BC11,VLOOKUP($E$3,Theme_Ranges[],3,0)>=BC11),FALSE)),BC11,"") | H11: =IF(OR(IFERROR(AND(VLOOKUP($E$2,Theme_Ranges[],2,0)<=BD11,VLOOKUP($E$2,Theme_Ranges[],3,0)>=BD11),FALSE),IFERROR(AND(VLOOKUP($E$3,Theme_Ranges[],2,0)<=BD11,VLOOKUP($E$3,Theme_Ranges[],3,0)>=BD11),FALSE)),BD11,"") | I11: =IF(OR(IFERROR(AND(VLOOKUP($E$2,Theme_Ranges[],2,0)<=BE11,VLOOKUP($E$2,Theme_Ranges[],3,0)>=BE11),FALSE),IFERROR(AND(VLOOKUP($E$3,Theme_Ranges[],2,0)<=BE11,VLOOKUP($E$3,Theme_Ranges[],3,0)>=BE11),FALSE)),BE11,"") | J11: =IF(OR(IFERROR(AND(VLOOKUP($E$2,Theme_Ranges[],2,0)<=BF11,VLOOKUP($E$2,Theme_Ranges[],3,0)>=BF11),FALSE),IFERROR(AND(VLOOKUP($E$3,Theme_Ranges[],2,0)<=BF11,VLOOKUP($E$3,Theme_Ranges[],3,0)>=BF11),FALSE)),BF11,"") | K11: =IF(OR(IFERROR(AND(VLOOKUP($E$2,Theme_Ranges[],2,0)<=BG11,VLOOKUP($E$2,Theme_Ranges[],3,0)>=BG11),FALSE),IFERROR(AND(VLOOKUP($E$3,Theme_Ranges[],2,0)<=BG11,VLOOKUP($E$3,Theme_Ranges[],3,0)>=BG11),FALSE)),BG11,"") | L11: =IF(OR(IFERROR(AND(VLOOKUP($E$2,Theme_Ranges[],2,0)<=BH11,VLOOKUP($E$2,Theme_Ranges[],3,0)>=BH11),FALSE),IFERROR(AND(VLOOKUP($E$3,Theme_Ranges[],2,0)<=BH11,VLOOKUP($E$3,Theme_Ranges[],3,0)>=BH11),FALSE)),BH11,"") | M11: =IF(OR(IFERROR(AND(VLOOKUP($E$2,Theme_Ranges[],2,0)<=BI11,VLOOKUP($E$2,Theme_Ranges[],3,0)>=BI11),FALSE),IFERROR(AND(VLOOKUP($E$3,Theme_Ranges[],2,0)<=BI11,VLOOKUP($E$3,Theme_Ranges[],3,0)>=BI11),FALSE)),BI11,"") | N11: =IF(OR(IFERROR(AND(VLOOKUP($E$2,Theme_Ranges[],2,0)<=BJ11,VLOOKUP($E$2,Theme_Ranges[],3,0)>=BJ11),FALSE),IFERROR(AND(VLOOKUP($E$3,Theme_Ranges[],2,0)<=BJ11,VLOOKUP($E$3,Theme_Ranges[],3,0)>=BJ11),FALSE)),BJ11,"") | ... AN11: =IF(OR(IFERROR(AND(VLOOKUP($E$2,Theme_Ranges[],2,0)<=CJ11,VLOOKUP($E$2,Theme_Ranges[],3,0)>=CJ11),FALSE),IFERROR(AND(VLOOKUP($E$3,Theme_Ranges[],2,0)<=CJ11,VLOOKUP($E$3,Theme_Ranges[],3,0)>=CJ11),FALSE)),CJ11,"") | AP11: =IF(D11="","",COUNTIF($G11:$O11,"<="&AV11)) | AQ11: =IF(D11="","",COUNTIF($P11:$W11,"<="&AV11)) | AR11: =IF(D11="","",COUNTIF($X11:$AF11,"<="&AV11)) | AS11: =IF(D11="","",COUNTIF($AG11:$AN11,"<="&AV11)) | AV11: =VLOOKUP($AV$8,Theme_Ranges[],3,0) -> 5 | AW11: =IF(D11="",0,1) -> 0 | AX11: =IF(COUNTIF($G11:$O11,"<="&AV11)>0,1,0) -> 0 | AY11: =IF(COUNTIF($P11:$W11,"<="&AV11)>0,1,0) -> 0 | AZ11: =IF(COUNTIF($X11:$AF11,"<="&AV11)>0,1,0) -> 0 | BA11: =IF(COUNTIF($AG11:$AN11,"<="&AV11)>0,1,0) -> 0 | BC11: =IF($D11="","",VLOOKUP($A11&G$6,Data_Table_1[[Full Name Theme Conc]:[Theme Ranking]],8,0)) | BD11: =IF($D11="","",VLOOKUP($A11&H$6,Data_Table_1[[Full Name Theme Conc]:[Theme Ranking]],8,0)) | BE11: =IF($D11="","",VLOOKUP($A11&I$6,Data_Table_1[[Full Name Theme Conc]:[Theme Ranking]],8,0)) | BF11: =IF($D11="","",VLOOKUP($A11&J$6,Data_Table_1[[Full Name Theme Conc]:[Theme Ranking]],8,0)) | BG11: =IF($D11="","",VLOOKUP($A11&K$6,Data_Table_1[[Full Name Theme Conc]:[Theme Ranking]],8,0)) | BH11: =IF($D11="","",VLOOKUP($A11&L$6,Data_Table_1[[Full Name Theme Conc]:[Theme Ranking]],8,0)) | BI11: =IF($D11="","",VLOOKUP($A11&M$6,Data_Table_1[[Full Name Theme Conc]:[Theme Ranking]],8,0)) | BJ11: =IF($D11="","",VLOOKUP($A11&N$6,Data_Table_1[[Full Name Theme Conc]:[Theme Ranking]],8,0)) | ... CJ11: =IF($D11="","",VLOOKUP($A11&AN$6,Data_Table_1[[Full Name Theme Conc]:[Theme Ranking]],8,0)) | CM11: =IF(AND(VLOOKUP($E$2,Theme_Ranges[],2,0)<=BC11,VLOOKUP($E$2,Theme_Ranges[],3,0)>=BC11),BC11,"") | CN11: =IF(AND(VLOOKUP($E$2,Theme_Ranges[],2,0)<=BD11,VLOOKUP($E$2,Theme_Ranges[],3,0)>=BD11),BD11,"") | CO11: =IF(AND(VLOOKUP($E$2,Theme_Ranges[],2,0)<=BE11,VLOOKUP($E$2,Theme_Ranges[],3,0)>=BE11),BE11,"") | CP11: =IF(AND(VLOOKUP($E$2,Theme_Ranges[],2,0)<=BF11,VLOOKUP($E$2,Theme_Ranges[],3,0)>=BF11),BF11,"") | CQ11: =IF(AND(VLOOKUP($E$2,Theme_Ranges[],2,0)<=BG11,VLOOKUP($E$2,Theme_Ranges[],3,0)>=BG11),BG11,"") | CR11: =IF(AND(VLOOKUP($E$2,Theme_Ranges[],2,0)<=BH11,VLOOKUP($E$2,Theme_Ranges[],3,0)>=BH11),BH11,"") | CS11: =IF(AND(VLOOKUP($E$2,Theme_Ranges[],2,0)<=BI11,VLOOKUP($E$2,Theme_Ranges[],3,0)>=BI11),BI11,"") | CT11: =IF(AND(VLOOKUP($E$2,Theme_Ranges[],2,0)<=BJ11,VLOOKUP($E$2,Theme_Ranges[],3,0)>=BJ11),BJ11,"") | ... DT11: =IF(AND(VLOOKUP($E$2,Theme_Ranges[],2,0)<=CJ11,VLOOKUP($E$2,Theme_Ranges[],3,0)>=CJ11),CJ11,"")
A12: =D12&" "&E12 | B12: =IF('Raw Data'!B7="","",'Raw Data'!B7) | C12: =IF('Raw Data'!C7="","",'Raw Data'!C7) | D12: =IF('Raw Data'!D7="","",'Raw Data'!D7) | E12: =IF('Raw Data'!E7="","",'Raw Data'!E7) | G12: =IF(OR(IFERROR(AND(VLOOKUP($E$2,Theme_Ranges[],2,0)<=BC12,VLOOKUP($E$2,Theme_Ranges[],3,0)>=BC12),FALSE),IFERROR(AND(VLOOKUP($E$3,Theme_Ranges[],2,0)<=BC12,VLOOKUP($E$3,Theme_Ranges[],3,0)>=BC12),FALSE)),BC12,"") | H12: =IF(OR(IFERROR(AND(VLOOKUP($E$2,Theme_Ranges[],2,0)<=BD12,VLOOKUP($E$2,Theme_Ranges[],3,0)>=BD12),FALSE),IFERROR(AND(VLOOKUP($E$3,Theme_Ranges[],2,0)<=BD12,VLOOKUP($E$3,Theme_Ranges[],3,0)>=BD12),FALSE)),BD12,"") | I12: =IF(OR(IFERROR(AND(VLOOKUP($E$2,Theme_Ranges[],2,0)<=BE12,VLOOKUP($E$2,Theme_Ranges[],3,0)>=BE12),FALSE),IFERROR(AND(VLOOKUP($E$3,Theme_Ranges[],2,0)<=BE12,VLOOKUP($E$3,Theme_Ranges[],3,0)>=BE12),FALSE)),BE12,"") | J12: =IF(OR(IFERROR(AND(VLOOKUP($E$2,Theme_Ranges[],2,0)<=BF12,VLOOKUP($E$2,Theme_Ranges[],3,0)>=BF12),FALSE),IFERROR(AND(VLOOKUP($E$3,Theme_Ranges[],2,0)<=BF12,VLOOKUP($E$3,Theme_Ranges[],3,0)>=BF12),FALSE)),BF12,"") | K12: =IF(OR(IFERROR(AND(VLOOKUP($E$2,Theme_Ranges[],2,0)<=BG12,VLOOKUP($E$2,Theme_Ranges[],3,0)>=BG12),FALSE),IFERROR(AND(VLOOKUP($E$3,Theme_Ranges[],2,0)<=BG12,VLOOKUP($E$3,Theme_Ranges[],3,0)>=BG12),FALSE)),BG12,"") | L12: =IF(OR(IFERROR(AND(VLOOKUP($E$2,Theme_Ranges[],2,0)<=BH12,VLOOKUP($E$2,Theme_Ranges[],3,0)>=BH12),FALSE),IFERROR(AND(VLOOKUP($E$3,Theme_Ranges[],2,0)<=BH12,VLOOKUP($E$3,Theme_Ranges[],3,0)>=BH12),FALSE)),BH12,"") | M12: =IF(OR(IFERROR(AND(VLOOKUP($E$2,Theme_Ranges[],2,0)<=BI12,VLOOKUP($E$2,Theme_Ranges[],3,0)>=BI12),FALSE),IFERROR(AND(VLOOKUP($E$3,Theme_Ranges[],2,0)<=BI12,VLOOKUP($E$3,Theme_Ranges[],3,0)>=BI12),FALSE)),BI12,"") | N12: =IF(OR(IFERROR(AND(VLOOKUP($E$2,Theme_Ranges[],2,0)<=BJ12,VLOOKUP($E$2,Theme_Ranges[],3,0)>=BJ12),FALSE),IFERROR(AND(VLOOKUP($E$3,Theme_Ranges[],2,0)<=BJ12,VLOOKUP($E$3,Theme_Ranges[],3,0)>=BJ12),FALSE)),BJ12,"") | ... AN12: =IF(OR(IFERROR(AND(VLOOKUP($E$2,Theme_Ranges[],2,0)<=CJ12,VLOOKUP($E$2,Theme_Ranges[],3,0)>=CJ12),FALSE),IFERROR(AND(VLOOKUP($E$3,Theme_Ranges[],2,0)<=CJ12,VLOOKUP($E$3,Theme_Ranges[],3,0)>=CJ12),FALSE)),CJ12,"") | AP12: =IF(D12="","",COUNTIF($G12:$O12,"<="&AV12)) | AQ12: =IF(D12="","",COUNTIF($P12:$W12,"<="&AV12)) | AR12: =IF(D12="","",COUNTIF($X12:$AF12,"<="&AV12)) | AS12: =IF(D12="","",COUNTIF($AG12:$AN12,"<="&AV12)) | AV12: =VLOOKUP($AV$8,Theme_Ranges[],3,0) -> 5 | AW12: =IF(D12="",0,1) -> 0 | AX12: =IF(COUNTIF($G12:$O12,"<="&AV12)>0,1,0) -> 0 | AY12: =IF(COUNTIF($P12:$W12,"<="&AV12)>0,1,0) -> 0 | AZ12: =IF(COUNTIF($X12:$AF12,"<="&AV12)>0,1,0) -> 0 | BA12: =IF(COUNTIF($AG12:$AN12,"<="&AV12)>0,1,0) -> 0 | BC12: =IF($D12="","",VLOOKUP($A12&G$6,Data_Table_1[[Full Name Theme Conc]:[Theme Ranking]],8,0)) | BD12: =IF($D12="","",VLOOKUP($A12&H$6,Data_Table_1[[Full Name Theme Conc]:[Theme Ranking]],8,0)) | BE12: =IF($D12="","",VLOOKUP($A12&I$6,Data_Table_1[[Full Name Theme Conc]:[Theme Ranking]],8,0)) | BF12: =IF($D12="","",VLOOKUP($A12&J$6,Data_Table_1[[Full Name Theme Conc]:[Theme Ranking]],8,0)) | BG12: =IF($D12="","",VLOOKUP($A12&K$6,Data_Table_1[[Full Name Theme Conc]:[Theme Ranking]],8,0)) | BH12: =IF($D12="","",VLOOKUP($A12&L$6,Data_Table_1[[Full Name Theme Conc]:[Theme Ranking]],8,0)) | BI12: =IF($D12="","",VLOOKUP($A12&M$6,Data_Table_1[[Full Name Theme Conc]:[Theme Ranking]],8,0)) | BJ12: =IF($D12="","",VLOOKUP($A12&N$6,Data_Table_1[[Full Name Theme Conc]:[Theme Ranking]],8,0)) | ... CJ12: =IF($D12="","",VLOOKUP($A12&AN$6,Data_Table_1[[Full Name Theme Conc]:[Theme Ranking]],8,0)) | CM12: =IF(AND(VLOOKUP($E$2,Theme_Ranges[],2,0)<=BC12,VLOOKUP($E$2,Theme_Ranges[],3,0)>=BC12),BC12,"") | CN12: =IF(AND(VLOOKUP($E$2,Theme_Ranges[],2,0)<=BD12,VLOOKUP($E$2,Theme_Ranges[],3,0)>=BD12),BD12,"") | CO12: =IF(AND(VLOOKUP($E$2,Theme_Ranges[],2,0)<=BE12,VLOOKUP($E$2,Theme_Ranges[],3,0)>=BE12),BE12,"") | CP12: =IF(AND(VLOOKUP($E$2,Theme_Ranges[],2,0)<=BF12,VLOOKUP($E$2,Theme_Ranges[],3,0)>=BF12),BF12,"") | CQ12: =IF(AND(VLOOKUP($E$2,Theme_Ranges[],2,0)<=BG12,VLOOKUP($E$2,Theme_Ranges[],3,0)>=BG12),BG12,"") | CR12: =IF(AND(VLOOKUP($E$2,Theme_Ranges[],2,0)<=BH12,VLOOKUP($E$2,Theme_Ranges[],3,0)>=BH12),BH12,"") | CS12: =IF(AND(VLOOKUP($E$2,Theme_Ranges[],2,0)<=BI12,VLOOKUP($E$2,Theme_Ranges[],3,0)>=BI12),BI12,"") | CT12: =IF(AND(VLOOKUP($E$2,Theme_Ranges[],2,0)<=BJ12,VLOOKUP($E$2,Theme_Ranges[],3,0)>=BJ12),BJ12,"") | ... DT12: =IF(AND(VLOOKUP($E$2,Theme_Ranges[],2,0)<=CJ12,VLOOKUP($E$2,Theme_Ranges[],3,0)>=CJ12),CJ12,"")
A13: =D13&" "&E13 | B13: =IF('Raw Data'!B8="","",'Raw Data'!B8) | C13: =IF('Raw Data'!C8="","",'Raw Data'!C8) | D13: =IF('Raw Data'!D8="","",'Raw Data'!D8) | E13: =IF('Raw Data'!E8="","",'Raw Data'!E8) | G13: =IF(OR(IFERROR(AND(VLOOKUP($E$2,Theme_Ranges[],2,0)<=BC13,VLOOKUP($E$2,Theme_Ranges[],3,0)>=BC13),FALSE),IFERROR(AND(VLOOKUP($E$3,Theme_Ranges[],2,0)<=BC13,VLOOKUP($E$3,Theme_Ranges[],3,0)>=BC13),FALSE)),BC13,"") | H13: =IF(OR(IFERROR(AND(VLOOKUP($E$2,Theme_Ranges[],2,0)<=BD13,VLOOKUP($E$2,Theme_Ranges[],3,0)>=BD13),FALSE),IFERROR(AND(VLOOKUP($E$3,Theme_Ranges[],2,0)<=BD13,VLOOKUP($E$3,Theme_Ranges[],3,0)>=BD13),FALSE)),BD13,"") | I13: =IF(OR(IFERROR(AND(VLOOKUP($E$2,Theme_Ranges[],2,0)<=BE13,VLOOKUP($E$2,Theme_Ranges[],3,0)>=BE13),FALSE),IFERROR(AND(VLOOKUP($E$3,Theme_Ranges[],2,0)<=BE13,VLOOKUP($E$3,Theme_Ranges[],3,0)>=BE13),FALSE)),BE13,"") | J13: =IF(OR(IFERROR(AND(VLOOKUP($E$2,Theme_Ranges[],2,0)<=BF13,VLOOKUP($E$2,Theme_Ranges[],3,0)>=BF13),FALSE),IFERROR(AND(VLOOKUP($E$3,Theme_Ranges[],2,0)<=BF13,VLOOKUP($E$3,Theme_Ranges[],3,0)>=BF13),FALSE)),BF13,"") | K13: =IF(OR(IFERROR(AND(VLOOKUP($E$2,Theme_Ranges[],2,0)<=BG13,VLOOKUP($E$2,Theme_Ranges[],3,0)>=BG13),FALSE),IFERROR(AND(VLOOKUP($E$3,Theme_Ranges[],2,0)<=BG13,VLOOKUP($E$3,Theme_Ranges[],3,0)>=BG13),FALSE)),BG13,"") | L13: =IF(OR(IFERROR(AND(VLOOKUP($E$2,Theme_Ranges[],2,0)<=BH13,VLOOKUP($E$2,Theme_Ranges[],3,0)>=BH13),FALSE),IFERROR(AND(VLOOKUP($E$3,Theme_Ranges[],2,0)<=BH13,VLOOKUP($E$3,Theme_Ranges[],3,0)>=BH13),FALSE)),BH13,"") | M13: =IF(OR(IFERROR(AND(VLOOKUP($E$2,Theme_Ranges[],2,0)<=BI13,VLOOKUP($E$2,Theme_Ranges[],3,0)>=BI13),FALSE),IFERROR(AND(VLOOKUP($E$3,Theme_Ranges[],2,0)<=BI13,VLOOKUP($E$3,Theme_Ranges[],3,0)>=BI13),FALSE)),BI13,"") | N13: =IF(OR(IFERROR(AND(VLOOKUP($E$2,Theme_Ranges[],2,0)<=BJ13,VLOOKUP($E$2,Theme_Ranges[],3,0)>=BJ13),FALSE),IFERROR(AND(VLOOKUP($E$3,Theme_Ranges[],2,0)<=BJ13,VLOOKUP($E$3,Theme_Ranges[],3,0)>=BJ13),FALSE)),BJ13,"") | ... AN13: =IF(OR(IFERROR(AND(VLOOKUP($E$2,Theme_Ranges[],2,0)<=CJ13,VLOOKUP($E$2,Theme_Ranges[],3,0)>=CJ13),FALSE),IFERROR(AND(VLOOKUP($E$3,Theme_Ranges[],2,0)<=CJ13,VLOOKUP($E$3,Theme_Ranges[],3,0)>=CJ13),FALSE)),CJ13,"") | AP13: =IF(D13="","",COUNTIF($G13:$O13,"<="&AV13)) | AQ13: =IF(D13="","",COUNTIF($P13:$W13,"<="&AV13)) | AR13: =IF(D13="","",COUNTIF($X13:$AF13,"<="&AV13)) | AS13: =IF(D13="","",COUNTIF($AG13:$AN13,"<="&AV13)) | AV13: =VLOOKUP($AV$8,Theme_Ranges[],3,0) -> 5 | AW13: =IF(D13="",0,1) -> 0 | AX13: =IF(COUNTIF($G13:$O13,"<="&AV13)>0,1,0) -> 0 | AY13: =IF(COUNTIF($P13:$W13,"<="&AV13)>0,1,0) -> 0 | AZ13: =IF(COUNTIF($X13:$AF13,"<="&AV13)>0,1,0) -> 0 | BA13: =IF(COUNTIF($AG13:$AN13,"<="&AV13)>0,1,0) -> 0 | BC13: =IF($D13="","",VLOOKUP($A13&G$6,Data_Table_1[[Full Name Theme Conc]:[Theme Ranking]],8,0)) | BD13: =IF($D13="","",VLOOKUP($A13&H$6,Data_Table_1[[Full Name Theme Conc]:[Theme Ranking]],8,0)) | BE13: =IF($D13="","",VLOOKUP($A13&I$6,Data_Table_1[[Full Name Theme Conc]:[Theme Ranking]],8,0)) | BF13: =IF($D13="","",VLOOKUP($A13&J$6,Data_Table_1[[Full Name Theme Conc]:[Theme Ranking]],8,0)) | BG13: =IF($D13="","",VLOOKUP($A13&K$6,Data_Table_1[[Full Name Theme Conc]:[Theme Ranking]],8,0)) | BH13: =IF($D13="","",VLOOKUP($A13&L$6,Data_Table_1[[Full Name Theme Conc]:[Theme Ranking]],8,0)) | BI13: =IF($D13="","",VLOOKUP($A13&M$6,Data_Table_1[[Full Name Theme Conc]:[Theme Ranking]],8,0)) | BJ13: =IF($D13="","",VLOOKUP($A13&N$6,Data_Table_1[[Full Name Theme Conc]:[Theme Ranking]],8,0)) | ... CJ13: =IF($D13="","",VLOOKUP($A13&AN$6,Data_Table_1[[Full Name Theme Conc]:[Theme Ranking]],8,0)) | CM13: =IF(AND(VLOOKUP($E$2,Theme_Ranges[],2,0)<=BC13,VLOOKUP($E$2,Theme_Ranges[],3,0)>=BC13),BC13,"") | CN13: =IF(AND(VLOOKUP($E$2,Theme_Ranges[],2,0)<=BD13,VLOOKUP($E$2,Theme_Ranges[],3,0)>=BD13),BD13,"") | CO13: =IF(AND(VLOOKUP($E$2,Theme_Ranges[],2,0)<=BE13,VLOOKUP($E$2,Theme_Ranges[],3,0)>=BE13),BE13,"") | CP13: =IF(AND(VLOOKUP($E$2,Theme_Ranges[],2,0)<=BF13,VLOOKUP($E$2,Theme_Ranges[],3,0)>=BF13),BF13,"") | CQ13: =IF(AND(VLOOKUP($E$2,Theme_Ranges[],2,0)<=BG13,VLOOKUP($E$2,Theme_Ranges[],3,0)>=BG13),BG13,"") | CR13: =IF(AND(VLOOKUP($E$2,Theme_Ranges[],2,0)<=BH13,VLOOKUP($E$2,Theme_Ranges[],3,0)>=BH13),BH13,"") | CS13: =IF(AND(VLOOKUP($E$2,Theme_Ranges[],2,0)<=BI13,VLOOKUP($E$2,Theme_Ranges[],3,0)>=BI13),BI13,"") | CT13: =IF(AND(VLOOKUP($E$2,Theme_Ranges[],2,0)<=BJ13,VLOOKUP($E$2,Theme_Ranges[],3,0)>=BJ13),BJ13,"") | ... DT13: =IF(AND(VLOOKUP($E$2,Theme_Ranges[],2,0)<=CJ13,VLOOKUP($E$2,Theme_Ranges[],3,0)>=CJ13),CJ13,"")
A14: =D14&" "&E14 | B14: =IF('Raw Data'!B9="","",'Raw Data'!B9) | C14: =IF('Raw Data'!C9="","",'Raw Data'!C9) | D14: =IF('Raw Data'!D9="","",'Raw Data'!D9) | E14: =IF('Raw Data'!E9="","",'Raw Data'!E9) | G14: =IF(OR(IFERROR(AND(VLOOKUP($E$2,Theme_Ranges[],2,0)<=BC14,VLOOKUP($E$2,Theme_Ranges[],3,0)>=BC14),FALSE),IFERROR(AND(VLOOKUP($E$3,Theme_Ranges[],2,0)<=BC14,VLOOKUP($E$3,Theme_Ranges[],3,0)>=BC14),FALSE)),BC14,"") | H14: =IF(OR(IFERROR(AND(VLOOKUP($E$2,Theme_Ranges[],2,0)<=BD14,VLOOKUP($E$2,Theme_Ranges[],3,0)>=BD14),FALSE),IFERROR(AND(VLOOKUP($E$3,Theme_Ranges[],2,0)<=BD14,VLOOKUP($E$3,Theme_Ranges[],3,0)>=BD14),FALSE)),BD14,"") | I14: =IF(OR(IFERROR(AND(VLOOKUP($E$2,Theme_Ranges[],2,0)<=BE14,VLOOKUP($E$2,Theme_Ranges[],3,0)>=BE14),FALSE),IFERROR(AND(VLOOKUP($E$3,Theme_Ranges[],2,0)<=BE14,VLOOKUP($E$3,Theme_Ranges[],3,0)>=BE14),FALSE)),BE14,"") | J14: =IF(OR(IFERROR(AND(VLOOKUP($E$2,Theme_Ranges[],2,0)<=BF14,VLOOKUP($E$2,Theme_Ranges[],3,0)>=BF14),FALSE),IFERROR(AND(VLOOKUP($E$3,Theme_Ranges[],2,0)<=BF14,VLOOKUP($E$3,Theme_Ranges[],3,0)>=BF14),FALSE)),BF14,"") | K14: =IF(OR(IFERROR(AND(VLOOKUP($E$2,Theme_Ranges[],2,0)<=BG14,VLOOKUP($E$2,Theme_Ranges[],3,0)>=BG14),FALSE),IFERROR(AND(VLOOKUP($E$3,Theme_Ranges[],2,0)<=BG14,VLOOKUP($E$3,Theme_Ranges[],3,0)>=BG14),FALSE)),BG14,"") | L14: =IF(OR(IFERROR(AND(VLOOKUP($E$2,Theme_Ranges[],2,0)<=BH14,VLOOKUP($E$2,Theme_Ranges[],3,0)>=BH14),FALSE),IFERROR(AND(VLOOKUP($E$3,Theme_Ranges[],2,0)<=BH14,VLOOKUP($E$3,Theme_Ranges[],3,0)>=BH14),FALSE)),BH14,"") | M14: =IF(OR(IFERROR(AND(VLOOKUP($E$2,Theme_Ranges[],2,0)<=BI14,VLOOKUP($E$2,Theme_Ranges[],3,0)>=BI14),FALSE),IFERROR(AND(VLOOKUP($E$3,Theme_Ranges[],2,0)<=BI14,VLOOKUP($E$3,Theme_Ranges[],3,0)>=BI14),FALSE)),BI14,"") | N14: =IF(OR(IFERROR(AND(VLOOKUP($E$2,Theme_Ranges[],2,0)<=BJ14,VLOOKUP($E$2,Theme_Ranges[],3,0)>=BJ14),FALSE),IFERROR(AND(VLOOKUP($E$3,Theme_Ranges[],2,0)<=BJ14,VLOOKUP($E$3,Theme_Ranges[],3,0)>=BJ14),FALSE)),BJ14,"") | ... AN14: =IF(OR(IFERROR(AND(VLOOKUP($E$2,Theme_Ranges[],2,0)<=CJ14,VLOOKUP($E$2,Theme_Ranges[],3,0)>=CJ14),FALSE),IFERROR(AND(VLOOKUP($E$3,Theme_Ranges[],2,0)<=CJ14,VLOOKUP($E$3,Theme_Ranges[],3,0)>=CJ14),FALSE)),CJ14,"") | AP14: =IF(D14="","",COUNTIF($G14:$O14,"<="&AV14)) | AQ14: =IF(D14="","",COUNTIF($P14:$W14,"<="&AV14)) | AR14: =IF(D14="","",COUNTIF($X14:$AF14,"<="&AV14)) | AS14: =IF(D14="","",COUNTIF($AG14:$AN14,"<="&AV14)) | AV14: =VLOOKUP($AV$8,Theme_Ranges[],3,0) -> 5 | AW14: =IF(D14="",0,1) -> 0 | AX14: =IF(COUNTIF($G14:$O14,"<="&AV14)>0,1,0) -> 0 | AY14: =IF(COUNTIF($P14:$W14,"<="&AV14)>0,1,0) -> 0 | AZ14: =IF(COUNTIF($X14:$AF14,"<="&AV14)>0,1,0) -> 0 | BA14: =IF(COUNTIF($AG14:$AN14,"<="&AV14)>0,1,0) -> 0 | BC14: =IF($D14="","",VLOOKUP($A14&G$6,Data_Table_1[[Full Name Theme Conc]:[Theme Ranking]],8,0)) | BD14: =IF($D14="","",VLOOKUP($A14&H$6,Data_Table_1[[Full Name Theme Conc]:[Theme Ranking]],8,0)) | BE14: =IF($D14="","",VLOOKUP($A14&I$6,Data_Table_1[[Full Name Theme Conc]:[Theme Ranking]],8,0)) | BF14: =IF($D14="","",VLOOKUP($A14&J$6,Data_Table_1[[Full Name Theme Conc]:[Theme Ranking]],8,0)) | BG14: =IF($D14="","",VLOOKUP($A14&K$6,Data_Table_1[[Full Name Theme Conc]:[Theme Ranking]],8,0)) | BH14: =IF($D14="","",VLOOKUP($A14&L$6,Data_Table_1[[Full Name Theme Conc]:[Theme Ranking]],8,0)) | BI14: =IF($D14="","",VLOOKUP($A14&M$6,Data_Table_1[[Full Name Theme Conc]:[Theme Ranking]],8,0)) | BJ14: =IF($D14="","",VLOOKUP($A14&N$6,Data_Table_1[[Full Name Theme Conc]:[Theme Ranking]],8,0)) | ... CJ14: =IF($D14="","",VLOOKUP($A14&AN$6,Data_Table_1[[Full Name Theme Conc]:[Theme Ranking]],8,0)) | CM14: =IF(AND(VLOOKUP($E$2,Theme_Ranges[],2,0)<=BC14,VLOOKUP($E$2,Theme_Ranges[],3,0)>=BC14),BC14,"") | CN14: =IF(AND(VLOOKUP($E$2,Theme_Ranges[],2,0)<=BD14,VLOOKUP($E$2,Theme_Ranges[],3,0)>=BD14),BD14,"") | CO14: =IF(AND(VLOOKUP($E$2,Theme_Ranges[],2,0)<=BE14,VLOOKUP($E$2,Theme_Ranges[],3,0)>=BE14),BE14,"") | CP14: =IF(AND(VLOOKUP($E$2,Theme_Ranges[],2,0)<=BF14,VLOOKUP($E$2,Theme_Ranges[],3,0)>=BF14),BF14,"") | CQ14: =IF(AND(VLOOKUP($E$2,Theme_Ranges[],2,0)<=BG14,VLOOKUP($E$2,Theme_Ranges[],3,0)>=BG14),BG14,"") | CR14: =IF(AND(VLOOKUP($E$2,Theme_Ranges[],2,0)<=BH14,VLOOKUP($E$2,Theme_Ranges[],3,0)>=BH14),BH14,"") | CS14: =IF(AND(VLOOKUP($E$2,Theme_Ranges[],2,0)<=BI14,VLOOKUP($E$2,Theme_Ranges[],3,0)>=BI14),BI14,"") | CT14: =IF(AND(VLOOKUP($E$2,Theme_Ranges[],2,0)<=BJ14,VLOOKUP($E$2,Theme_Ranges[],3,0)>=BJ14),BJ14,"") | ... DT14: =IF(AND(VLOOKUP($E$2,Theme_Ranges[],2,0)<=CJ14,VLOOKUP($E$2,Theme_Ranges[],3,0)>=CJ14),CJ14,"")
A15: =D15&" "&E15 | B15: =IF('Raw Data'!B10="","",'Raw Data'!B10) | C15: =IF('Raw Data'!C10="","",'Raw Data'!C10) | D15: =IF('Raw Data'!D10="","",'Raw Data'!D10) | E15: =IF('Raw Data'!E10="","",'Raw Data'!E10) | G15: =IF(OR(IFERROR(AND(VLOOKUP($E$2,Theme_Ranges[],2,0)<=BC15,VLOOKUP($E$2,Theme_Ranges[],3,0)>=BC15),FALSE),IFERROR(AND(VLOOKUP($E$3,Theme_Ranges[],2,0)<=BC15,VLOOKUP($E$3,Theme_Ranges[],3,0)>=BC15),FALSE)),BC15,"") | H15: =IF(OR(IFERROR(AND(VLOOKUP($E$2,Theme_Ranges[],2,0)<=BD15,VLOOKUP($E$2,Theme_Ranges[],3,0)>=BD15),FALSE),IFERROR(AND(VLOOKUP($E$3,Theme_Ranges[],2,0)<=BD15,VLOOKUP($E$3,Theme_Ranges[],3,0)>=BD15),FALSE)),BD15,"") | I15: =IF(OR(IFERROR(AND(VLOOKUP($E$2,Theme_Ranges[],2,0)<=BE15,VLOOKUP($E$2,Theme_Ranges[],3,0)>=BE15),FALSE),IFERROR(AND(VLOOKUP($E$3,Theme_Ranges[],2,0)<=BE15,VLOOKUP($E$3,Theme_Ranges[],3,0)>=BE15),FALSE)),BE15,"") | J15: =IF(OR(IFERROR(AND(VLOOKUP($E$2,Theme_Ranges[],2,0)<=BF15,VLOOKUP($E$2,Theme_Ranges[],3,0)>=BF15),FALSE),IFERROR(AND(VLOOKUP($E$3,Theme_Ranges[],2,0)<=BF15,VLOOKUP($E$3,Theme_Ranges[],3,0)>=BF15),FALSE)),BF15,"") | K15: =IF(OR(IFERROR(AND(VLOOKUP($E$2,Theme_Ranges[],2,0)<=BG15,VLOOKUP($E$2,Theme_Ranges[],3,0)>=BG15),FALSE),IFERROR(AND(VLOOKUP($E$3,Theme_Ranges[],2,0)<=BG15,VLOOKUP($E$3,Theme_Ranges[],3,0)>=BG15),FALSE)),BG15,"") | L15: =IF(OR(IFERROR(AND(VLOOKUP($E$2,Theme_Ranges[],2,0)<=BH15,VLOOKUP($E$2,Theme_Ranges[],3,0)>=BH15),FALSE),IFERROR(AND(VLOOKUP($E$3,Theme_Ranges[],2,0)<=BH15,VLOOKUP($E$3,Theme_Ranges[],3,0)>=BH15),FALSE)),BH15,"") | M15: =IF(OR(IFERROR(AND(VLOOKUP($E$2,Theme_Ranges[],2,0)<=BI15,VLOOKUP($E$2,Theme_Ranges[],3,0)>=BI15),FALSE),IFERROR(AND(VLOOKUP($E$3,Theme_Ranges[],2,0)<=BI15,VLOOKUP($E$3,Theme_Ranges[],3,0)>=BI15),FALSE)),BI15,"") | N15: =IF(OR(IFERROR(AND(VLOOKUP($E$2,Theme_Ranges[],2,0)<=BJ15,VLOOKUP($E$2,Theme_Ranges[],3,0)>=BJ15),FALSE),IFERROR(AND(VLOOKUP($E$3,Theme_Ranges[],2,0)<=BJ15,VLOOKUP($E$3,Theme_Ranges[],3,0)>=BJ15),FALSE)),BJ15,"") | ... AN15: =IF(OR(IFERROR(AND(VLOOKUP($E$2,Theme_Ranges[],2,0)<=CJ15,VLOOKUP($E$2,Theme_Ranges[],3,0)>=CJ15),FALSE),IFERROR(AND(VLOOKUP($E$3,Theme_Ranges[],2,0)<=CJ15,VLOOKUP($E$3,Theme_Ranges[],3,0)>=CJ15),FALSE)),CJ15,"") | AP15: =IF(D15="","",COUNTIF($G15:$O15,"<="&AV15)) | AQ15: =IF(D15="","",COUNTIF($P15:$W15,"<="&AV15)) | AR15: =IF(D15="","",COUNTIF($X15:$AF15,"<="&AV15)) | AS15: =IF(D15="","",COUNTIF($AG15:$AN15,"<="&AV15)) | AV15: =VLOOKUP($AV$8,Theme_Ranges[],3,0) -> 5 | AW15: =IF(D15="",0,1) -> 0 | AX15: =IF(COUNTIF($G15:$O15,"<="&AV15)>0,1,0) -> 0 | AY15: =IF(COUNTIF($P15:$W15,"<="&AV15)>0,1,0) -> 0 | AZ15: =IF(COUNTIF($X15:$AF15,"<="&AV15)>0,1,0) -> 0 | BA15: =IF(COUNTIF($AG15:$AN15,"<="&AV15)>0,1,0) -> 0 | BC15: =IF($D15="","",VLOOKUP($A15&G$6,Data_Table_1[[Full Name Theme Conc]:[Theme Ranking]],8,0)) | BD15: =IF($D15="","",VLOOKUP($A15&H$6,Data_Table_1[[Full Name Theme Conc]:[Theme Ranking]],8,0)) | BE15: =IF($D15="","",VLOOKUP($A15&I$6,Data_Table_1[[Full Name Theme Conc]:[Theme Ranking]],8,0)) | BF15: =IF($D15="","",VLOOKUP($A15&J$6,Data_Table_1[[Full Name Theme Conc]:[Theme Ranking]],8,0)) | BG15: =IF($D15="","",VLOOKUP($A15&K$6,Data_Table_1[[Full Name Theme Conc]:[Theme Ranking]],8,0)) | BH15: =IF($D15="","",VLOOKUP($A15&L$6,Data_Table_1[[Full Name Theme Conc]:[Theme Ranking]],8,0)) | BI15: =IF($D15="","",VLOOKUP($A15&M$6,Data_Table_1[[Full Name Theme Conc]:[Theme Ranking]],8,0)) | BJ15: =IF($D15="","",VLOOKUP($A15&N$6,Data_Table_1[[Full Name Theme Conc]:[Theme Ranking]],8,0)) | ... CJ15: =IF($D15="","",VLOOKUP($A15&AN$6,Data_Table_1[[Full Name Theme Conc]:[Theme Ranking]],8,0)) | CM15: =IF(AND(VLOOKUP($E$2,Theme_Ranges[],2,0)<=BC15,VLOOKUP($E$2,Theme_Ranges[],3,0)>=BC15),BC15,"") | CN15: =IF(AND(VLOOKUP($E$2,Theme_Ranges[],2,0)<=BD15,VLOOKUP($E$2,Theme_Ranges[],3,0)>=BD15),BD15,"") | CO15: =IF(AND(VLOOKUP($E$2,Theme_Ranges[],2,0)<=BE15,VLOOKUP($E$2,Theme_Ranges[],3,0)>=BE15),BE15,"") | CP15: =IF(AND(VLOOKUP($E$2,Theme_Ranges[],2,0)<=BF15,VLOOKUP($E$2,Theme_Ranges[],3,0)>=BF15),BF15,"") | CQ15: =IF(AND(VLOOKUP($E$2,Theme_Ranges[],2,0)<=BG15,VLOOKUP($E$2,Theme_Ranges[],3,0)>=BG15),BG15,"") | CR15: =IF(AND(VLOOKUP($E$2,Theme_Ranges[],2,0)<=BH15,VLOOKUP($E$2,Theme_Ranges[],3,0)>=BH15),BH15,"") | CS15: =IF(AND(VLOOKUP($E$2,Theme_Ranges[],2,0)<=BI15,VLOOKUP($E$2,Theme_Ranges[],3,0)>=BI15),BI15,"") | CT15: =IF(AND(VLOOKUP($E$2,Theme_Ranges[],2,0)<=BJ15,VLOOKUP($E$2,Theme_Ranges[],3,0)>=BJ15),BJ15,"") | ... DT15: =IF(AND(VLOOKUP($E$2,Theme_Ranges[],2,0)<=CJ15,VLOOKUP($E$2,Theme_Ranges[],3,0)>=CJ15),CJ15,"")
A16: =D16&" "&E16 | B16: =IF('Raw Data'!B11="","",'Raw Data'!B11) | C16: =IF('Raw Data'!C11="","",'Raw Data'!C11) | D16: =IF('Raw Data'!D11="","",'Raw Data'!D11) | E16: =IF('Raw Data'!E11="","",'Raw Data'!E11) | G16: =IF(OR(IFERROR(AND(VLOOKUP($E$2,Theme_Ranges[],2,0)<=BC16,VLOOKUP($E$2,Theme_Ranges[],3,0)>=BC16),FALSE),IFERROR(AND(VLOOKUP($E$3,Theme_Ranges[],2,0)<=BC16,VLOOKUP($E$3,Theme_Ranges[],3,0)>=BC16),FALSE)),BC16,"") | H16: =IF(OR(IFERROR(AND(VLOOKUP($E$2,Theme_Ranges[],2,0)<=BD16,VLOOKUP($E$2,Theme_Ranges[],3,0)>=BD16),FALSE),IFERROR(AND(VLOOKUP($E$3,Theme_Ranges[],2,0)<=BD16,VLOOKUP($E$3,Theme_Ranges[],3,0)>=BD16),FALSE)),BD16,"") | I16: =IF(OR(IFERROR(AND(VLOOKUP($E$2,Theme_Ranges[],2,0)<=BE16,VLOOKUP($E$2,Theme_Ranges[],3,0)>=BE16),FALSE),IFERROR(AND(VLOOKUP($E$3,Theme_Ranges[],2,0)<=BE16,VLOOKUP($E$3,Theme_Ranges[],3,0)>=BE16),FALSE)),BE16,"") | J16: =IF(OR(IFERROR(AND(VLOOKUP($E$2,Theme_Ranges[],2,0)<=BF16,VLOOKUP($E$2,Theme_Ranges[],3,0)>=BF16),FALSE),IFERROR(AND(VLOOKUP($E$3,Theme_Ranges[],2,0)<=BF16,VLOOKUP($E$3,Theme_Ranges[],3,0)>=BF16),FALSE)),BF16,"") | K16: =IF(OR(IFERROR(AND(VLOOKUP($E$2,Theme_Ranges[],2,0)<=BG16,VLOOKUP($E$2,Theme_Ranges[],3,0)>=BG16),FALSE),IFERROR(AND(VLOOKUP($E$3,Theme_Ranges[],2,0)<=BG16,VLOOKUP($E$3,Theme_Ranges[],3,0)>=BG16),FALSE)),BG16,"") | L16: =IF(OR(IFERROR(AND(VLOOKUP($E$2,Theme_Ranges[],2,0)<=BH16,VLOOKUP($E$2,Theme_Ranges[],3,0)>=BH16),FALSE),IFERROR(AND(VLOOKUP($E$3,Theme_Ranges[],2,0)<=BH16,VLOOKUP($E$3,Theme_Ranges[],3,0)>=BH16),FALSE)),BH16,"") | M16: =IF(OR(IFERROR(AND(VLOOKUP($E$2,Theme_Ranges[],2,0)<=BI16,VLOOKUP($E$2,Theme_Ranges[],3,0)>=BI16),FALSE),IFERROR(AND(VLOOKUP($E$3,Theme_Ranges[],2,0)<=BI16,VLOOKUP($E$3,Theme_Ranges[],3,0)>=BI16),FALSE)),BI16,"") | N16: =IF(OR(IFERROR(AND(VLOOKUP($E$2,Theme_Ranges[],2,0)<=BJ16,VLOOKUP($E$2,Theme_Ranges[],3,0)>=BJ16),FALSE),IFERROR(AND(VLOOKUP($E$3,Theme_Ranges[],2,0)<=BJ16,VLOOKUP($E$3,Theme_Ranges[],3,0)>=BJ16),FALSE)),BJ16,"") | ... AN16: =IF(OR(IFERROR(AND(VLOOKUP($E$2,Theme_Ranges[],2,0)<=CJ16,VLOOKUP($E$2,Theme_Ranges[],3,0)>=CJ16),FALSE),IFERROR(AND(VLOOKUP($E$3,Theme_Ranges[],2,0)<=CJ16,VLOOKUP($E$3,Theme_Ranges[],3,0)>=CJ16),FALSE)),CJ16,"") | AP16: =IF(D16="","",COUNTIF($G16:$O16,"<="&AV16)) | AQ16: =IF(D16="","",COUNTIF($P16:$W16,"<="&AV16)) | AR16: =IF(D16="","",COUNTIF($X16:$AF16,"<="&AV16)) | AS16: =IF(D16="","",COUNTIF($AG16:$AN16,"<="&AV16)) | AV16: =VLOOKUP($AV$8,Theme_Ranges[],3,0) -> 5 | AW16: =IF(D16="",0,1) -> 0 | AX16: =IF(COUNTIF($G16:$O16,"<="&AV16)>0,1,0) -> 0 | AY16: =IF(COUNTIF($P16:$W16,"<="&AV16)>0,1,0) -> 0 | AZ16: =IF(COUNTIF($X16:$AF16,"<="&AV16)>0,1,0) -> 0 | BA16: =IF(COUNTIF($AG16:$AN16,"<="&AV16)>0,1,0) -> 0 | BC16: =IF($D16="","",VLOOKUP($A16&G$6,Data_Table_1[[Full Name Theme Conc]:[Theme Ranking]],8,0)) | BD16: =IF($D16="","",VLOOKUP($A16&H$6,Data_Table_1[[Full Name Theme Conc]:[Theme Ranking]],8,0)) | BE16: =IF($D16="","",VLOOKUP($A16&I$6,Data_Table_1[[Full Name Theme Conc]:[Theme Ranking]],8,0)) | BF16: =IF($D16="","",VLOOKUP($A16&J$6,Data_Table_1[[Full Name Theme Conc]:[Theme Ranking]],8,0)) | BG16: =IF($D16="","",VLOOKUP($A16&K$6,Data_Table_1[[Full Name Theme Conc]:[Theme Ranking]],8,0)) | BH16: =IF($D16="","",VLOOKUP($A16&L$6,Data_Table_1[[Full Name Theme Conc]:[Theme Ranking]],8,0)) | BI16: =IF($D16="","",VLOOKUP($A16&M$6,Data_Table_1[[Full Name Theme Conc]:[Theme Ranking]],8,0)) | BJ16: =IF($D16="","",VLOOKUP($A16&N$6,Data_Table_1[[Full Name Theme Conc]:[Theme Ranking]],8,0)) | ... CJ16: =IF($D16="","",VLOOKUP($A16&AN$6,Data_Table_1[[Full Name Theme Conc]:[Theme Ranking]],8,0)) | CM16: =IF(AND(VLOOKUP($E$2,Theme_Ranges[],2,0)<=BC16,VLOOKUP($E$2,Theme_Ranges[],3,0)>=BC16),BC16,"") | CN16: =IF(AND(VLOOKUP($E$2,Theme_Ranges[],2,0)<=BD16,VLOOKUP($E$2,Theme_Ranges[],3,0)>=BD16),BD16,"") | CO16: =IF(AND(VLOOKUP($E$2,Theme_Ranges[],2,0)<=BE16,VLOOKUP($E$2,Theme_Ranges[],3,0)>=BE16),BE16,"") | CP16: =IF(AND(VLOOKUP($E$2,Theme_Ranges[],2,0)<=BF16,VLOOKUP($E$2,Theme_Ranges[],3,0)>=BF16),BF16,"") | CQ16: =IF(AND(VLOOKUP($E$2,Theme_Ranges[],2,0)<=BG16,VLOOKUP($E$2,Theme_Ranges[],3,0)>=BG16),BG16,"") | CR16: =IF(AND(VLOOKUP($E$2,Theme_Ranges[],2,0)<=BH16,VLOOKUP($E$2,Theme_Ranges[],3,0)>=BH16),BH16,"") | CS16: =IF(AND(VLOOKUP($E$2,Theme_Ranges[],2,0)<=BI16,VLOOKUP($E$2,Theme_Ranges[],3,0)>=BI16),BI16,"") | CT16: =IF(AND(VLOOKUP($E$2,Theme_Ranges[],2,0)<=BJ16,VLOOKUP($E$2,Theme_Ranges[],3,0)>=BJ16),BJ16,"") | ... DT16: =IF(AND(VLOOKUP($E$2,Theme_Ranges[],2,0)<=CJ16,VLOOKUP($E$2,Theme_Ranges[],3,0)>=CJ16),CJ16,"")
A17: =D17&" "&E17 | B17: =IF('Raw Data'!B12="","",'Raw Data'!B12) | C17: =IF('Raw Data'!C12="","",'Raw Data'!C12) | D17: =IF('Raw Data'!D12="","",'Raw Data'!D12) | E17: =IF('Raw Data'!E12="","",'Raw Data'!E12) | G17: =IF(OR(IFERROR(AND(VLOOKUP($E$2,Theme_Ranges[],2,0)<=BC17,VLOOKUP($E$2,Theme_Ranges[],3,0)>=BC17),FALSE),IFERROR(AND(VLOOKUP($E$3,Theme_Ranges[],2,0)<=BC17,VLOOKUP($E$3,Theme_Ranges[],3,0)>=BC17),FALSE)),BC17,"") | H17: =IF(OR(IFERROR(AND(VLOOKUP($E$2,Theme_Ranges[],2,0)<=BD17,VLOOKUP($E$2,Theme_Ranges[],3,0)>=BD17),FALSE),IFERROR(AND(VLOOKUP($E$3,Theme_Ranges[],2,0)<=BD17,VLOOKUP($E$3,Theme_Ranges[],3,0)>=BD17),FALSE)),BD17,"") | I17: =IF(OR(IFERROR(AND(VLOOKUP($E$2,Theme_Ranges[],2,0)<=BE17,VLOOKUP($E$2,Theme_Ranges[],3,0)>=BE17),FALSE),IFERROR(AND(VLOOKUP($E$3,Theme_Ranges[],2,0)<=BE17,VLOOKUP($E$3,Theme_Ranges[],3,0)>=BE17),FALSE)),BE17,"") | J17: =IF(OR(IFERROR(AND(VLOOKUP($E$2,Theme_Ranges[],2,0)<=BF17,VLOOKUP($E$2,Theme_Ranges[],3,0)>=BF17),FALSE),IFERROR(AND(VLOOKUP($E$3,Theme_Ranges[],2,0)<=BF17,VLOOKUP($E$3,Theme_Ranges[],3,0)>=BF17),FALSE)),BF17,"") | K17: =IF(OR(IFERROR(AND(VLOOKUP($E$2,Theme_Ranges[],2,0)<=BG17,VLOOKUP($E$2,Theme_Ranges[],3,0)>=BG17),FALSE),IFERROR(AND(VLOOKUP($E$3,Theme_Ranges[],2,0)<=BG17,VLOOKUP($E$3,Theme_Ranges[],3,0)>=BG17),FALSE)),BG17,"") | L17: =IF(OR(IFERROR(AND(VLOOKUP($E$2,Theme_Ranges[],2,0)<=BH17,VLOOKUP($E$2,Theme_Ranges[],3,0)>=BH17),FALSE),IFERROR(AND(VLOOKUP($E$3,Theme_Ranges[],2,0)<=BH17,VLOOKUP($E$3,Theme_Ranges[],3,0)>=BH17),FALSE)),BH17,"") | M17: =IF(OR(IFERROR(AND(VLOOKUP($E$2,Theme_Ranges[],2,0)<=BI17,VLOOKUP($E$2,Theme_Ranges[],3,0)>=BI17),FALSE),IFERROR(AND(VLOOKUP($E$3,Theme_Ranges[],2,0)<=BI17,VLOOKUP($E$3,Theme_Ranges[],3,0)>=BI17),FALSE)),BI17,"") | N17: =IF(OR(IFERROR(AND(VLOOKUP($E$2,Theme_Ranges[],2,0)<=BJ17,VLOOKUP($E$2,Theme_Ranges[],3,0)>=BJ17),FALSE),IFERROR(AND(VLOOKUP($E$3,Theme_Ranges[],2,0)<=BJ17,VLOOKUP($E$3,Theme_Ranges[],3,0)>=BJ17),FALSE)),BJ17,"") | ... AN17: =IF(OR(IFERROR(AND(VLOOKUP($E$2,Theme_Ranges[],2,0)<=CJ17,VLOOKUP($E$2,Theme_Ranges[],3,0)>=CJ17),FALSE),IFERROR(AND(VLOOKUP($E$3,Theme_Ranges[],2,0)<=CJ17,VLOOKUP($E$3,Theme_Ranges[],3,0)>=CJ17),FALSE)),CJ17,"") | AP17: =IF(D17="","",COUNTIF($G17:$O17,"<="&AV17)) | AQ17: =IF(D17="","",COUNTIF($P17:$W17,"<="&AV17)) | AR17: =IF(D17="","",COUNTIF($X17:$AF17,"<="&AV17)) | AS17: =IF(D17="","",COUNTIF($AG17:$AN17,"<="&AV17)) | AV17: =VLOOKUP($AV$8,Theme_Ranges[],3,0) -> 5 | AW17: =IF(D17="",0,1) -> 0 | AX17: =IF(COUNTIF($G17:$O17,"<="&AV17)>0,1,0) -> 0 | AY17: =IF(COUNTIF($P17:$W17,"<="&AV17)>0,1,0) -> 0 | AZ17: =IF(COUNTIF($X17:$AF17,"<="&AV17)>0,1,0) -> 0 | BA17: =IF(COUNTIF($AG17:$AN17,"<="&AV17)>0,1,0) -> 0 | BC17: =IF($D17="","",VLOOKUP($A17&G$6,Data_Table_1[[Full Name Theme Conc]:[Theme Ranking]],8,0)) | BD17: =IF($D17="","",VLOOKUP($A17&H$6,Data_Table_1[[Full Name Theme Conc]:[Theme Ranking]],8,0)) | BE17: =IF($D17="","",VLOOKUP($A17&I$6,Data_Table_1[[Full Name Theme Conc]:[Theme Ranking]],8,0)) | BF17: =IF($D17="","",VLOOKUP($A17&J$6,Data_Table_1[[Full Name Theme Conc]:[Theme Ranking]],8,0)) | BG17: =IF($D17="","",VLOOKUP($A17&K$6,Data_Table_1[[Full Name Theme Conc]:[Theme Ranking]],8,0)) | BH17: =IF($D17="","",VLOOKUP($A17&L$6,Data_Table_1[[Full Name Theme Conc]:[Theme Ranking]],8,0)) | BI17: =IF($D17="","",VLOOKUP($A17&M$6,Data_Table_1[[Full Name Theme Conc]:[Theme Ranking]],8,0)) | BJ17: =IF($D17="","",VLOOKUP($A17&N$6,Data_Table_1[[Full Name Theme Conc]:[Theme Ranking]],8,0)) | ... CJ17: =IF($D17="","",VLOOKUP($A17&AN$6,Data_Table_1[[Full Name Theme Conc]:[Theme Ranking]],8,0)) | CM17: =IF(AND(VLOOKUP($E$2,Theme_Ranges[],2,0)<=BC17,VLOOKUP($E$2,Theme_Ranges[],3,0)>=BC17),BC17,"") | CN17: =IF(AND(VLOOKUP($E$2,Theme_Ranges[],2,0)<=BD17,VLOOKUP($E$2,Theme_Ranges[],3,0)>=BD17),BD17,"") | CO17: =IF(AND(VLOOKUP($E$2,Theme_Ranges[],2,0)<=BE17,VLOOKUP($E$2,Theme_Ranges[],3,0)>=BE17),BE17,"") | CP17: =IF(AND(VLOOKUP($E$2,Theme_Ranges[],2,0)<=BF17,VLOOKUP($E$2,Theme_Ranges[],3,0)>=BF17),BF17,"") | CQ17: =IF(AND(VLOOKUP($E$2,Theme_Ranges[],2,0)<=BG17,VLOOKUP($E$2,Theme_Ranges[],3,0)>=BG17),BG17,"") | CR17: =IF(AND(VLOOKUP($E$2,Theme_Ranges[],2,0)<=BH17,VLOOKUP($E$2,Theme_Ranges[],3,0)>=BH17),BH17,"") | CS17: =IF(AND(VLOOKUP($E$2,Theme_Ranges[],2,0)<=BI17,VLOOKUP($E$2,Theme_Ranges[],3,0)>=BI17),BI17,"") | CT17: =IF(AND(VLOOKUP($E$2,Theme_Ranges[],2,0)<=BJ17,VLOOKUP($E$2,Theme_Ranges[],3,0)>=BJ17),BJ17,"") | ... DT17: =IF(AND(VLOOKUP($E$2,Theme_Ranges[],2,0)<=CJ17,VLOOKUP($E$2,Theme_Ranges[],3,0)>=CJ17),CJ17,"")
A18: =D18&" "&E18 | B18: =IF('Raw Data'!B13="","",'Raw Data'!B13) | C18: =IF('Raw Data'!C13="","",'Raw Data'!C13) | D18: =IF('Raw Data'!D13="","",'Raw Data'!D13) | E18: =IF('Raw Data'!E13="","",'Raw Data'!E13) | G18: =IF(OR(IFERROR(AND(VLOOKUP($E$2,Theme_Ranges[],2,0)<=BC18,VLOOKUP($E$2,Theme_Ranges[],3,0)>=BC18),FALSE),IFERROR(AND(VLOOKUP($E$3,Theme_Ranges[],2,0)<=BC18,VLOOKUP($E$3,Theme_Ranges[],3,0)>=BC18),FALSE)),BC18,"") | H18: =IF(OR(IFERROR(AND(VLOOKUP($E$2,Theme_Ranges[],2,0)<=BD18,VLOOKUP($E$2,Theme_Ranges[],3,0)>=BD18),FALSE),IFERROR(AND(VLOOKUP($E$3,Theme_Ranges[],2,0)<=BD18,VLOOKUP($E$3,Theme_Ranges[],3,0)>=BD18),FALSE)),BD18,"") | I18: =IF(OR(IFERROR(AND(VLOOKUP($E$2,Theme_Ranges[],2,0)<=BE18,VLOOKUP($E$2,Theme_Ranges[],3,0)>=BE18),FALSE),IFERROR(AND(VLOOKUP($E$3,Theme_Ranges[],2,0)<=BE18,VLOOKUP($E$3,Theme_Ranges[],3,0)>=BE18),FALSE)),BE18,"") | J18: =IF(OR(IFERROR(AND(VLOOKUP($E$2,Theme_Ranges[],2,0)<=BF18,VLOOKUP($E$2,Theme_Ranges[],3,0)>=BF18),FALSE),IFERROR(AND(VLOOKUP($E$3,Theme_Ranges[],2,0)<=BF18,VLOOKUP($E$3,Theme_Ranges[],3,0)>=BF18),FALSE)),BF18,"") | K18: =IF(OR(IFERROR(AND(VLOOKUP($E$2,Theme_Ranges[],2,0)<=BG18,VLOOKUP($E$2,Theme_Ranges[],3,0)>=BG18),FALSE),IFERROR(AND(VLOOKUP($E$3,Theme_Ranges[],2,0)<=BG18,VLOOKUP($E$3,Theme_Ranges[],3,0)>=BG18),FALSE)),BG18,"") | L18: =IF(OR(IFERROR(AND(VLOOKUP($E$2,Theme_Ranges[],2,0)<=BH18,VLOOKUP($E$2,Theme_Ranges[],3,0)>=BH18),FALSE),IFERROR(AND(VLOOKUP($E$3,Theme_Ranges[],2,0)<=BH18,VLOOKUP($E$3,Theme_Ranges[],3,0)>=BH18),FALSE)),BH18,"") | M18: =IF(OR(IFERROR(AND(VLOOKUP($E$2,Theme_Ranges[],2,0)<=BI18,VLOOKUP($E$2,Theme_Ranges[],3,0)>=BI18),FALSE),IFERROR(AND(VLOOKUP($E$3,Theme_Ranges[],2,0)<=BI18,VLOOKUP($E$3,Theme_Ranges[],3,0)>=BI18),FALSE)),BI18,"") | N18: =IF(OR(IFERROR(AND(VLOOKUP($E$2,Theme_Ranges[],2,0)<=BJ18,VLOOKUP($E$2,Theme_Ranges[],3,0)>=BJ18),FALSE),IFERROR(AND(VLOOKUP($E$3,Theme_Ranges[],2,0)<=BJ18,VLOOKUP($E$3,Theme_Ranges[],3,0)>=BJ18),FALSE)),BJ18,"") | ... AN18: =IF(OR(IFERROR(AND(VLOOKUP($E$2,Theme_Ranges[],2,0)<=CJ18,VLOOKUP($E$2,Theme_Ranges[],3,0)>=CJ18),FALSE),IFERROR(AND(VLOOKUP($E$3,Theme_Ranges[],2,0)<=CJ18,VLOOKUP($E$3,Theme_Ranges[],3,0)>=CJ18),FALSE)),CJ18,"") | AP18: =IF(D18="","",COUNTIF($G18:$O18,"<="&AV18)) | AQ18: =IF(D18="","",COUNTIF($P18:$W18,"<="&AV18)) | AR18: =IF(D18="","",COUNTIF($X18:$AF18,"<="&AV18)) | AS18: =IF(D18="","",COUNTIF($AG18:$AN18,"<="&AV18)) | AV18: =VLOOKUP($AV$8,Theme_Ranges[],3,0) -> 5 | AW18: =IF(D18="",0,1) -> 0 | AX18: =IF(COUNTIF($G18:$O18,"<="&AV18)>0,1,0) -> 0 | AY18: =IF(COUNTIF($P18:$W18,"<="&AV18)>0,1,0) -> 0 | AZ18: =IF(COUNTIF($X18:$AF18,"<="&AV18)>0,1,0) -> 0 | BA18: =IF(COUNTIF($AG18:$AN18,"<="&AV18)>0,1,0) -> 0 | BC18: =IF($D18="","",VLOOKUP($A18&G$6,Data_Table_1[[Full Name Theme Conc]:[Theme Ranking]],8,0)) | BD18: =IF($D18="","",VLOOKUP($A18&H$6,Data_Table_1[[Full Name Theme Conc]:[Theme Ranking]],8,0)) | BE18: =IF($D18="","",VLOOKUP($A18&I$6,Data_Table_1[[Full Name Theme Conc]:[Theme Ranking]],8,0)) | BF18: =IF($D18="","",VLOOKUP($A18&J$6,Data_Table_1[[Full Name Theme Conc]:[Theme Ranking]],8,0)) | BG18: =IF($D18="","",VLOOKUP($A18&K$6,Data_Table_1[[Full Name Theme Conc]:[Theme Ranking]],8,0)) | BH18: =IF($D18="","",VLOOKUP($A18&L$6,Data_Table_1[[Full Name Theme Conc]:[Theme Ranking]],8,0)) | BI18: =IF($D18="","",VLOOKUP($A18&M$6,Data_Table_1[[Full Name Theme Conc]:[Theme Ranking]],8,0)) | BJ18: =IF($D18="","",VLOOKUP($A18&N$6,Data_Table_1[[Full Name Theme Conc]:[Theme Ranking]],8,0)) | ... CJ18: =IF($D18="","",VLOOKUP($A18&AN$6,Data_Table_1[[Full Name Theme Conc]:[Theme Ranking]],8,0)) | CM18: =IF(AND(VLOOKUP($E$2,Theme_Ranges[],2,0)<=BC18,VLOOKUP($E$2,Theme_Ranges[],3,0)>=BC18),BC18,"") | CN18: =IF(AND(VLOOKUP($E$2,Theme_Ranges[],2,0)<=BD18,VLOOKUP($E$2,Theme_Ranges[],3,0)>=BD18),BD18,"") | CO18: =IF(AND(VLOOKUP($E$2,Theme_Ranges[],2,0)<=BE18,VLOOKUP($E$2,Theme_Ranges[],3,0)>=BE18),BE18,"") | CP18: =IF(AND(VLOOKUP($E$2,Theme_Ranges[],2,0)<=BF18,VLOOKUP($E$2,Theme_Ranges[],3,0)>=BF18),BF18,"") | CQ18: =IF(AND(VLOOKUP($E$2,Theme_Ranges[],2,0)<=BG18,VLOOKUP($E$2,Theme_Ranges[],3,0)>=BG18),BG18,"") | CR18: =IF(AND(VLOOKUP($E$2,Theme_Ranges[],2,0)<=BH18,VLOOKUP($E$2,Theme_Ranges[],3,0)>=BH18),BH18,"") | CS18: =IF(AND(VLOOKUP($E$2,Theme_Ranges[],2,0)<=BI18,VLOOKUP($E$2,Theme_Ranges[],3,0)>=BI18),BI18,"") | CT18: =IF(AND(VLOOKUP($E$2,Theme_Ranges[],2,0)<=BJ18,VLOOKUP($E$2,Theme_Ranges[],3,0)>=BJ18),BJ18,"") | ... DT18: =IF(AND(VLOOKUP($E$2,Theme_Ranges[],2,0)<=CJ18,VLOOKUP($E$2,Theme_Ranges[],3,0)>=CJ18),CJ18,"")
A19: =D19&" "&E19 | B19: =IF('Raw Data'!B14="","",'Raw Data'!B14) | C19: =IF('Raw Data'!C14="","",'Raw Data'!C14) | D19: =IF('Raw Data'!D14="","",'Raw Data'!D14) | E19: =IF('Raw Data'!E14="","",'Raw Data'!E14) | G19: =IF(OR(IFERROR(AND(VLOOKUP($E$2,Theme_Ranges[],2,0)<=BC19,VLOOKUP($E$2,Theme_Ranges[],3,0)>=BC19),FALSE),IFERROR(AND(VLOOKUP($E$3,Theme_Ranges[],2,0)<=BC19,VLOOKUP($E$3,Theme_Ranges[],3,0)>=BC19),FALSE)),BC19,"") | H19: =IF(OR(IFERROR(AND(VLOOKUP($E$2,Theme_Ranges[],2,0)<=BD19,VLOOKUP($E$2,Theme_Ranges[],3,0)>=BD19),FALSE),IFERROR(AND(VLOOKUP($E$3,Theme_Ranges[],2,0)<=BD19,VLOOKUP($E$3,Theme_Ranges[],3,0)>=BD19),FALSE)),BD19,"") | I19: =IF(OR(IFERROR(AND(VLOOKUP($E$2,Theme_Ranges[],2,0)<=BE19,VLOOKUP($E$2,Theme_Ranges[],3,0)>=BE19),FALSE),IFERROR(AND(VLOOKUP($E$3,Theme_Ranges[],2,0)<=BE19,VLOOKUP($E$3,Theme_Ranges[],3,0)>=BE19),FALSE)),BE19,"") | J19: =IF(OR(IFERROR(AND(VLOOKUP($E$2,Theme_Ranges[],2,0)<=BF19,VLOOKUP($E$2,Theme_Ranges[],3,0)>=BF19),FALSE),IFERROR(AND(VLOOKUP($E$3,Theme_Ranges[],2,0)<=BF19,VLOOKUP($E$3,Theme_Ranges[],3,0)>=BF19),FALSE)),BF19,"") | K19: =IF(OR(IFERROR(AND(VLOOKUP($E$2,Theme_Ranges[],2,0)<=BG19,VLOOKUP($E$2,Theme_Ranges[],3,0)>=BG19),FALSE),IFERROR(AND(VLOOKUP($E$3,Theme_Ranges[],2,0)<=BG19,VLOOKUP($E$3,Theme_Ranges[],3,0)>=BG19),FALSE)),BG19,"") | L19: =IF(OR(IFERROR(AND(VLOOKUP($E$2,Theme_Ranges[],2,0)<=BH19,VLOOKUP($E$2,Theme_Ranges[],3,0)>=BH19),FALSE),IFERROR(AND(VLOOKUP($E$3,Theme_Ranges[],2,0)<=BH19,VLOOKUP($E$3,Theme_Ranges[],3,0)>=BH19),FALSE)),BH19,"") | M19: =IF(OR(IFERROR(AND(VLOOKUP($E$2,Theme_Ranges[],2,0)<=BI19,VLOOKUP($E$2,Theme_Ranges[],3,0)>=BI19),FALSE),IFERROR(AND(VLOOKUP($E$3,Theme_Ranges[],2,0)<=BI19,VLOOKUP($E$3,Theme_Ranges[],3,0)>=BI19),FALSE)),BI19,"") | N19: =IF(OR(IFERROR(AND(VLOOKUP($E$2,Theme_Ranges[],2,0)<=BJ19,VLOOKUP($E$2,Theme_Ranges[],3,0)>=BJ19),FALSE),IFERROR(AND(VLOOKUP($E$3,Theme_Ranges[],2,0)<=BJ19,VLOOKUP($E$3,Theme_Ranges[],3,0)>=BJ19),FALSE)),BJ19,"") | ... AN19: =IF(OR(IFERROR(AND(VLOOKUP($E$2,Theme_Ranges[],2,0)<=CJ19,VLOOKUP($E$2,Theme_Ranges[],3,0)>=CJ19),FALSE),IFERROR(AND(VLOOKUP($E$3,Theme_Ranges[],2,0)<=CJ19,VLOOKUP($E$3,Theme_Ranges[],3,0)>=CJ19),FALSE)),CJ19,"") | AP19: =IF(D19="","",COUNTIF($G19:$O19,"<="&AV19)) | AQ19: =IF(D19="","",COUNTIF($P19:$W19,"<="&AV19)) | AR19: =IF(D19="","",COUNTIF($X19:$AF19,"<="&AV19)) | AS19: =IF(D19="","",COUNTIF($AG19:$AN19,"<="&AV19)) | AV19: =VLOOKUP($AV$8,Theme_Ranges[],3,0) -> 5 | AW19: =IF(D19="",0,1) -> 0 | AX19: =IF(COUNTIF($G19:$O19,"<="&AV19)>0,1,0) -> 0 | AY19: =IF(COUNTIF($P19:$W19,"<="&AV19)>0,1,0) -> 0 | AZ19: =IF(COUNTIF($X19:$AF19,"<="&AV19)>0,1,0) -> 0 | BA19: =IF(COUNTIF($AG19:$AN19,"<="&AV19)>0,1,0) -> 0 | BC19: =IF($D19="","",VLOOKUP($A19&G$6,Data_Table_1[[Full Name Theme Conc]:[Theme Ranking]],8,0)) | BD19: =IF($D19="","",VLOOKUP($A19&H$6,Data_Table_1[[Full Name Theme Conc]:[Theme Ranking]],8,0)) | BE19: =IF($D19="","",VLOOKUP($A19&I$6,Data_Table_1[[Full Name Theme Conc]:[Theme Ranking]],8,0)) | BF19: =IF($D19="","",VLOOKUP($A19&J$6,Data_Table_1[[Full Name Theme Conc]:[Theme Ranking]],8,0)) | BG19: =IF($D19="","",VLOOKUP($A19&K$6,Data_Table_1[[Full Name Theme Conc]:[Theme Ranking]],8,0)) | BH19: =IF($D19="","",VLOOKUP($A19&L$6,Data_Table_1[[Full Name Theme Conc]:[Theme Ranking]],8,0)) | BI19: =IF($D19="","",VLOOKUP($A19&M$6,Data_Table_1[[Full Name Theme Conc]:[Theme Ranking]],8,0)) | BJ19: =IF($D19="","",VLOOKUP($A19&N$6,Data_Table_1[[Full Name Theme Conc]:[Theme Ranking]],8,0)) | ... CJ19: =IF($D19="","",VLOOKUP($A19&AN$6,Data_Table_1[[Full Name Theme Conc]:[Theme Ranking]],8,0)) | CM19: =IF(AND(VLOOKUP($E$2,Theme_Ranges[],2,0)<=BC19,VLOOKUP($E$2,Theme_Ranges[],3,0)>=BC19),BC19,"") | CN19: =IF(AND(VLOOKUP($E$2,Theme_Ranges[],2,0)<=BD19,VLOOKUP($E$2,Theme_Ranges[],3,0)>=BD19),BD19,"") | CO19: =IF(AND(VLOOKUP($E$2,Theme_Ranges[],2,0)<=BE19,VLOOKUP($E$2,Theme_Ranges[],3,0)>=BE19),BE19,"") | CP19: =IF(AND(VLOOKUP($E$2,Theme_Ranges[],2,0)<=BF19,VLOOKUP($E$2,Theme_Ranges[],3,0)>=BF19),BF19,"") | CQ19: =IF(AND(VLOOKUP($E$2,Theme_Ranges[],2,0)<=BG19,VLOOKUP($E$2,Theme_Ranges[],3,0)>=BG19),BG19,"") | CR19: =IF(AND(VLOOKUP($E$2,Theme_Ranges[],2,0)<=BH19,VLOOKUP($E$2,Theme_Ranges[],3,0)>=BH19),BH19,"") | CS19: =IF(AND(VLOOKUP($E$2,Theme_Ranges[],2,0)<=BI19,VLOOKUP($E$2,Theme_Ranges[],3,0)>=BI19),BI19,"") | CT19: =IF(AND(VLOOKUP($E$2,Theme_Ranges[],2,0)<=BJ19,VLOOKUP($E$2,Theme_Ranges[],3,0)>=BJ19),BJ19,"") | ... DT19: =IF(AND(VLOOKUP($E$2,Theme_Ranges[],2,0)<=CJ19,VLOOKUP($E$2,Theme_Ranges[],3,0)>=CJ19),CJ19,"")
A20: =D20&" "&E20 | B20: =IF('Raw Data'!B15="","",'Raw Data'!B15) | C20: =IF('Raw Data'!C15="","",'Raw Data'!C15) | D20: =IF('Raw Data'!D15="","",'Raw Data'!D15) | E20: =IF('Raw Data'!E15="","",'Raw Data'!E15) | G20: =IF(OR(IFERROR(AND(VLOOKUP($E$2,Theme_Ranges[],2,0)<=BC20,VLOOKUP($E$2,Theme_Ranges[],3,0)>=BC20),FALSE),IFERROR(AND(VLOOKUP($E$3,Theme_Ranges[],2,0)<=BC20,VLOOKUP($E$3,Theme_Ranges[],3,0)>=BC20),FALSE)),BC20,"") | H20: =IF(OR(IFERROR(AND(VLOOKUP($E$2,Theme_Ranges[],2,0)<=BD20,VLOOKUP($E$2,Theme_Ranges[],3,0)>=BD20),FALSE),IFERROR(AND(VLOOKUP($E$3,Theme_Ranges[],2,0)<=BD20,VLOOKUP($E$3,Theme_Ranges[],3,0)>=BD20),FALSE)),BD20,"") | I20: =IF(OR(IFERROR(AND(VLOOKUP($E$2,Theme_Ranges[],2,0)<=BE20,VLOOKUP($E$2,Theme_Ranges[],3,0)>=BE20),FALSE),IFERROR(AND(VLOOKUP($E$3,Theme_Ranges[],2,0)<=BE20,VLOOKUP($E$3,Theme_Ranges[],3,0)>=BE20),FALSE)),BE20,"") | J20: =IF(OR(IFERROR(AND(VLOOKUP($E$2,Theme_Ranges[],2,0)<=BF20,VLOOKUP($E$2,Theme_Ranges[],3,0)>=BF20),FALSE),IFERROR(AND(VLOOKUP($E$3,Theme_Ranges[],2,0)<=BF20,VLOOKUP($E$3,Theme_Ranges[],3,0)>=BF20),FALSE)),BF20,"") | K20: =IF(OR(IFERROR(AND(VLOOKUP($E$2,Theme_Ranges[],2,0)<=BG20,VLOOKUP($E$2,Theme_Ranges[],3,0)>=BG20),FALSE),IFERROR(AND(VLOOKUP($E$3,Theme_Ranges[],2,0)<=BG20,VLOOKUP($E$3,Theme_Ranges[],3,0)>=BG20),FALSE)),BG20,"") | L20: =IF(OR(IFERROR(AND(VLOOKUP($E$2,Theme_Ranges[],2,0)<=BH20,VLOOKUP($E$2,Theme_Ranges[],3,0)>=BH20),FALSE),IFERROR(AND(VLOOKUP($E$3,Theme_Ranges[],2,0)<=BH20,VLOOKUP($E$3,Theme_Ranges[],3,0)>=BH20),FALSE)),BH20,"") | M20: =IF(OR(IFERROR(AND(VLOOKUP($E$2,Theme_Ranges[],2,0)<=BI20,VLOOKUP($E$2,Theme_Ranges[],3,0)>=BI20),FALSE),IFERROR(AND(VLOOKUP($E$3,Theme_Ranges[],2,0)<=BI20,VLOOKUP($E$3,Theme_Ranges[],3,0)>=BI20),FALSE)),BI20,"") | N20: =IF(OR(IFERROR(AND(VLOOKUP($E$2,Theme_Ranges[],2,0)<=BJ20,VLOOKUP($E$2,Theme_Ranges[],3,0)>=BJ20),FALSE),IFERROR(AND(VLOOKUP($E$3,Theme_Ranges[],2,0)<=BJ20,VLOOKUP($E$3,Theme_Ranges[],3,0)>=BJ20),FALSE)),BJ20,"") | ... AN20: =IF(OR(IFERROR(AND(VLOOKUP($E$2,Theme_Ranges[],2,0)<=CJ20,VLOOKUP($E$2,Theme_Ranges[],3,0)>=CJ20),FALSE),IFERROR(AND(VLOOKUP($E$3,Theme_Ranges[],2,0)<=CJ20,VLOOKUP($E$3,Theme_Ranges[],3,0)>=CJ20),FALSE)),CJ20,"") | AP20: =IF(D20="","",COUNTIF($G20:$O20,"<="&AV20)) | AQ20: =IF(D20="","",COUNTIF($P20:$W20,"<="&AV20)) | AR20: =IF(D20="","",COUNTIF($X20:$AF20,"<="&AV20)) | AS20: =IF(D20="","",COUNTIF($AG20:$AN20,"<="&AV20)) | AV20: =VLOOKUP($AV$8,Theme_Ranges[],3,0) -> 5 | AW20: =IF(D20="",0,1) -> 0 | AX20: =IF(COUNTIF($G20:$O20,"<="&AV20)>0,1,0) -> 0 | AY20: =IF(COUNTIF($P20:$W20,"<="&AV20)>0,1,0) -> 0 | AZ20: =IF(COUNTIF($X20:$AF20,"<="&AV20)>0,1,0) -> 0 | BA20: =IF(COUNTIF($AG20:$AN20,"<="&AV20)>0,1,0) -> 0 | BC20: =IF($D20="","",VLOOKUP($A20&G$6,Data_Table_1[[Full Name Theme Conc]:[Theme Ranking]],8,0)) | BD20: =IF($D20="","",VLOOKUP($A20&H$6,Data_Table_1[[Full Name Theme Conc]:[Theme Ranking]],8,0)) | BE20: =IF($D20="","",VLOOKUP($A20&I$6,Data_Table_1[[Full Name Theme Conc]:[Theme Ranking]],8,0)) | BF20: =IF($D20="","",VLOOKUP($A20&J$6,Data_Table_1[[Full Name Theme Conc]:[Theme Ranking]],8,0)) | BG20: =IF($D20="","",VLOOKUP($A20&K$6,Data_Table_1[[Full Name Theme Conc]:[Theme Ranking]],8,0)) | BH20: =IF($D20="","",VLOOKUP($A20&L$6,Data_Table_1[[Full Name Theme Conc]:[Theme Ranking]],8,0)) | BI20: =IF($D20="","",VLOOKUP($A20&M$6,Data_Table_1[[Full Name Theme Conc]:[Theme Ranking]],8,0)) | BJ20: =IF($D20="","",VLOOKUP($A20&N$6,Data_Table_1[[Full Name Theme Conc]:[Theme Ranking]],8,0)) | ... CJ20: =IF($D20="","",VLOOKUP($A20&AN$6,Data_Table_1[[Full Name Theme Conc]:[Theme Ranking]],8,0)) | CM20: =IF(AND(VLOOKUP($E$2,Theme_Ranges[],2,0)<=BC20,VLOOKUP($E$2,Theme_Ranges[],3,0)>=BC20),BC20,"") | CN20: =IF(AND(VLOOKUP($E$2,Theme_Ranges[],2,0)<=BD20,VLOOKUP($E$2,Theme_Ranges[],3,0)>=BD20),BD20,"") | CO20: =IF(AND(VLOOKUP($E$2,Theme_Ranges[],2,0)<=BE20,VLOOKUP($E$2,Theme_Ranges[],3,0)>=BE20),BE20,"") | CP20: =IF(AND(VLOOKUP($E$2,Theme_Ranges[],2,0)<=BF20,VLOOKUP($E$2,Theme_Ranges[],3,0)>=BF20),BF20,"") | CQ20: =IF(AND(VLOOKUP($E$2,Theme_Ranges[],2,0)<=BG20,VLOOKUP($E$2,Theme_Ranges[],3,0)>=BG20),BG20,"") | CR20: =IF(AND(VLOOKUP($E$2,Theme_Ranges[],2,0)<=BH20,VLOOKUP($E$2,Theme_Ranges[],3,0)>=BH20),BH20,"") | CS20: =IF(AND(VLOOKUP($E$2,Theme_Ranges[],2,0)<=BI20,VLOOKUP($E$2,Theme_Ranges[],3,0)>=BI20),BI20,"") | CT20: =IF(AND(VLOOKUP($E$2,Theme_Ranges[],2,0)<=BJ20,VLOOKUP($E$2,Theme_Ranges[],3,0)>=BJ20),BJ20,"") | ... DT20: =IF(AND(VLOOKUP($E$2,Theme_Ranges[],2,0)<=CJ20,VLOOKUP($E$2,Theme_Ranges[],3,0)>=CJ20),CJ20,"")
... A58: =D58&" "&E58 | B58: =IF('Raw Data'!B53="","",'Raw Data'!B53) | C58: =IF('Raw Data'!C53="","",'Raw Data'!C53) | D58: =IF('Raw Data'!D53="","",'Raw Data'!D53) | E58: =IF('Raw Data'!E53="","",'Raw Data'!E53) | G58: =IF(OR(IFERROR(AND(VLOOKUP($E$2,Theme_Ranges[],2,0)<=BC58,VLOOKUP($E$2,Theme_Ranges[],3,0)>=BC58),FALSE),IFERROR(AND(VLOOKUP($E$3,Theme_Ranges[],2,0)<=BC58,VLOOKUP($E$3,Theme_Ranges[],3,0)>=BC58),FALSE)),BC58,"") | H58: =IF(OR(IFERROR(AND(VLOOKUP($E$2,Theme_Ranges[],2,0)<=BD58,VLOOKUP($E$2,Theme_Ranges[],3,0)>=BD58),FALSE),IFERROR(AND(VLOOKUP($E$3,Theme_Ranges[],2,0)<=BD58,VLOOKUP($E$3,Theme_Ranges[],3,0)>=BD58),FALSE)),BD58,"") | I58: =IF(OR(IFERROR(AND(VLOOKUP($E$2,Theme_Ranges[],2,0)<=BE58,VLOOKUP($E$2,Theme_Ranges[],3,0)>=BE58),FALSE),IFERROR(AND(VLOOKUP($E$3,Theme_Ranges[],2,0)<=BE58,VLOOKUP($E$3,Theme_Ranges[],3,0)>=BE58),FALSE)),BE58,"") | J58: =IF(OR(IFERROR(AND(VLOOKUP($E$2,Theme_Ranges[],2,0)<=BF58,VLOOKUP($E$2,Theme_Ranges[],3,0)>=BF58),FALSE),IFERROR(AND(VLOOKUP($E$3,Theme_Ranges[],2,0)<=BF58,VLOOKUP($E$3,Theme_Ranges[],3,0)>=BF58),FALSE)),BF58,"") | K58: =IF(OR(IFERROR(AND(VLOOKUP($E$2,Theme_Ranges[],2,0)<=BG58,VLOOKUP($E$2,Theme_Ranges[],3,0)>=BG58),FALSE),IFERROR(AND(VLOOKUP($E$3,Theme_Ranges[],2,0)<=BG58,VLOOKUP($E$3,Theme_Ranges[],3,0)>=BG58),FALSE)),BG58,"") | L58: =IF(OR(IFERROR(AND(VLOOKUP($E$2,Theme_Ranges[],2,0)<=BH58,VLOOKUP($E$2,Theme_Ranges[],3,0)>=BH58),FALSE),IFERROR(AND(VLOOKUP($E$3,Theme_Ranges[],2,0)<=BH58,VLOOKUP($E$3,Theme_Ranges[],3,0)>=BH58),FALSE)),BH58,"") | M58: =IF(OR(IFERROR(AND(VLOOKUP($E$2,Theme_Ranges[],2,0)<=BI58,VLOOKUP($E$2,Theme_Ranges[],3,0)>=BI58),FALSE),IFERROR(AND(VLOOKUP($E$3,Theme_Ranges[],2,0)<=BI58,VLOOKUP($E$3,Theme_Ranges[],3,0)>=BI58),FALSE)),BI58,"") | N58: =IF(OR(IFERROR(AND(VLOOKUP($E$2,Theme_Ranges[],2,0)<=BJ58,VLOOKUP($E$2,Theme_Ranges[],3,0)>=BJ58),FALSE),IFERROR(AND(VLOOKUP($E$3,Theme_Ranges[],2,0)<=BJ58,VLOOKUP($E$3,Theme_Ranges[],3,0)>=BJ58),FALSE)),BJ58,"") | ... AN58: =IF(OR(IFERROR(AND(VLOOKUP($E$2,Theme_Ranges[],2,0)<=CJ58,VLOOKUP($E$2,Theme_Ranges[],3,0)>=CJ58),FALSE),IFERROR(AND(VLOOKUP($E$3,Theme_Ranges[],2,0)<=CJ58,VLOOKUP($E$3,Theme_Ranges[],3,0)>=CJ58),FALSE)),CJ58,"") | AP58: =IF(D58="","",COUNTIF($G58:$O58,"<="&AV58)) | AQ58: =IF(D58="","",COUNTIF($P58:$W58,"<="&AV58)) | AR58: =IF(D58="","",COUNTIF($X58:$AF58,"<="&AV58)) | AS58: =IF(D58="","",COUNTIF($AG58:$AN58,"<="&AV58)) | AV58: =VLOOKUP($AV$8,Theme_Ranges[],3,0) -> 5 | AW58: =IF(D58="",0,1) -> 0 | AX58: =IF(COUNTIF($G58:$O58,"<="&AV58)>0,1,0) -> 0 | AY58: =IF(COUNTIF($P58:$W58,"<="&AV58)>0,1,0) -> 0 | AZ58: =IF(COUNTIF($X58:$AF58,"<="&AV58)>0,1,0) -> 0 | BA58: =IF(COUNTIF($AG58:$AN58,"<="&AV58)>0,1,0) -> 0 | BC58: =IF($D58="","",VLOOKUP($A58&G$6,Data_Table_1[[Full Name Theme Conc]:[Theme Ranking]],8,0)) | BD58: =IF($D58="","",VLOOKUP($A58&H$6,Data_Table_1[[Full Name Theme Conc]:[Theme Ranking]],8,0)) | BE58: =IF($D58="","",VLOOKUP($A58&I$6,Data_Table_1[[Full Name Theme Conc]:[Theme Ranking]],8,0)) | BF58: =IF($D58="","",VLOOKUP($A58&J$6,Data_Table_1[[Full Name Theme Conc]:[Theme Ranking]],8,0)) | BG58: =IF($D58="","",VLOOKUP($A58&K$6,Data_Table_1[[Full Name Theme Conc]:[Theme Ranking]],8,0)) | BH58: =IF($D58="","",VLOOKUP($A58&L$6,Data_Table_1[[Full Name Theme Conc]:[Theme Ranking]],8,0)) | BI58: =IF($D58="","",VLOOKUP($A58&M$6,Data_Table_1[[Full Name Theme Conc]:[Theme Ranking]],8,0)) | BJ58: =IF($D58="","",VLOOKUP($A58&N$6,Data_Table_1[[Full Name Theme Conc]:[Theme Ranking]],8,0)) | ... CJ58: =IF($D58="","",VLOOKUP($A58&AN$6,Data_Table_1[[Full Name Theme Conc]:[Theme Ranking]],8,0)) | CM58: =IF(AND(VLOOKUP($E$2,Theme_Ranges[],2,0)<=BC58,VLOOKUP($E$2,Theme_Ranges[],3,0)>=BC58),BC58,"") | CN58: =IF(AND(VLOOKUP($E$2,Theme_Ranges[],2,0)<=BD58,VLOOKUP($E$2,Theme_Ranges[],3,0)>=BD58),BD58,"") | CO58: =IF(AND(VLOOKUP($E$2,Theme_Ranges[],2,0)<=BE58,VLOOKUP($E$2,Theme_Ranges[],3,0)>=BE58),BE58,"") | CP58: =IF(AND(VLOOKUP($E$2,Theme_Ranges[],2,0)<=BF58,VLOOKUP($E$2,Theme_Ranges[],3,0)>=BF58),BF58,"") | CQ58: =IF(AND(VLOOKUP($E$2,Theme_Ranges[],2,0)<=BG58,VLOOKUP($E$2,Theme_Ranges[],3,0)>=BG58),BG58,"") | CR58: =IF(AND(VLOOKUP($E$2,Theme_Ranges[],2,0)<=BH58,VLOOKUP($E$2,Theme_Ranges[],3,0)>=BH58),BH58,"") | CS58: =IF(AND(VLOOKUP($E$2,Theme_Ranges[],2,0)<=BI58,VLOOKUP($E$2,Theme_Ranges[],3,0)>=BI58),BI58,"") | CT58: =IF(AND(VLOOKUP($E$2,Theme_Ranges[],2,0)<=BJ58,VLOOKUP($E$2,Theme_Ranges[],3,0)>=BJ58),BJ58,"") | ... DT58: =IF(AND(VLOOKUP($E$2,Theme_Ranges[],2,0)<=CJ58,VLOOKUP($E$2,Theme_Ranges[],3,0)>=CJ58),CJ58,"")

Sheet Team Summary
A1: Team Summary | Z1: Helper Columns
A2: #VALUE! | Y2: Spark Helper | AH2: Frequency Helper | AP2: Hierarchic Helper | BA2: =BA7&"/"&$AZ$7&" People have "&BA6&" in their "&$AY$8 -> 0/0 People have Executing in their Top 5 | BB2: =BB7&"/"&$AZ$7&" People have "&BB6&" in their "&$AY$8 -> 0/0 People have Influencing in their Top 5 | BC2: =BC7&"/"&$AZ$7&" People have "&BC6&" in their "&$AY$8 -> 0/0 People have Relationship Building in their Top 5 | BD2: =BD7&"/"&$AZ$7&" People have "&BD6&" in their "&$AY$8 -> 0/0 People have Strategic Thinking in their Top 5
D3: Themes | E3: Top 5 | Y3: Spark Sort | Z3: Theme | AA3: Domain | AB3: Helper Column | AC3: Executing | AD3: Influencing | AE3: Relationship | AF3: Strategic | AH3: Theme | AI3: Domain | AJ3: Helper Column | AK3: Executing | AL3: Influencing | AM3: Relationship | AN3: Strategic | AP3: Domain | AQ3: Theme | AR3: Helper Column | AT3: Domain | AU3: Theme | AV3: Helper Column
Y4: 1 | AA4: Strategic | AH4: {=_xlfn._xlws.SORT($Z$4:$AB$42,3,1)} -> Analytical | AI4: Strategic | AJ4: 0 | AK4: =IF(IFERROR(VLOOKUP($AH4,$Z:$AF,4,0),0)>0,VLOOKUP($AH4,$Z:$AF,4,0),NA()) -> #N/A | AL4: =IF(IFERROR(VLOOKUP($AH4,$Z:$AF,5,0),"")>0,VLOOKUP($AH4,$Z:$AF,5,0),NA()) -> #N/A | AM4: =IF(IFERROR(VLOOKUP($AH4,$Z:$AF,6,0),0)>0,VLOOKUP($AH4,$Z:$AF,6,0),NA()) -> #N/A | AN4: =IF(IFERROR(VLOOKUP($AH4,$Z:$AF,7,0),0)>0,VLOOKUP($AH4,$Z:$AF,7,0),NA()) -> #N/A | AP4: {=_xlfn._xlws.SORT($AH$4:$AJ$37,2,1)} -> Achiever | AQ4: Executing | AR4: 0 | AT4: =AQ4 -> Executing | AU4: =AP4 -> Achiever | AV4: =AR4 -> 0
Y5: 1 | Z5: Analytical | AA5: Strategic | AB5: =SUM(AC5:AF5) -> 0 | AC5: =IF($AA5=AC$3,COUNTIFS(Data_Table_1[Theme],$Z5,Data_Table_1[Theme Ranking],">="&VLOOKUP($E$3,Theme_Ranges[],2,0),Data_Table_1[Theme Ranking],"<="&VLOOKUP($E$3,Theme_Ranges[],3,0)),0) -> 0 | AD5: =IF($AA5=AD$3,COUNTIFS(Data_Table_1[Theme],$Z5,Data_Table_1[Theme Ranking],">="&VLOOKUP($E$3,Theme_Ranges[],2,0),Data_Table_1[Theme Ranking],"<="&VLOOKUP($E$3,Theme_Ranges[],3,0)),0) -> 0 | AE5: =IF($AA5=AE$3,COUNTIFS(Data_Table_1[Theme],$Z5,Data_Table_1[Theme Ranking],">="&VLOOKUP($E$3,Theme_Ranges[],2,0),Data_Table_1[Theme Ranking],"<="&VLOOKUP($E$3,Theme_Ranges[],3,0)),0) -> 0 | AF5: =IF($AA5=AF$3,COUNTIFS(Data_Table_1[Theme],$Z5,Data_Table_1[Theme Ranking],">="&VLOOKUP($E$3,Theme_Ranges[],2,0),Data_Table_1[Theme Ranking],"<="&VLOOKUP($E$3,Theme_Ranges[],3,0)),0) -> 0 | AH5: Context | AI5: Strategic | AJ5: 0 | AK5: =IF(IFERROR(VLOOKUP($AH5,$Z:$AF,4,0),0)>0,VLOOKUP($AH5,$Z:$AF,4,0),NA()) -> #N/A | AL5: =IF(IFERROR(VLOOKUP($AH5,$Z:$AF,5,0),"")>0,VLOOKUP($AH5,$Z:$AF,5,0),NA()) -> #N/A | AM5: =IF(IFERROR(VLOOKUP($AH5,$Z:$AF,6,0),0)>0,VLOOKUP($AH5,$Z:$AF,6,0),NA()) -> #N/A | AN5: =IF(IFERROR(VLOOKUP($AH5,$Z:$AF,7,0),0)>0,VLOOKUP($AH5,$Z:$AF,7,0),NA()) -> #N/A | AP5: Arranger | AQ5: Executing | AR5: 0 | AT5: =AQ5 -> Executing | AU5: =AP5 -> Arranger | AV5: =AR5 -> 0 | AZ5: People/ Theme Count | BF5: Filtered Theme Sum | BM5: People/ Theme Count - Top 5 | BS5: Filtered Theme Sum | CE5: Helper Columns | DG5: Donut Helper
Y6: 1 | Z6: Context | AA6: Strategic | AB6: =SUM(AC6:AF6) -> 0 | AC6: =IF($AA6=AC$3,COUNTIFS(Data_Table_1[Theme],$Z6,Data_Table_1[Theme Ranking],">="&VLOOKUP($E$3,Theme_Ranges[],2,0),Data_Table_1[Theme Ranking],"<="&VLOOKUP($E$3,Theme_Ranges[],3,0)),0) -> 0 | AD6: =IF($AA6=AD$3,COUNTIFS(Data_Table_1[Theme],$Z6,Data_Table_1[Theme Ranking],">="&VLOOKUP($E$3,Theme_Ranges[],2,0),Data_Table_1[Theme Ranking],"<="&VLOOKUP($E$3,Theme_Ranges[],3,0)),0) -> 0 | AE6: =IF($AA6=AE$3,COUNTIFS(Data_Table_1[Theme],$Z6,Data_Table_1[Theme Ranking],">="&VLOOKUP($E$3,Theme_Ranges[],2,0),Data_Table_1[Theme Ranking],"<="&VLOOKUP($E$3,Theme_Ranges[],3,0)),0) -> 0 | AF6: =IF($AA6=AF$3,COUNTIFS(Data_Table_1[Theme],$Z6,Data_Table_1[Theme Ranking],">="&VLOOKUP($E$3,Theme_Ranges[],2,0),Data_Table_1[Theme Ranking],"<="&VLOOKUP($E$3,Theme_Ranges[],3,0)),0) -> 0 | AH6: Futuristic | AI6: Strategic | AJ6: 0 | AK6: =IF(IFERROR(VLOOKUP($AH6,$Z:$AF,4,0),0)>0,VLOOKUP($AH6,$Z:$AF,4,0),NA()) -> #N/A | AL6: =IF(IFERROR(VLOOKUP($AH6,$Z:$AF,5,0),"")>0,VLOOKUP($AH6,$Z:$AF,5,0),NA()) -> #N/A | AM6: =IF(IFERROR(VLOOKUP($AH6,$Z:$AF,6,0),0)>0,VLOOKUP($AH6,$Z:$AF,6,0),NA()) -> #N/A | AN6: =IF(IFERROR(VLOOKUP($AH6,$Z:$AF,7,0),0)>0,VLOOKUP($AH6,$Z:$AF,7,0),NA()) -> #N/A | AP6: Belief | AQ6: Executing | AR6: 0 | AT6: =AQ6 -> Executing | AU6: =AP6 -> Belief | AV6: =AR6 -> 0 | AX6: Helper | AZ6: ='Team Grid'!AW6 -> Total People | BA6: ='Team Grid'!AX6 -> Executing | BB6: ='Team Grid'!AY6 -> Influencing | BC6: ='Team Grid'!AZ6 -> Relationship Building | BD6: ='Team Grid'!BA6 -> Strategic Thinking | BF6: =BA6 -> Executing | BG6: =BB6 -> Influencing | BH6: =BC6 -> Relationship Building | BI6: =BD6 -> Strategic Thinking | BK6: Helper | BM6: =AZ6 -> Total People | BN6: =BA6 -> Executing | BO6: =BB6 -> Influencing | BP6: =BC6 -> Relationship Building | BQ6: =BD6 -> Strategic Thinking | BS6: =BF6 -> Executing | BT6: =BG6 -> Influencing | BU6: =BH6 -> Relationship Building | BV6: =BI6 -> Strategic Thinking | BX6: ='Team Grid'!BC6 -> Achiever | BY6: ='Team Grid'!BD6 -> Arranger | BZ6: ='Team Grid'!BE6 -> Belief | CA6: ='Team Grid'!BF6 -> Consistency | CB6: ='Team Grid'!BG6 -> Deliberative | CC6: ='Team Grid'!BH6 -> Discipline | CD6: ='Team Grid'!BI6 -> Focus | CE6: ='Team Grid'!BJ6 -> Responsibility | ... DE6: ='Team Grid'!CJ6 -> Strategic | DH6: =BA6 -> Executing | DI6: =BB6 -> Influencing | DJ6: =BC6 -> Relationship Building | DK6: =BD6 -> Strategic Thinking
Y7: 1 | Z7: Futuristic | AA7: Strategic | AB7: =SUM(AC7:AF7) -> 0 | AC7: =IF($AA7=AC$3,COUNTIFS(Data_Table_1[Theme],$Z7,Data_Table_1[Theme Ranking],">="&VLOOKUP($E$3,Theme_Ranges[],2,0),Data_Table_1[Theme Ranking],"<="&VLOOKUP($E$3,Theme_Ranges[],3,0)),0) -> 0 | AD7: =IF($AA7=AD$3,COUNTIFS(Data_Table_1[Theme],$Z7,Data_Table_1[Theme Ranking],">="&VLOOKUP($E$3,Theme_Ranges[],2,0),Data_Table_1[Theme Ranking],"<="&VLOOKUP($E$3,Theme_Ranges[],3,0)),0) -> 0 | AE7: =IF($AA7=AE$3,COUNTIFS(Data_Table_1[Theme],$Z7,Data_Table_1[Theme Ranking],">="&VLOOKUP($E$3,Theme_Ranges[],2,0),Data_Table_1[Theme Ranking],"<="&VLOOKUP($E$3,Theme_Ranges[],3,0)),0) -> 0 | AF7: =IF($AA7=AF$3,COUNTIFS(Data_Table_1[Theme],$Z7,Data_Table_1[Theme Ranking],">="&VLOOKUP($E$3,Theme_Ranges[],2,0),Data_Table_1[Theme Ranking],"<="&VLOOKUP($E$3,Theme_Ranges[],3,0)),0) -> 0 | AH7: Ideation | AI7: Strategic | AJ7: 0 | AK7: =IF(IFERROR(VLOOKUP($AH7,$Z:$AF,4,0),0)>0,VLOOKUP($AH7,$Z:$AF,4,0),NA()) -> #N/A | AL7: =IF(IFERROR(VLOOKUP($AH7,$Z:$AF,5,0),"")>0,VLOOKUP($AH7,$Z:$AF,5,0),NA()) -> #N/A | AM7: =IF(IFERROR(VLOOKUP($AH7,$Z:$AF,6,0),0)>0,VLOOKUP($AH7,$Z:$AF,6,0),NA()) -> #N/A | AN7: =IF(IFERROR(VLOOKUP($AH7,$Z:$AF,7,0),0)>0,VLOOKUP($AH7,$Z:$AF,7,0),NA()) -> #N/A | AP7: Consistency | AQ7: Executing | AR7: 0 | AT7: =AQ7 -> Executing | AU7: =AP7 -> Consistency | AV7: =AR7 -> 0 | AX7: Top End | AY7: Bottom End | AZ7: =SUBTOTAL(9,AZ9:AZ60) -> 0 | BA7: =SUBTOTAL(9,BA9:BA60) -> 0 | BB7: =SUBTOTAL(9,BB9:BB60) -> 0 | BC7: =SUBTOTAL(9,BC9:BC60) -> 0 | BD7: =SUBTOTAL(9,BD9:BD60) -> 0 | BF7: =SUBTOTAL(9,BF9:BF60) -> 0 | BG7: =SUBTOTAL(9,BG9:BG60) -> 0 | BH7: =SUBTOTAL(9,BH9:BH60) -> 0 | BI7: =SUBTOTAL(9,BI9:BI60) -> 0 | BK7: Top End | BL7: Bottom End | BM7: =SUBTOTAL(9,BM9:BM60) -> 0 | BN7: =SUBTOTAL(9,BN9:BN60) -> 0 | BO7: =SUBTOTAL(9,BO9:BO60) -> 0 | BP7: =SUBTOTAL(9,BP9:BP60) -> 0 | BQ7: =SUBTOTAL(9,BQ9:BQ60) -> 0 | BS7: =SUBTOTAL(9,BS9:BS60) -> 0 | BT7: =SUBTOTAL(9,BT9:BT60) -> 0 | BU7: =SUBTOTAL(9,BU9:BU60) -> 0 | BV7: =SUBTOTAL(9,BV9:BV60) -> 0 | DG7: Has | DH7: =BA7 -> 0 | DI7: =BB7 -> 0 | DJ7: =BC7 -> 0 | DK7: =BD7 -> 0
Y8: 1 | Z8: Ideation | AA8: Strategic | AB8: =SUM(AC8:AF8) -> 0 | AC8: =IF($AA8=AC$3,COUNTIFS(Data_Table_1[Theme],$Z8,Data_Table_1[Theme Ranking],">="&VLOOKUP($E$3,Theme_Ranges[],2,0),Data_Table_1[Theme Ranking],"<="&VLOOKUP($E$3,Theme_Ranges[],3,0)),0) -> 0 | AD8: =IF($AA8=AD$3,COUNTIFS(Data_Table_1[Theme],$Z8,Data_Table_1[Theme Ranking],">="&VLOOKUP($E$3,Theme_Ranges[],2,0),Data_Table_1[Theme Ranking],"<="&VLOOKUP($E$3,Theme_Ranges[],3,0)),0) -> 0 | AE8: =IF($AA8=AE$3,COUNTIFS(Data_Table_1[Theme],$Z8,Data_Table_1[Theme Ranking],">="&VLOOKUP($E$3,Theme_Ranges[],2,0),Data_Table_1[Theme Ranking],"<="&VLOOKUP($E$3,Theme_Ranges[],3,0)),0) -> 0 | AF8: =IF($AA8=AF$3,COUNTIFS(Data_Table_1[Theme],$Z8,Data_Table_1[Theme Ranking],">="&VLOOKUP($E$3,Theme_Ranges[],2,0),Data_Table_1[Theme Ranking],"<="&VLOOKUP($E$3,Theme_Ranges[],3,0)),0) -> 0 | AH8: Input | AI8: Strategic | AJ8: 0 | AK8: =IF(IFERROR(VLOOKUP($AH8,$Z:$AF,4,0),0)>0,VLOOKUP($AH8,$Z:$AF,4,0),NA()) -> #N/A | AL8: =IF(IFERROR(VLOOKUP($AH8,$Z:$AF,5,0),"")>0,VLOOKUP($AH8,$Z:$AF,5,0),NA()) -> #N/A | AM8: =IF(IFERROR(VLOOKUP($AH8,$Z:$AF,6,0),0)>0,VLOOKUP($AH8,$Z:$AF,6,0),NA()) -> #N/A | AN8: =IF(IFERROR(VLOOKUP($AH8,$Z:$AF,7,0),0)>0,VLOOKUP($AH8,$Z:$AF,7,0),NA()) -> #N/A | AP8: Deliberative | AQ8: Executing | AR8: 0 | AT8: =AQ8 -> Executing | AU8: =AP8 -> Deliberative | AV8: =AR8 -> 0 | AX8: =AY8 -> Top 5 | AY8: =$E$3 -> Top 5 | BF8: =BF7/SUM($BF$7:$BI$7) -> #DIV/0! | BG8: =BG7/SUM($BF$7:$BI$7) -> #DIV/0! | BH8: =BH7/SUM($BF$7:$BI$7) -> #DIV/0! | BI8: =BI7/SUM($BF$7:$BI$7) -> #DIV/0! | BK8: =BL8 -> Top 5 | BL8: =$E$3 -> Top 5 | BS8: =BS7/SUM($BF$7:$BI$7) -> #DIV/0! | BT8: =BT7/SUM($BF$7:$BI$7) -> #DIV/0! | BU8: =BU7/SUM($BF$7:$BI$7) -> #DIV/0! | BV8: =BV7/SUM($BF$7:$BI$7) -> #DIV/0! | DG8: Has Not | DH8: =$AZ$7-DH7 -> 0 | DI8: =$AZ$7-DI7 -> 0 | DJ8: =$AZ$7-DJ7 -> 0 | DK8: =$AZ$7-DK7 -> 0
Y9: 1 | Z9: Input | AA9: Strategic | AB9: =SUM(AC9:AF9) -> 0 | AC9: =IF($AA9=AC$3,COUNTIFS(Data_Table_1[Theme],$Z9,Data_Table_1[Theme Ranking],">="&VLOOKUP($E$3,Theme_Ranges[],2,0),Data_Table_1[Theme Ranking],"<="&VLOOKUP($E$3,Theme_Ranges[],3,0)),0) -> 0 | AD9: =IF($AA9=AD$3,COUNTIFS(Data_Table_1[Theme],$Z9,Data_Table_1[Theme Ranking],">="&VLOOKUP($E$3,Theme_Ranges[],2,0),Data_Table_1[Theme Ranking],"<="&VLOOKUP($E$3,Theme_Ranges[],3,0)),0) -> 0 | AE9: =IF($AA9=AE$3,COUNTIFS(Data_Table_1[Theme],$Z9,Data_Table_1[Theme Ranking],">="&VLOOKUP($E$3,Theme_Ranges[],2,0),Data_Table_1[Theme Ranking],"<="&VLOOKUP($E$3,Theme_Ranges[],3,0)),0) -> 0 | AF9: =IF($AA9=AF$3,COUNTIFS(Data_Table_1[Theme],$Z9,Data_Table_1[Theme Ranking],">="&VLOOKUP($E$3,Theme_Ranges[],2,0),Data_Table_1[Theme Ranking],"<="&VLOOKUP($E$3,Theme_Ranges[],3,0)),0) -> 0 | AH9: Intellection | AI9: Strategic | AJ9: 0 | AK9: =IF(IFERROR(VLOOKUP($AH9,$Z:$AF,4,0),0)>0,VLOOKUP($AH9,$Z:$AF,4,0),NA()) -> #N/A | AL9: =IF(IFERROR(VLOOKUP($AH9,$Z:$AF,5,0),"")>0,VLOOKUP($AH9,$Z:$AF,5,0),NA()) -> #N/A | AM9: =IF(IFERROR(VLOOKUP($AH9,$Z:$AF,6,0),0)>0,VLOOKUP($AH9,$Z:$AF,6,0),NA()) -> #N/A | AN9: =IF(IFERROR(VLOOKUP($AH9,$Z:$AF,7,0),0)>0,VLOOKUP($AH9,$Z:$AF,7,0),NA()) -> #N/A | AP9: Discipline | AQ9: Executing | AR9: 0 | AT9: =AQ9 -> Executing | AU9: =AP9 -> Discipline | AV9: =AR9 -> 0 | AX9: =VLOOKUP($AY$8,Theme_Ranges[],2,0) -> 1 | AY9: =VLOOKUP($AY$8,Theme_Ranges[],3,0) -> 5 | AZ9: ='Team Grid'!AW9 -> 0 | BA9: =IF(COUNTIF($BX9:$CF9,"<="&AY9)>0,1,0) -> 0 | BB9: =IF(COUNTIF($CG9:$CN9,"<="&AY9)>0,1,0) -> 0 | BC9: =IF(COUNTIF($CO9:$CW9,"<="&AY9)>0,1,0) -> 0 | BD9: =IF(COUNTIF($CX9:$DE9,"<="&AY9)>0,1,0) -> 0 | BF9: =COUNTIFS($BX9:$CF9,">="&$AX9,$BX9:$CF9,"<="&$AY9) -> 0 | BG9: =COUNTIFS($CG9:$CN9,">="&$AX9,$CG9:$CN9,"<="&$AY9) -> 0 | BH9: =COUNTIFS($CO9:$CW9,">="&$AX9,$CO9:$CW9,"<="&$AY9) -> 0 | BI9: =COUNTIFS($CX9:$DE9,">="&$AX9,$CX9:$DE9,"<="&$AY9) -> 0 | BK9: 1 | BL9: 5 | BM9: =IF(SUM(BX9:DE9)>0,1,0) -> 0 | BN9: =IF(COUNTIF($BX9:$CF9,"<="&BL9)>0,1,0) -> 0 | BO9: =IF(COUNTIF($CG9:$CN9,"<="&BL9)>0,1,0) -> 0 | BP9: =IF(COUNTIF($CO9:$CW9,"<="&BL9)>0,1,0) -> 0 | BQ9: =IF(COUNTIF($CX9:$DE9,"<="&BL9)>0,1,0) -> 0 | BS9: =COUNTIFS($BX9:$CF9,">="&$BK9,$BX9:$CF9,"<="&$BL9) -> 0 | BT9: =COUNTIFS($CG9:$CN9,">="&$BK9,$CG9:$CN9,"<="&$BL9) -> 0 | BU9: =COUNTIFS($CO9:$CW9,">="&$BK9,$CO9:$CW9,"<="&$BL9) -> 0 | BV9: =COUNTIFS($CX9:$DE9,">="&$BK9,$CX9:$DE9,"<="&$BL9) -> 0 | BX9: ='Team Grid'!BC9 | BY9: ='Team Grid'!BD9 | BZ9: ='Team Grid'!BE9 | CA9: ='Team Grid'!BF9 | CB9: ='Team Grid'!BG9 | CC9: ='Team Grid'!BH9 | CD9: ='Team Grid'!BI9 | CE9: ='Team Grid'!BJ9 | ... DE9: ='Team Grid'!CJ9
Y10: 1 | Z10: Intellection | AA10: Strategic | AB10: =SUM(AC10:AF10) -> 0 | AC10: =IF($AA10=AC$3,COUNTIFS(Data_Table_1[Theme],$Z10,Data_Table_1[Theme Ranking],">="&VLOOKUP($E$3,Theme_Ranges[],2,0),Data_Table_1[Theme Ranking],"<="&VLOOKUP($E$3,Theme_Ranges[],3,0)),0) -> 0 | AD10: =IF($AA10=AD$3,COUNTIFS(Data_Table_1[Theme],$Z10,Data_Table_1[Theme Ranking],">="&VLOOKUP($E$3,Theme_Ranges[],2,0),Data_Table_1[Theme Ranking],"<="&VLOOKUP($E$3,Theme_Ranges[],3,0)),0) -> 0 | AE10: =IF($AA10=AE$3,COUNTIFS(Data_Table_1[Theme],$Z10,Data_Table_1[Theme Ranking],">="&VLOOKUP($E$3,Theme_Ranges[],2,0),Data_Table_1[Theme Ranking],"<="&VLOOKUP($E$3,Theme_Ranges[],3,0)),0) -> 0 | AF10: =IF($AA10=AF$3,COUNTIFS(Data_Table_1[Theme],$Z10,Data_Table_1[Theme Ranking],">="&VLOOKUP($E$3,Theme_Ranges[],2,0),Data_Table_1[Theme Ranking],"<="&VLOOKUP($E$3,Theme_Ranges[],3,0)),0) -> 0 | AH10: Learner | AI10: Strategic | AJ10: 0 | AK10: =IF(IFERROR(VLOOKUP($AH10,$Z:$AF,4,0),0)>0,VLOOKUP($AH10,$Z:$AF,4,0),NA()) -> #N/A | AL10: =IF(IFERROR(VLOOKUP($AH10,$Z:$AF,5,0),"")>0,VLOOKUP($AH10,$Z:$AF,5,0),NA()) -> #N/A | AM10: =IF(IFERROR(VLOOKUP($AH10,$Z:$AF,6,0),0)>0,VLOOKUP($AH10,$Z:$AF,6,0),NA()) -> #N/A | AN10: =IF(IFERROR(VLOOKUP($AH10,$Z:$AF,7,0),0)>0,VLOOKUP($AH10,$Z:$AF,7,0),NA()) -> #N/A | AP10: Focus | AQ10: Executing | AR10: 0 | AT10: =AQ10 -> Executing | AU10: =AP10 -> Focus | AV10: =AR10 -> 0 | AX10: =VLOOKUP($AY$8,Theme_Ranges[],2,0) -> 1 | AY10: =VLOOKUP($AY$8,Theme_Ranges[],3,0) -> 5 | AZ10: ='Team Grid'!AW10 -> 0 | BA10: =IF(COUNTIF($BX10:$CF10,"<="&AY10)>0,1,0) -> 0 | BB10: =IF(COUNTIF($CG10:$CN10,"<="&AY10)>0,1,0) -> 0 | BC10: =IF(COUNTIF($CO10:$CW10,"<="&AY10)>0,1,0) -> 0 | BD10: =IF(COUNTIF($CX10:$DE10,"<="&AY10)>0,1,0) -> 0 | BF10: =COUNTIFS($BX10:$CF10,">="&$AX10,$BX10:$CF10,"<="&$AY10) -> 0 | BG10: =COUNTIFS($CG10:$CN10,">="&$AX10,$CG10:$CN10,"<="&$AY10) -> 0 | BH10: =COUNTIFS($CO10:$CW10,">="&$AX10,$CO10:$CW10,"<="&$AY10) -> 0 | BI10: =COUNTIFS($CX10:$DE10,">="&$AX10,$CX10:$DE10,"<="&$AY10) -> 0 | BK10: 1 | BL10: 5 | BM10: =IF(SUM(BX10:DE10)>0,1,0) -> 0 | BN10: =IF(COUNTIF($BX10:$CF10,"<="&BL10)>0,1,0) -> 0 | BO10: =IF(COUNTIF($CG10:$CN10,"<="&BL10)>0,1,0) -> 0 | BP10: =IF(COUNTIF($CO10:$CW10,"<="&BL10)>0,1,0) -> 0 | BQ10: =IF(COUNTIF($CX10:$DE10,"<="&BL10)>0,1,0) -> 0 | BS10: =COUNTIFS($BX10:$CF10,">="&$BK10,$BX10:$CF10,"<="&$BL10) -> 0 | BT10: =COUNTIFS($CG10:$CN10,">="&$BK10,$CG10:$CN10,"<="&$BL10) -> 0 | BU10: =COUNTIFS($CO10:$CW10,">="&$BK10,$CO10:$CW10,"<="&$BL10) -> 0 | BV10: =COUNTIFS($CX10:$DE10,">="&$BK10,$CX10:$DE10,"<="&$BL10) -> 0 | BX10: ='Team Grid'!BC10 | BY10: ='Team Grid'!BD10 | BZ10: ='Team Grid'!BE10 | CA10: ='Team Grid'!BF10 | CB10: ='Team Grid'!BG10 | CC10: ='Team Grid'!BH10 | CD10: ='Team Grid'!BI10 | CE10: ='Team Grid'!BJ10 | ... DE10: ='Team Grid'!CJ10 | DG10: % Total | DH10: =DH7/SUM($DH$7:$DK$7) -> #DIV/0! | DI10: =DI7/SUM($DH$7:$DK$7) -> #DIV/0! | DJ10: =DJ7/SUM($DH$7:$DK$7) -> #DIV/0! | DK10: =DK7/SUM($DH$7:$DK$7) -> #DIV/0!
Y11: 1 | Z11: Learner | AA11: Strategic | AB11: =SUM(AC11:AF11) -> 0 | AC11: =IF($AA11=AC$3,COUNTIFS(Data_Table_1[Theme],$Z11,Data_Table_1[Theme Ranking],">="&VLOOKUP($E$3,Theme_Ranges[],2,0),Data_Table_1[Theme Ranking],"<="&VLOOKUP($E$3,Theme_Ranges[],3,0)),0) -> 0 | AD11: =IF($AA11=AD$3,COUNTIFS(Data_Table_1[Theme],$Z11,Data_Table_1[Theme Ranking],">="&VLOOKUP($E$3,Theme_Ranges[],2,0),Data_Table_1[Theme Ranking],"<="&VLOOKUP($E$3,Theme_Ranges[],3,0)),0) -> 0 | AE11: =IF($AA11=AE$3,COUNTIFS(Data_Table_1[Theme],$Z11,Data_Table_1[Theme Ranking],">="&VLOOKUP($E$3,Theme_Ranges[],2,0),Data_Table_1[Theme Ranking],"<="&VLOOKUP($E$3,Theme_Ranges[],3,0)),0) -> 0 | AF11: =IF($AA11=AF$3,COUNTIFS(Data_Table_1[Theme],$Z11,Data_Table_1[Theme Ranking],">="&VLOOKUP($E$3,Theme_Ranges[],2,0),Data_Table_1[Theme Ranking],"<="&VLOOKUP($E$3,Theme_Ranges[],3,0)),0) -> 0 | AH11: Strategic | AI11: Strategic | AJ11: 0 | AK11: =IF(IFERROR(VLOOKUP($AH11,$Z:$AF,4,0),0)>0,VLOOKUP($AH11,$Z:$AF,4,0),NA()) -> #N/A | AL11: =IF(IFERROR(VLOOKUP($AH11,$Z:$AF,5,0),"")>0,VLOOKUP($AH11,$Z:$AF,5,0),NA()) -> #N/A | AM11: =IF(IFERROR(VLOOKUP($AH11,$Z:$AF,6,0),0)>0,VLOOKUP($AH11,$Z:$AF,6,0),NA()) -> #N/A | AN11: =IF(IFERROR(VLOOKUP($AH11,$Z:$AF,7,0),0)>0,VLOOKUP($AH11,$Z:$AF,7,0),NA()) -> #N/A | AP11: Responsibility | AQ11: Executing | AR11: 0 | AT11: =AQ11 -> Executing | AU11: =AP11 -> Responsibility | AV11: =AR11 -> 0 | AX11: =VLOOKUP($AY$8,Theme_Ranges[],2,0) -> 1 | AY11: =VLOOKUP($AY$8,Theme_Ranges[],3,0) -> 5 | AZ11: ='Team Grid'!AW11 -> 0 | BA11: =IF(COUNTIF($BX11:$CF11,"<="&AY11)>0,1,0) -> 0 | BB11: =IF(COUNTIF($CG11:$CN11,"<="&AY11)>0,1,0) -> 0 | BC11: =IF(COUNTIF($CO11:$CW11,"<="&AY11)>0,1,0) -> 0 | BD11: =IF(COUNTIF($CX11:$DE11,"<="&AY11)>0,1,0) -> 0 | BF11: =COUNTIFS($BX11:$CF11,">="&$AX11,$BX11:$CF11,"<="&$AY11) -> 0 | BG11: =COUNTIFS($CG11:$CN11,">="&$AX11,$CG11:$CN11,"<="&$AY11) -> 0 | BH11: =COUNTIFS($CO11:$CW11,">="&$AX11,$CO11:$CW11,"<="&$AY11) -> 0 | BI11: =COUNTIFS($CX11:$DE11,">="&$AX11,$CX11:$DE11,"<="&$AY11) -> 0 | BK11: 1 | BL11: 5 | BM11: =IF(SUM(BX11:DE11)>0,1,0) -> 0 | BN11: =IF(COUNTIF($BX11:$CF11,"<="&BL11)>0,1,0) -> 0 | BO11: =IF(COUNTIF($CG11:$CN11,"<="&BL11)>0,1,0) -> 0 | BP11: =IF(COUNTIF($CO11:$CW11,"<="&BL11)>0,1,0) -> 0 | BQ11: =IF(COUNTIF($CX11:$DE11,"<="&BL11)>0,1,0) -> 0 | BS11: =COUNTIFS($BX11:$CF11,">="&$BK11,$BX11:$CF11,"<="&$BL11) -> 0 | BT11: =COUNTIFS($CG11:$CN11,">="&$BK11,$CG11:$CN11,"<="&$BL11) -> 0 | BU11: =COUNTIFS($CO11:$CW11,">="&$BK11,$CO11:$CW11,"<="&$BL11) -> 0 | BV11: =COUNTIFS($CX11:$DE11,">="&$BK11,$CX11:$DE11,"<="&$BL11) -> 0 | BX11: ='Team Grid'!BC11 | BY11: ='Team Grid'!BD11 | BZ11: ='Team Grid'!BE11 | CA11: ='Team Grid'!BF11 | CB11: ='Team Grid'!BG11 | CC11: ='Team Grid'!BH11 | CD11: ='Team Grid'!BI11 | CE11: ='Team Grid'!BJ11 | ... DE11: ='Team Grid'!CJ11
Y12: 1 | Z12: Strategic | AA12: Strategic | AB12: =SUM(AC12:AF12) -> 0 | AC12: =IF($AA12=AC$3,COUNTIFS(Data_Table_1[Theme],$Z12,Data_Table_1[Theme Ranking],">="&VLOOKUP($E$3,Theme_Ranges[],2,0),Data_Table_1[Theme Ranking],"<="&VLOOKUP($E$3,Theme_Ranges[],3,0)),0) -> 0 | AD12: =IF($AA12=AD$3,COUNTIFS(Data_Table_1[Theme],$Z12,Data_Table_1[Theme Ranking],">="&VLOOKUP($E$3,Theme_Ranges[],2,0),Data_Table_1[Theme Ranking],"<="&VLOOKUP($E$3,Theme_Ranges[],3,0)),0) -> 0 | AE12: =IF($AA12=AE$3,COUNTIFS(Data_Table_1[Theme],$Z12,Data_Table_1[Theme Ranking],">="&VLOOKUP($E$3,Theme_Ranges[],2,0),Data_Table_1[Theme Ranking],"<="&VLOOKUP($E$3,Theme_Ranges[],3,0)),0) -> 0 | AF12: =IF($AA12=AF$3,COUNTIFS(Data_Table_1[Theme],$Z12,Data_Table_1[Theme Ranking],">="&VLOOKUP($E$3,Theme_Ranges[],2,0),Data_Table_1[Theme Ranking],"<="&VLOOKUP($E$3,Theme_Ranges[],3,0)),0) -> 0 | AH12: Activator | AI12: Influencing | AJ12: 0 | AK12: =IF(IFERROR(VLOOKUP($AH12,$Z:$AF,4,0),0)>0,VLOOKUP($AH12,$Z:$AF,4,0),NA()) -> #N/A | AL12: =IF(IFERROR(VLOOKUP($AH12,$Z:$AF,5,0),"")>0,VLOOKUP($AH12,$Z:$AF,5,0),NA()) -> #N/A | AM12: =IF(IFERROR(VLOOKUP($AH12,$Z:$AF,6,0),0)>0,VLOOKUP($AH12,$Z:$AF,6,0),NA()) -> #N/A | AN12: =IF(IFERROR(VLOOKUP($AH12,$Z:$AF,7,0),0)>0,VLOOKUP($AH12,$Z:$AF,7,0),NA()) -> #N/A | AP12: Restorative | AQ12: Executing | AR12: 0 | AT12: =AQ12 -> Executing | AU12: =AP12 -> Restorative | AV12: =AR12 -> 0 | AX12: =VLOOKUP($AY$8,Theme_Ranges[],2,0) -> 1 | AY12: =VLOOKUP($AY$8,Theme_Ranges[],3,0) -> 5 | AZ12: ='Team Grid'!AW12 -> 0 | BA12: =IF(COUNTIF($BX12:$CF12,"<="&AY12)>0,1,0) -> 0 | BB12: =IF(COUNTIF($CG12:$CN12,"<="&AY12)>0,1,0) -> 0 | BC12: =IF(COUNTIF($CO12:$CW12,"<="&AY12)>0,1,0) -> 0 | BD12: =IF(COUNTIF($CX12:$DE12,"<="&AY12)>0,1,0) -> 0 | BF12: =COUNTIFS($BX12:$CF12,">="&$AX12,$BX12:$CF12,"<="&$AY12) -> 0 | BG12: =COUNTIFS($CG12:$CN12,">="&$AX12,$CG12:$CN12,"<="&$AY12) -> 0 | BH12: =COUNTIFS($CO12:$CW12,">="&$AX12,$CO12:$CW12,"<="&$AY12) -> 0 | BI12: =COUNTIFS($CX12:$DE12,">="&$AX12,$CX12:$DE12,"<="&$AY12) -> 0 | BK12: 1 | BL12: 5 | BM12: =IF(SUM(BX12:DE12)>0,1,0) -> 0 | BN12: =IF(COUNTIF($BX12:$CF12,"<="&BL12)>0,1,0) -> 0 | BO12: =IF(COUNTIF($CG12:$CN12,"<="&BL12)>0,1,0) -> 0 | BP12: =IF(COUNTIF($CO12:$CW12,"<="&BL12)>0,1,0) -> 0 | BQ12: =IF(COUNTIF($CX12:$DE12,"<="&BL12)>0,1,0) -> 0 | BS12: =COUNTIFS($BX12:$CF12,">="&$BK12,$BX12:$CF12,"<="&$BL12) -> 0 | BT12: =COUNTIFS($CG12:$CN12,">="&$BK12,$CG12:$CN12,"<="&$BL12) -> 0 | BU12: =COUNTIFS($CO12:$CW12,">="&$BK12,$CO12:$CW12,"<="&$BL12) -> 0 | BV12: =COUNTIFS($CX12:$DE12,">="&$BK12,$CX12:$DE12,"<="&$BL12) -> 0 | BX12: ='Team Grid'!BC12 | BY12: ='Team Grid'!BD12 | BZ12: ='Team Grid'!BE12 | CA12: ='Team Grid'!BF12 | CB12: ='Team Grid'!BG12 | CC12: ='Team Grid'!BH12 | CD12: ='Team Grid'!BI12 | CE12: ='Team Grid'!BJ12 | ... DE12: ='Team Grid'!CJ12
AH13: Command | AI13: Influencing | AJ13: 0 | AK13: =IF(IFERROR(VLOOKUP($AH13,$Z:$AF,4,0),0)>0,VLOOKUP($AH13,$Z:$AF,4,0),NA()) -> #N/A | AL13: =IF(IFERROR(VLOOKUP($AH13,$Z:$AF,5,0),"")>0,VLOOKUP($AH13,$Z:$AF,5,0),NA()) -> #N/A | AM13: =IF(IFERROR(VLOOKUP($AH13,$Z:$AF,6,0),0)>0,VLOOKUP($AH13,$Z:$AF,6,0),NA()) -> #N/A | AN13: =IF(IFERROR(VLOOKUP($AH13,$Z:$AF,7,0),0)>0,VLOOKUP($AH13,$Z:$AF,7,0),NA()) -> #N/A | AP13: Activator | AQ13: Influencing | AR13: 0 | AT13: =AQ13 -> Influencing | AU13: =AP13 -> Activator | AV13: =AR13 -> 0 | AX13: =VLOOKUP($AY$8,Theme_Ranges[],2,0) -> 1 | AY13: =VLOOKUP($AY$8,Theme_Ranges[],3,0) -> 5 | AZ13: ='Team Grid'!AW13 -> 0 | BA13: =IF(COUNTIF($BX13:$CF13,"<="&AY13)>0,1,0) -> 0 | BB13: =IF(COUNTIF($CG13:$CN13,"<="&AY13)>0,1,0) -> 0 | BC13: =IF(COUNTIF($CO13:$CW13,"<="&AY13)>0,1,0) -> 0 | BD13: =IF(COUNTIF($CX13:$DE13,"<="&AY13)>0,1,0) -> 0 | BF13: =COUNTIFS($BX13:$CF13,">="&$AX13,$BX13:$CF13,"<="&$AY13) -> 0 | BG13: =COUNTIFS($CG13:$CN13,">="&$AX13,$CG13:$CN13,"<="&$AY13) -> 0 | BH13: =COUNTIFS($CO13:$CW13,">="&$AX13,$CO13:$CW13,"<="&$AY13) -> 0 | BI13: =COUNTIFS($CX13:$DE13,">="&$AX13,$CX13:$DE13,"<="&$AY13) -> 0 | BK13: 1 | BL13: 5 | BM13: =IF(SUM(BX13:DE13)>0,1,0) -> 0 | BN13: =IF(COUNTIF($BX13:$CF13,"<="&BL13)>0,1,0) -> 0 | BO13: =IF(COUNTIF($CG13:$CN13,"<="&BL13)>0,1,0) -> 0 | BP13: =IF(COUNTIF($CO13:$CW13,"<="&BL13)>0,1,0) -> 0 | BQ13: =IF(COUNTIF($CX13:$DE13,"<="&BL13)>0,1,0) -> 0 | BS13: =COUNTIFS($BX13:$CF13,">="&$BK13,$BX13:$CF13,"<="&$BL13) -> 0 | BT13: =COUNTIFS($CG13:$CN13,">="&$BK13,$CG13:$CN13,"<="&$BL13) -> 0 | BU13: =COUNTIFS($CO13:$CW13,">="&$BK13,$CO13:$CW13,"<="&$BL13) -> 0 | BV13: =COUNTIFS($CX13:$DE13,">="&$BK13,$CX13:$DE13,"<="&$BL13) -> 0 | BX13: ='Team Grid'!BC13 | BY13: ='Team Grid'!BD13 | BZ13: ='Team Grid'!BE13 | CA13: ='Team Grid'!BF13 | CB13: ='Team Grid'!BG13 | CC13: ='Team Grid'!BH13 | CD13: ='Team Grid'!BI13 | CE13: ='Team Grid'!BJ13 | ... DE13: ='Team Grid'!CJ13
Y14: 2 | Z14: Activator | AA14: Influencing | AB14: =SUM(AC14:AF14) -> 0 | AC14: =IF($AA14=AC$3,COUNTIFS(Data_Table_1[Theme],$Z14,Data_Table_1[Theme Ranking],">="&VLOOKUP($E$3,Theme_Ranges[],2,0),Data_Table_1[Theme Ranking],"<="&VLOOKUP($E$3,Theme_Ranges[],3,0)),0) -> 0 | AD14: =IF($AA14=AD$3,COUNTIFS(Data_Table_1[Theme],$Z14,Data_Table_1[Theme Ranking],">="&VLOOKUP($E$3,Theme_Ranges[],2,0),Data_Table_1[Theme Ranking],"<="&VLOOKUP($E$3,Theme_Ranges[],3,0)),0) -> 0 | AE14: =IF($AA14=AE$3,COUNTIFS(Data_Table_1[Theme],$Z14,Data_Table_1[Theme Ranking],">="&VLOOKUP($E$3,Theme_Ranges[],2,0),Data_Table_1[Theme Ranking],"<="&VLOOKUP($E$3,Theme_Ranges[],3,0)),0) -> 0 | AF14: =IF($AA14=AF$3,COUNTIFS(Data_Table_1[Theme],$Z14,Data_Table_1[Theme Ranking],">="&VLOOKUP($E$3,Theme_Ranges[],2,0),Data_Table_1[Theme Ranking],"<="&VLOOKUP($E$3,Theme_Ranges[],3,0)),0) -> 0 | AH14: Communication | AI14: Influencing | AJ14: 0 | AK14: =IF(IFERROR(VLOOKUP($AH14,$Z:$AF,4,0),0)>0,VLOOKUP($AH14,$Z:$AF,4,0),NA()) -> #N/A | AL14: =IF(IFERROR(VLOOKUP($AH14,$Z:$AF,5,0),"")>0,VLOOKUP($AH14,$Z:$AF,5,0),NA()) -> #N/A | AM14: =IF(IFERROR(VLOOKUP($AH14,$Z:$AF,6,0),0)>0,VLOOKUP($AH14,$Z:$AF,6,0),NA()) -> #N/A | AN14: =IF(IFERROR(VLOOKUP($AH14,$Z:$AF,7,0),0)>0,VLOOKUP($AH14,$Z:$AF,7,0),NA()) -> #N/A | AP14: Command | AQ14: Influencing | AR14: 0 | AT14: =AQ14 -> Influencing | AU14: =AP14 -> Command | AV14: =AR14 -> 0 | AX14: =VLOOKUP($AY$8,Theme_Ranges[],2,0) -> 1 | AY14: =VLOOKUP($AY$8,Theme_Ranges[],3,0) -> 5 | AZ14: ='Team Grid'!AW14 -> 0 | BA14: =IF(COUNTIF($BX14:$CF14,"<="&AY14)>0,1,0) -> 0 | BB14: =IF(COUNTIF($CG14:$CN14,"<="&AY14)>0,1,0) -> 0 | BC14: =IF(COUNTIF($CO14:$CW14,"<="&AY14)>0,1,0) -> 0 | BD14: =IF(COUNTIF($CX14:$DE14,"<="&AY14)>0,1,0) -> 0 | BF14: =COUNTIFS($BX14:$CF14,">="&$AX14,$BX14:$CF14,"<="&$AY14) -> 0 | BG14: =COUNTIFS($CG14:$CN14,">="&$AX14,$CG14:$CN14,"<="&$AY14) -> 0 | BH14: =COUNTIFS($CO14:$CW14,">="&$AX14,$CO14:$CW14,"<="&$AY14) -> 0 | BI14: =COUNTIFS($CX14:$DE14,">="&$AX14,$CX14:$DE14,"<="&$AY14) -> 0 | BK14: 1 | BL14: 5 | BM14: =IF(SUM(BX14:DE14)>0,1,0) -> 0 | BN14: =IF(COUNTIF($BX14:$CF14,"<="&BL14)>0,1,0) -> 0 | BO14: =IF(COUNTIF($CG14:$CN14,"<="&BL14)>0,1,0) -> 0 | BP14: =IF(COUNTIF($CO14:$CW14,"<="&BL14)>0,1,0) -> 0 | BQ14: =IF(COUNTIF($CX14:$DE14,"<="&BL14)>0,1,0) -> 0 | BS14: =COUNTIFS($BX14:$CF14,">="&$BK14,$BX14:$CF14,"<="&$BL14) -> 0 | BT14: =COUNTIFS($CG14:$CN14,">="&$BK14,$CG14:$CN14,"<="&$BL14) -> 0 | BU14: =COUNTIFS($CO14:$CW14,">="&$BK14,$CO14:$CW14,"<="&$BL14) -> 0 | BV14: =COUNTIFS($CX14:$DE14,">="&$BK14,$CX14:$DE14,"<="&$BL14) -> 0 | BX14: ='Team Grid'!BC14 | BY14: ='Team Grid'!BD14 | BZ14: ='Team Grid'!BE14 | CA14: ='Team Grid'!BF14 | CB14: ='Team Grid'!BG14 | CC14: ='Team Grid'!BH14 | CD14: ='Team Grid'!BI14 | CE14: ='Team Grid'!BJ14 | ... DE14: ='Team Grid'!CJ14
Y15: 2 | Z15: Command | AA15: Influencing | AB15: =SUM(AC15:AF15) -> 0 | AC15: =IF($AA15=AC$3,COUNTIFS(Data_Table_1[Theme],$Z15,Data_Table_1[Theme Ranking],">="&VLOOKUP($E$3,Theme_Ranges[],2,0),Data_Table_1[Theme Ranking],"<="&VLOOKUP($E$3,Theme_Ranges[],3,0)),0) -> 0 | AD15: =IF($AA15=AD$3,COUNTIFS(Data_Table_1[Theme],$Z15,Data_Table_1[Theme Ranking],">="&VLOOKUP($E$3,Theme_Ranges[],2,0),Data_Table_1[Theme Ranking],"<="&VLOOKUP($E$3,Theme_Ranges[],3,0)),0) -> 0 | AE15: =IF($AA15=AE$3,COUNTIFS(Data_Table_1[Theme],$Z15,Data_Table_1[Theme Ranking],">="&VLOOKUP($E$3,Theme_Ranges[],2,0),Data_Table_1[Theme Ranking],"<="&VLOOKUP($E$3,Theme_Ranges[],3,0)),0) -> 0 | AF15: =IF($AA15=AF$3,COUNTIFS(Data_Table_1[Theme],$Z15,Data_Table_1[Theme Ranking],">="&VLOOKUP($E$3,Theme_Ranges[],2,0),Data_Table_1[Theme Ranking],"<="&VLOOKUP($E$3,Theme_Ranges[],3,0)),0) -> 0 | AH15: Competition | AI15: Influencing | AJ15: 0 | AK15: =IF(IFERROR(VLOOKUP($AH15,$Z:$AF,4,0),0)>0,VLOOKUP($AH15,$Z:$AF,4,0),NA()) -> #N/A | AL15: =IF(IFERROR(VLOOKUP($AH15,$Z:$AF,5,0),"")>0,VLOOKUP($AH15,$Z:$AF,5,0),NA()) -> #N/A | AM15: =IF(IFERROR(VLOOKUP($AH15,$Z:$AF,6,0),0)>0,VLOOKUP($AH15,$Z:$AF,6,0),NA()) -> #N/A | AN15: =IF(IFERROR(VLOOKUP($AH15,$Z:$AF,7,0),0)>0,VLOOKUP($AH15,$Z:$AF,7,0),NA()) -> #N/A | AP15: Communication | AQ15: Influencing | AR15: 0 | AT15: =AQ15 -> Influencing | AU15: =AP15 -> Communication | AV15: =AR15 -> 0 | AX15: =VLOOKUP($AY$8,Theme_Ranges[],2,0) -> 1 | AY15: =VLOOKUP($AY$8,Theme_Ranges[],3,0) -> 5 | AZ15: ='Team Grid'!AW15 -> 0 | BA15: =IF(COUNTIF($BX15:$CF15,"<="&AY15)>0,1,0) -> 0 | BB15: =IF(COUNTIF($CG15:$CN15,"<="&AY15)>0,1,0) -> 0 | BC15: =IF(COUNTIF($CO15:$CW15,"<="&AY15)>0,1,0) -> 0 | BD15: =IF(COUNTIF($CX15:$DE15,"<="&AY15)>0,1,0) -> 0 | BF15: =COUNTIFS($BX15:$CF15,">="&$AX15,$BX15:$CF15,"<="&$AY15) -> 0 | BG15: =COUNTIFS($CG15:$CN15,">="&$AX15,$CG15:$CN15,"<="&$AY15) -> 0 | BH15: =COUNTIFS($CO15:$CW15,">="&$AX15,$CO15:$CW15,"<="&$AY15) -> 0 | BI15: =COUNTIFS($CX15:$DE15,">="&$AX15,$CX15:$DE15,"<="&$AY15) -> 0 | BK15: 1 | BL15: 5 | BM15: =IF(SUM(BX15:DE15)>0,1,0) -> 0 | BN15: =IF(COUNTIF($BX15:$CF15,"<="&BL15)>0,1,0) -> 0 | BO15: =IF(COUNTIF($CG15:$CN15,"<="&BL15)>0,1,0) -> 0 | BP15: =IF(COUNTIF($CO15:$CW15,"<="&BL15)>0,1,0) -> 0 | BQ15: =IF(COUNTIF($CX15:$DE15,"<="&BL15)>0,1,0) -> 0 | BS15: =COUNTIFS($BX15:$CF15,">="&$BK15,$BX15:$CF15,"<="&$BL15) -> 0 | BT15: =COUNTIFS($CG15:$CN15,">="&$BK15,$CG15:$CN15,"<="&$BL15) -> 0 | BU15: =COUNTIFS($CO15:$CW15,">="&$BK15,$CO15:$CW15,"<="&$BL15) -> 0 | BV15: =COUNTIFS($CX15:$DE15,">="&$BK15,$CX15:$DE15,"<="&$BL15) -> 0 | BX15: ='Team Grid'!BC15 | BY15: ='Team Grid'!BD15 | BZ15: ='Team Grid'!BE15 | CA15: ='Team Grid'!BF15 | CB15: ='Team Grid'!BG15 | CC15: ='Team Grid'!BH15 | CD15: ='Team Grid'!BI15 | CE15: ='Team Grid'!BJ15 | ... DE15: ='Team Grid'!CJ15
Y16: 2 | Z16: Communication | AA16: Influencing | AB16: =SUM(AC16:AF16) -> 0 | AC16: =IF($AA16=AC$3,COUNTIFS(Data_Table_1[Theme],$Z16,Data_Table_1[Theme Ranking],">="&VLOOKUP($E$3,Theme_Ranges[],2,0),Data_Table_1[Theme Ranking],"<="&VLOOKUP($E$3,Theme_Ranges[],3,0)),0) -> 0 | AD16: =IF($AA16=AD$3,COUNTIFS(Data_Table_1[Theme],$Z16,Data_Table_1[Theme Ranking],">="&VLOOKUP($E$3,Theme_Ranges[],2,0),Data_Table_1[Theme Ranking],"<="&VLOOKUP($E$3,Theme_Ranges[],3,0)),0) -> 0 | AE16: =IF($AA16=AE$3,COUNTIFS(Data_Table_1[Theme],$Z16,Data_Table_1[Theme Ranking],">="&VLOOKUP($E$3,Theme_Ranges[],2,0),Data_Table_1[Theme Ranking],"<="&VLOOKUP($E$3,Theme_Ranges[],3,0)),0) -> 0 | AF16: =IF($AA16=AF$3,COUNTIFS(Data_Table_1[Theme],$Z16,Data_Table_1[Theme Ranking],">="&VLOOKUP($E$3,Theme_Ranges[],2,0),Data_Table_1[Theme Ranking],"<="&VLOOKUP($E$3,Theme_Ranges[],3,0)),0) -> 0 | AH16: Maximizer | AI16: Influencing | AJ16: 0 | AK16: =IF(IFERROR(VLOOKUP($AH16,$Z:$AF,4,0),0)>0,VLOOKUP($AH16,$Z:$AF,4,0),NA()) -> #N/A | AL16: =IF(IFERROR(VLOOKUP($AH16,$Z:$AF,5,0),"")>0,VLOOKUP($AH16,$Z:$AF,5,0),NA()) -> #N/A | AM16: =IF(IFERROR(VLOOKUP($AH16,$Z:$AF,6,0),0)>0,VLOOKUP($AH16,$Z:$AF,6,0),NA()) -> #N/A | AN16: =IF(IFERROR(VLOOKUP($AH16,$Z:$AF,7,0),0)>0,VLOOKUP($AH16,$Z:$AF,7,0),NA()) -> #N/A | AP16: Competition | AQ16: Influencing | AR16: 0 | AT16: =AQ16 -> Influencing | AU16: =AP16 -> Competition | AV16: =AR16 -> 0 | AX16: =VLOOKUP($AY$8,Theme_Ranges[],2,0) -> 1 | AY16: =VLOOKUP($AY$8,Theme_Ranges[],3,0) -> 5 | AZ16: ='Team Grid'!AW16 -> 0 | BA16: =IF(COUNTIF($BX16:$CF16,"<="&AY16)>0,1,0) -> 0 | BB16: =IF(COUNTIF($CG16:$CN16,"<="&AY16)>0,1,0) -> 0 | BC16: =IF(COUNTIF($CO16:$CW16,"<="&AY16)>0,1,0) -> 0 | BD16: =IF(COUNTIF($CX16:$DE16,"<="&AY16)>0,1,0) -> 0 | BF16: =COUNTIFS($BX16:$CF16,">="&$AX16,$BX16:$CF16,"<="&$AY16) -> 0 | BG16: =COUNTIFS($CG16:$CN16,">="&$AX16,$CG16:$CN16,"<="&$AY16) -> 0 | BH16: =COUNTIFS($CO16:$CW16,">="&$AX16,$CO16:$CW16,"<="&$AY16) -> 0 | BI16: =COUNTIFS($CX16:$DE16,">="&$AX16,$CX16:$DE16,"<="&$AY16) -> 0 | BK16: 1 | BL16: 5 | BM16: =IF(SUM(BX16:DE16)>0,1,0) -> 0 | BN16: =IF(COUNTIF($BX16:$CF16,"<="&BL16)>0,1,0) -> 0 | BO16: =IF(COUNTIF($CG16:$CN16,"<="&BL16)>0,1,0) -> 0 | BP16: =IF(COUNTIF($CO16:$CW16,"<="&BL16)>0,1,0) -> 0 | BQ16: =IF(COUNTIF($CX16:$DE16,"<="&BL16)>0,1,0) -> 0 | BS16: =COUNTIFS($BX16:$CF16,">="&$BK16,$BX16:$CF16,"<="&$BL16) -> 0 | BT16: =COUNTIFS($CG16:$CN16,">="&$BK16,$CG16:$CN16,"<="&$BL16) -> 0 | BU16: =COUNTIFS($CO16:$CW16,">="&$BK16,$CO16:$CW16,"<="&$BL16) -> 0 | BV16: =COUNTIFS($CX16:$DE16,">="&$BK16,$CX16:$DE16,"<="&$BL16) -> 0 | BX16: ='Team Grid'!BC16 | BY16: ='Team Grid'!BD16 | BZ16: ='Team Grid'!BE16 | CA16: ='Team Grid'!BF16 | CB16: ='Team Grid'!BG16 | CC16: ='Team Grid'!BH16 | CD16: ='Team Grid'!BI16 | CE16: ='Team Grid'!BJ16 | ... DE16: ='Team Grid'!CJ16
Y17: 2 | Z17: Competition | AA17: Influencing | AB17: =SUM(AC17:AF17) -> 0 | AC17: =IF($AA17=AC$3,COUNTIFS(Data_Table_1[Theme],$Z17,Data_Table_1[Theme Ranking],">="&VLOOKUP($E$3,Theme_Ranges[],2,0),Data_Table_1[Theme Ranking],"<="&VLOOKUP($E$3,Theme_Ranges[],3,0)),0) -> 0 | AD17: =IF($AA17=AD$3,COUNTIFS(Data_Table_1[Theme],$Z17,Data_Table_1[Theme Ranking],">="&VLOOKUP($E$3,Theme_Ranges[],2,0),Data_Table_1[Theme Ranking],"<="&VLOOKUP($E$3,Theme_Ranges[],3,0)),0) -> 0 | AE17: =IF($AA17=AE$3,COUNTIFS(Data_Table_1[Theme],$Z17,Data_Table_1[Theme Ranking],">="&VLOOKUP($E$3,Theme_Ranges[],2,0),Data_Table_1[Theme Ranking],"<="&VLOOKUP($E$3,Theme_Ranges[],3,0)),0) -> 0 | AF17: =IF($AA17=AF$3,COUNTIFS(Data_Table_1[Theme],$Z17,Data_Table_1[Theme Ranking],">="&VLOOKUP($E$3,Theme_Ranges[],2,0),Data_Table_1[Theme Ranking],"<="&VLOOKUP($E$3,Theme_Ranges[],3,0)),0) -> 0 | AH17: Self-Assurance | AI17: Influencing | AJ17: 0 | AK17: =IF(IFERROR(VLOOKUP($AH17,$Z:$AF,4,0),0)>0,VLOOKUP($AH17,$Z:$AF,4,0),NA()) -> #N/A | AL17: =IF(IFERROR(VLOOKUP($AH17,$Z:$AF,5,0),"")>0,VLOOKUP($AH17,$Z:$AF,5,0),NA()) -> #N/A | AM17: =IF(IFERROR(VLOOKUP($AH17,$Z:$AF,6,0),0)>0,VLOOKUP($AH17,$Z:$AF,6,0),NA()) -> #N/A | AN17: =IF(IFERROR(VLOOKUP($AH17,$Z:$AF,7,0),0)>0,VLOOKUP($AH17,$Z:$AF,7,0),NA()) -> #N/A | AP17: Maximizer | AQ17: Influencing | AR17: 0 | AT17: =AQ17 -> Influencing | AU17: =AP17 -> Maximizer | AV17: =AR17 -> 0 | AX17: =VLOOKUP($AY$8,Theme_Ranges[],2,0) -> 1 | AY17: =VLOOKUP($AY$8,Theme_Ranges[],3,0) -> 5 | AZ17: ='Team Grid'!AW17 -> 0 | BA17: =IF(COUNTIF($BX17:$CF17,"<="&AY17)>0,1,0) -> 0 | BB17: =IF(COUNTIF($CG17:$CN17,"<="&AY17)>0,1,0) -> 0 | BC17: =IF(COUNTIF($CO17:$CW17,"<="&AY17)>0,1,0) -> 0 | BD17: =IF(COUNTIF($CX17:$DE17,"<="&AY17)>0,1,0) -> 0 | BF17: =COUNTIFS($BX17:$CF17,">="&$AX17,$BX17:$CF17,"<="&$AY17) -> 0 | BG17: =COUNTIFS($CG17:$CN17,">="&$AX17,$CG17:$CN17,"<="&$AY17) -> 0 | BH17: =COUNTIFS($CO17:$CW17,">="&$AX17,$CO17:$CW17,"<="&$AY17) -> 0 | BI17: =COUNTIFS($CX17:$DE17,">="&$AX17,$CX17:$DE17,"<="&$AY17) -> 0 | BK17: 1 | BL17: 5 | BM17: =IF(SUM(BX17:DE17)>0,1,0) -> 0 | BN17: =IF(COUNTIF($BX17:$CF17,"<="&BL17)>0,1,0) -> 0 | BO17: =IF(COUNTIF($CG17:$CN17,"<="&BL17)>0,1,0) -> 0 | BP17: =IF(COUNTIF($CO17:$CW17,"<="&BL17)>0,1,0) -> 0 | BQ17: =IF(COUNTIF($CX17:$DE17,"<="&BL17)>0,1,0) -> 0 | BS17: =COUNTIFS($BX17:$CF17,">="&$BK17,$BX17:$CF17,"<="&$BL17) -> 0 | BT17: =COUNTIFS($CG17:$CN17,">="&$BK17,$CG17:$CN17,"<="&$BL17) -> 0 | BU17: =COUNTIFS($CO17:$CW17,">="&$BK17,$CO17:$CW17,"<="&$BL17) -> 0 | BV17: =COUNTIFS($CX17:$DE17,">="&$BK17,$CX17:$DE17,"<="&$BL17) -> 0 | BX17: ='Team Grid'!BC17 | BY17: ='Team Grid'!BD17 | BZ17: ='Team Grid'!BE17 | CA17: ='Team Grid'!BF17 | CB17: ='Team Grid'!BG17 | CC17: ='Team Grid'!BH17 | CD17: ='Team Grid'!BI17 | CE17: ='Team Grid'!BJ17 | ... DE17: ='Team Grid'!CJ17
Y18: 2 | Z18: Maximizer | AA18: Influencing | AB18: =SUM(AC18:AF18) -> 0 | AC18: =IF($AA18=AC$3,COUNTIFS(Data_Table_1[Theme],$Z18,Data_Table_1[Theme Ranking],">="&VLOOKUP($E$3,Theme_Ranges[],2,0),Data_Table_1[Theme Ranking],"<="&VLOOKUP($E$3,Theme_Ranges[],3,0)),0) -> 0 | AD18: =IF($AA18=AD$3,COUNTIFS(Data_Table_1[Theme],$Z18,Data_Table_1[Theme Ranking],">="&VLOOKUP($E$3,Theme_Ranges[],2,0),Data_Table_1[Theme Ranking],"<="&VLOOKUP($E$3,Theme_Ranges[],3,0)),0) -> 0 | AE18: =IF($AA18=AE$3,COUNTIFS(Data_Table_1[Theme],$Z18,Data_Table_1[Theme Ranking],">="&VLOOKUP($E$3,Theme_Ranges[],2,0),Data_Table_1[Theme Ranking],"<="&VLOOKUP($E$3,Theme_Ranges[],3,0)),0) -> 0 | AF18: =IF($AA18=AF$3,COUNTIFS(Data_Table_1[Theme],$Z18,Data_Table_1[Theme Ranking],">="&VLOOKUP($E$3,Theme_Ranges[],2,0),Data_Table_1[Theme Ranking],"<="&VLOOKUP($E$3,Theme_Ranges[],3,0)),0) -> 0 | AH18: Significance | AI18: Influencing | AJ18: 0 | AK18: =IF(IFERROR(VLOOKUP($AH18,$Z:$AF,4,0),0)>0,VLOOKUP($AH18,$Z:$AF,4,0),NA()) -> #N/A | AL18: =IF(IFERROR(VLOOKUP($AH18,$Z:$AF,5,0),"")>0,VLOOKUP($AH18,$Z:$AF,5,0),NA()) -> #N/A | AM18: =IF(IFERROR(VLOOKUP($AH18,$Z:$AF,6,0),0)>0,VLOOKUP($AH18,$Z:$AF,6,0),NA()) -> #N/A | AN18: =IF(IFERROR(VLOOKUP($AH18,$Z:$AF,7,0),0)>0,VLOOKUP($AH18,$Z:$AF,7,0),NA()) -> #N/A | AP18: Self-Assurance | AQ18: Influencing | AR18: 0 | AT18: =AQ18 -> Influencing | AU18: =AP18 -> Self-Assurance | AV18: =AR18 -> 0 | AX18: =VLOOKUP($AY$8,Theme_Ranges[],2,0) -> 1 | AY18: =VLOOKUP($AY$8,Theme_Ranges[],3,0) -> 5 | AZ18: ='Team Grid'!AW18 -> 0 | BA18: =IF(COUNTIF($BX18:$CF18,"<="&AY18)>0,1,0) -> 0 | BB18: =IF(COUNTIF($CG18:$CN18,"<="&AY18)>0,1,0) -> 0 | BC18: =IF(COUNTIF($CO18:$CW18,"<="&AY18)>0,1,0) -> 0 | BD18: =IF(COUNTIF($CX18:$DE18,"<="&AY18)>0,1,0) -> 0 | BF18: =COUNTIFS($BX18:$CF18,">="&$AX18,$BX18:$CF18,"<="&$AY18) -> 0 | BG18: =COUNTIFS($CG18:$CN18,">="&$AX18,$CG18:$CN18,"<="&$AY18) -> 0 | BH18: =COUNTIFS($CO18:$CW18,">="&$AX18,$CO18:$CW18,"<="&$AY18) -> 0 | BI18: =COUNTIFS($CX18:$DE18,">="&$AX18,$CX18:$DE18,"<="&$AY18) -> 0 | BK18: 1 | BL18: 5 | BM18: =IF(SUM(BX18:DE18)>0,1,0) -> 0 | BN18: =IF(COUNTIF($BX18:$CF18,"<="&BL18)>0,1,0) -> 0 | BO18: =IF(COUNTIF($CG18:$CN18,"<="&BL18)>0,1,0) -> 0 | BP18: =IF(COUNTIF($CO18:$CW18,"<="&BL18)>0,1,0) -> 0 | BQ18: =IF(COUNTIF($CX18:$DE18,"<="&BL18)>0,1,0) -> 0 | BS18: =COUNTIFS($BX18:$CF18,">="&$BK18,$BX18:$CF18,"<="&$BL18) -> 0 | BT18: =COUNTIFS($CG18:$CN18,">="&$BK18,$CG18:$CN18,"<="&$BL18) -> 0 | BU18: =COUNTIFS($CO18:$CW18,">="&$BK18,$CO18:$CW18,"<="&$BL18) -> 0 | BV18: =COUNTIFS($CX18:$DE18,">="&$BK18,$CX18:$DE18,"<="&$BL18) -> 0 | BX18: ='Team Grid'!BC18 | BY18: ='Team Grid'!BD18 | BZ18: ='Team Grid'!BE18 | CA18: ='Team Grid'!BF18 | CB18: ='Team Grid'!BG18 | CC18: ='Team Grid'!BH18 | CD18: ='Team Grid'!BI18 | CE18: ='Team Grid'!BJ18 | ... DE18: ='Team Grid'!CJ18
Y19: 2 | Z19: Self-Assurance | AA19: Influencing | AB19: =SUM(AC19:AF19) -> 0 | AC19: =IF($AA19=AC$3,COUNTIFS(Data_Table_1[Theme],$Z19,Data_Table_1[Theme Ranking],">="&VLOOKUP($E$3,Theme_Ranges[],2,0),Data_Table_1[Theme Ranking],"<="&VLOOKUP($E$3,Theme_Ranges[],3,0)),0) -> 0 | AD19: =IF($AA19=AD$3,COUNTIFS(Data_Table_1[Theme],$Z19,Data_Table_1[Theme Ranking],">="&VLOOKUP($E$3,Theme_Ranges[],2,0),Data_Table_1[Theme Ranking],"<="&VLOOKUP($E$3,Theme_Ranges[],3,0)),0) -> 0 | AE19: =IF($AA19=AE$3,COUNTIFS(Data_Table_1[Theme],$Z19,Data_Table_1[Theme Ranking],">="&VLOOKUP($E$3,Theme_Ranges[],2,0),Data_Table_1[Theme Ranking],"<="&VLOOKUP($E$3,Theme_Ranges[],3,0)),0) -> 0 | AF19: =IF($AA19=AF$3,COUNTIFS(Data_Table_1[Theme],$Z19,Data_Table_1[Theme Ranking],">="&VLOOKUP($E$3,Theme_Ranges[],2,0),Data_Table_1[Theme Ranking],"<="&VLOOKUP($E$3,Theme_Ranges[],3,0)),0) -> 0 | AH19: Woo | AI19: Influencing | AJ19: 0 | AK19: =IF(IFERROR(VLOOKUP($AH19,$Z:$AF,4,0),0)>0,VLOOKUP($AH19,$Z:$AF,4,0),NA()) -> #N/A | AL19: =IF(IFERROR(VLOOKUP($AH19,$Z:$AF,5,0),"")>0,VLOOKUP($AH19,$Z:$AF,5,0),NA()) -> #N/A | AM19: =IF(IFERROR(VLOOKUP($AH19,$Z:$AF,6,0),0)>0,VLOOKUP($AH19,$Z:$AF,6,0),NA()) -> #N/A | AN19: =IF(IFERROR(VLOOKUP($AH19,$Z:$AF,7,0),0)>0,VLOOKUP($AH19,$Z:$AF,7,0),NA()) -> #N/A | AP19: Significance | AQ19: Influencing | AR19: 0 | AT19: =AQ19 -> Influencing | AU19: =AP19 -> Significance | AV19: =AR19 -> 0 | AX19: =VLOOKUP($AY$8,Theme_Ranges[],2,0) -> 1 | AY19: =VLOOKUP($AY$8,Theme_Ranges[],3,0) -> 5 | AZ19: ='Team Grid'!AW19 -> 0 | BA19: =IF(COUNTIF($BX19:$CF19,"<="&AY19)>0,1,0) -> 0 | BB19: =IF(COUNTIF($CG19:$CN19,"<="&AY19)>0,1,0) -> 0 | BC19: =IF(COUNTIF($CO19:$CW19,"<="&AY19)>0,1,0) -> 0 | BD19: =IF(COUNTIF($CX19:$DE19,"<="&AY19)>0,1,0) -> 0 | BF19: =COUNTIFS($BX19:$CF19,">="&$AX19,$BX19:$CF19,"<="&$AY19) -> 0 | BG19: =COUNTIFS($CG19:$CN19,">="&$AX19,$CG19:$CN19,"<="&$AY19) -> 0 | BH19: =COUNTIFS($CO19:$CW19,">="&$AX19,$CO19:$CW19,"<="&$AY19) -> 0 | BI19: =COUNTIFS($CX19:$DE19,">="&$AX19,$CX19:$DE19,"<="&$AY19) -> 0 | BK19: 1 | BL19: 5 | BM19: =IF(SUM(BX19:DE19)>0,1,0) -> 0 | BN19: =IF(COUNTIF($BX19:$CF19,"<="&BL19)>0,1,0) -> 0 | BO19: =IF(COUNTIF($CG19:$CN19,"<="&BL19)>0,1,0) -> 0 | BP19: =IF(COUNTIF($CO19:$CW19,"<="&BL19)>0,1,0) -> 0 | BQ19: =IF(COUNTIF($CX19:$DE19,"<="&BL19)>0,1,0) -> 0 | BS19: =COUNTIFS($BX19:$CF19,">="&$BK19,$BX19:$CF19,"<="&$BL19) -> 0 | BT19: =COUNTIFS($CG19:$CN19,">="&$BK19,$CG19:$CN19,"<="&$BL19) -> 0 | BU19: =COUNTIFS($CO19:$CW19,">="&$BK19,$CO19:$CW19,"<="&$BL19) -> 0 | BV19: =COUNTIFS($CX19:$DE19,">="&$BK19,$CX19:$DE19,"<="&$BL19) -> 0 | BX19: ='Team Grid'!BC19 | BY19: ='Team Grid'!BD19 | BZ19: ='Team Grid'!BE19 | CA19: ='Team Grid'!BF19 | CB19: ='Team Grid'!BG19 | CC19: ='Team Grid'!BH19 | CD19: ='Team Grid'!BI19 | CE19: ='Team Grid'!BJ19 | ... DE19: ='Team Grid'!CJ19
Y20: 2 | Z20: Significance | AA20: Influencing | AB20: =SUM(AC20:AF20) -> 0 | AC20: =IF($AA20=AC$3,COUNTIFS(Data_Table_1[Theme],$Z20,Data_Table_1[Theme Ranking],">="&VLOOKUP($E$3,Theme_Ranges[],2,0),Data_Table_1[Theme Ranking],"<="&VLOOKUP($E$3,Theme_Ranges[],3,0)),0) -> 0 | AD20: =IF($AA20=AD$3,COUNTIFS(Data_Table_1[Theme],$Z20,Data_Table_1[Theme Ranking],">="&VLOOKUP($E$3,Theme_Ranges[],2,0),Data_Table_1[Theme Ranking],"<="&VLOOKUP($E$3,Theme_Ranges[],3,0)),0) -> 0 | AE20: =IF($AA20=AE$3,COUNTIFS(Data_Table_1[Theme],$Z20,Data_Table_1[Theme Ranking],">="&VLOOKUP($E$3,Theme_Ranges[],2,0),Data_Table_1[Theme Ranking],"<="&VLOOKUP($E$3,Theme_Ranges[],3,0)),0) -> 0 | AF20: =IF($AA20=AF$3,COUNTIFS(Data_Table_1[Theme],$Z20,Data_Table_1[Theme Ranking],">="&VLOOKUP($E$3,Theme_Ranges[],2,0),Data_Table_1[Theme Ranking],"<="&VLOOKUP($E$3,Theme_Ranges[],3,0)),0) -> 0 | AH20: Adaptability | AI20: Relationship | AJ20: 0 | AK20: =IF(IFERROR(VLOOKUP($AH20,$Z:$AF,4,0),0)>0,VLOOKUP($AH20,$Z:$AF,4,0),NA()) -> #N/A | AL20: =IF(IFERROR(VLOOKUP($AH20,$Z:$AF,5,0),"")>0,VLOOKUP($AH20,$Z:$AF,5,0),NA()) -> #N/A | AM20: =IF(IFERROR(VLOOKUP($AH20,$Z:$AF,6,0),0)>0,VLOOKUP($AH20,$Z:$AF,6,0),NA()) -> #N/A | AN20: =IF(IFERROR(VLOOKUP($AH20,$Z:$AF,7,0),0)>0,VLOOKUP($AH20,$Z:$AF,7,0),NA()) -> #N/A | AP20: Woo | AQ20: Influencing | AR20: 0 | AT20: =AQ20 -> Influencing | AU20: =AP20 -> Woo | AV20: =AR20 -> 0 | AX20: =VLOOKUP($AY$8,Theme_Ranges[],2,0) -> 1 | AY20: =VLOOKUP($AY$8,Theme_Ranges[],3,0) -> 5 | AZ20: ='Team Grid'!AW20 -> 0 | BA20: =IF(COUNTIF($BX20:$CF20,"<="&AY20)>0,1,0) -> 0 | BB20: =IF(COUNTIF($CG20:$CN20,"<="&AY20)>0,1,0) -> 0 | BC20: =IF(COUNTIF($CO20:$CW20,"<="&AY20)>0,1,0) -> 0 | BD20: =IF(COUNTIF($CX20:$DE20,"<="&AY20)>0,1,0) -> 0 | BF20: =COUNTIFS($BX20:$CF20,">="&$AX20,$BX20:$CF20,"<="&$AY20) -> 0 | BG20: =COUNTIFS($CG20:$CN20,">="&$AX20,$CG20:$CN20,"<="&$AY20) -> 0 | BH20: =COUNTIFS($CO20:$CW20,">="&$AX20,$CO20:$CW20,"<="&$AY20) -> 0 | BI20: =COUNTIFS($CX20:$DE20,">="&$AX20,$CX20:$DE20,"<="&$AY20) -> 0 | BK20: 1 | BL20: 5 | BM20: =IF(SUM(BX20:DE20)>0,1,0) -> 0 | BN20: =IF(COUNTIF($BX20:$CF20,"<="&BL20)>0,1,0) -> 0 | BO20: =IF(COUNTIF($CG20:$CN20,"<="&BL20)>0,1,0) -> 0 | BP20: =IF(COUNTIF($CO20:$CW20,"<="&BL20)>0,1,0) -> 0 | BQ20: =IF(COUNTIF($CX20:$DE20,"<="&BL20)>0,1,0) -> 0 | BS20: =COUNTIFS($BX20:$CF20,">="&$BK20,$BX20:$CF20,"<="&$BL20) -> 0 | BT20: =COUNTIFS($CG20:$CN20,">="&$BK20,$CG20:$CN20,"<="&$BL20) -> 0 | BU20: =COUNTIFS($CO20:$CW20,">="&$BK20,$CO20:$CW20,"<="&$BL20) -> 0 | BV20: =COUNTIFS($CX20:$DE20,">="&$BK20,$CX20:$DE20,"<="&$BL20) -> 0 | BX20: ='Team Grid'!BC20 | BY20: ='Team Grid'!BD20 | BZ20: ='Team Grid'!BE20 | CA20: ='Team Grid'!BF20 | CB20: ='Team Grid'!BG20 | CC20: ='Team Grid'!BH20 | CD20: ='Team Grid'!BI20 | CE20: ='Team Grid'!BJ20 | ... DE20: ='Team Grid'!CJ20
Y21: 2 | Z21: Woo | AA21: Influencing | AB21: =SUM(AC21:AF21) -> 0 | AC21: =IF($AA21=AC$3,COUNTIFS(Data_Table_1[Theme],$Z21,Data_Table_1[Theme Ranking],">="&VLOOKUP($E$3,Theme_Ranges[],2,0),Data_Table_1[Theme Ranking],"<="&VLOOKUP($E$3,Theme_Ranges[],3,0)),0) -> 0 | AD21: =IF($AA21=AD$3,COUNTIFS(Data_Table_1[Theme],$Z21,Data_Table_1[Theme Ranking],">="&VLOOKUP($E$3,Theme_Ranges[],2,0),Data_Table_1[Theme Ranking],"<="&VLOOKUP($E$3,Theme_Ranges[],3,0)),0) -> 0 | AE21: =IF($AA21=AE$3,COUNTIFS(Data_Table_1[Theme],$Z21,Data_Table_1[Theme Ranking],">="&VLOOKUP($E$3,Theme_Ranges[],2,0),Data_Table_1[Theme Ranking],"<="&VLOOKUP($E$3,Theme_Ranges[],3,0)),0) -> 0 | AF21: =IF($AA21=AF$3,COUNTIFS(Data_Table_1[Theme],$Z21,Data_Table_1[Theme Ranking],">="&VLOOKUP($E$3,Theme_Ranges[],2,0),Data_Table_1[Theme Ranking],"<="&VLOOKUP($E$3,Theme_Ranges[],3,0)),0) -> 0 | AH21: Connectedness | AI21: Relationship | AJ21: 0 | AK21: =IF(IFERROR(VLOOKUP($AH21,$Z:$AF,4,0),0)>0,VLOOKUP($AH21,$Z:$AF,4,0),NA()) -> #N/A | AL21: =IF(IFERROR(VLOOKUP($AH21,$Z:$AF,5,0),"")>0,VLOOKUP($AH21,$Z:$AF,5,0),NA()) -> #N/A | AM21: =IF(IFERROR(VLOOKUP($AH21,$Z:$AF,6,0),0)>0,VLOOKUP($AH21,$Z:$AF,6,0),NA()) -> #N/A | AN21: =IF(IFERROR(VLOOKUP($AH21,$Z:$AF,7,0),0)>0,VLOOKUP($AH21,$Z:$AF,7,0),NA()) -> #N/A | AP21: Adaptability | AQ21: Relationship | AR21: 0 | AT21: =AQ21 -> Relationship | AU21: =AP21 -> Adaptability | AV21: =AR21 -> 0 | AX21: =VLOOKUP($AY$8,Theme_Ranges[],2,0) -> 1 | AY21: =VLOOKUP($AY$8,Theme_Ranges[],3,0) -> 5 | AZ21: ='Team Grid'!AW21 -> 0 | BA21: =IF(COUNTIF($BX21:$CF21,"<="&AY21)>0,1,0) -> 0 | BB21: =IF(COUNTIF($CG21:$CN21,"<="&AY21)>0,1,0) -> 0 | BC21: =IF(COUNTIF($CO21:$CW21,"<="&AY21)>0,1,0) -> 0 | BD21: =IF(COUNTIF($CX21:$DE21,"<="&AY21)>0,1,0) -> 0 | BF21: =COUNTIFS($BX21:$CF21,">="&$AX21,$BX21:$CF21,"<="&$AY21) -> 0 | BG21: =COUNTIFS($CG21:$CN21,">="&$AX21,$CG21:$CN21,"<="&$AY21) -> 0 | BH21: =COUNTIFS($CO21:$CW21,">="&$AX21,$CO21:$CW21,"<="&$AY21) -> 0 | BI21: =COUNTIFS($CX21:$DE21,">="&$AX21,$CX21:$DE21,"<="&$AY21) -> 0 | BK21: 1 | BL21: 5 | BM21: =IF(SUM(BX21:DE21)>0,1,0) -> 0 | BN21: =IF(COUNTIF($BX21:$CF21,"<="&BL21)>0,1,0) -> 0 | BO21: =IF(COUNTIF($CG21:$CN21,"<="&BL21)>0,1,0) -> 0 | BP21: =IF(COUNTIF($CO21:$CW21,"<="&BL21)>0,1,0) -> 0 | BQ21: =IF(COUNTIF($CX21:$DE21,"<="&BL21)>0,1,0) -> 0 | BS21: =COUNTIFS($BX21:$CF21,">="&$BK21,$BX21:$CF21,"<="&$BL21) -> 0 | BT21: =COUNTIFS($CG21:$CN21,">="&$BK21,$CG21:$CN21,"<="&$BL21) -> 0 | BU21: =COUNTIFS($CO21:$CW21,">="&$BK21,$CO21:$CW21,"<="&$BL21) -> 0 | BV21: =COUNTIFS($CX21:$DE21,">="&$BK21,$CX21:$DE21,"<="&$BL21) -> 0 | BX21: ='Team Grid'!BC21 | BY21: ='Team Grid'!BD21 | BZ21: ='Team Grid'!BE21 | CA21: ='Team Grid'!BF21 | CB21: ='Team Grid'!BG21 | CC21: ='Team Grid'!BH21 | CD21: ='Team Grid'!BI21 | CE21: ='Team Grid'!BJ21 | ... DE21: ='Team Grid'!CJ21
Y22: 2 | AA22: Influencing | AH22: Developer | AI22: Relationship | AJ22: 0 | AK22: =IF(IFERROR(VLOOKUP($AH22,$Z:$AF,4,0),0)>0,VLOOKUP($AH22,$Z:$AF,4,0),NA()) -> #N/A | AL22: =IF(IFERROR(VLOOKUP($AH22,$Z:$AF,5,0),"")>0,VLOOKUP($AH22,$Z:$AF,5,0),NA()) -> #N/A | AM22: =IF(IFERROR(VLOOKUP($AH22,$Z:$AF,6,0),0)>0,VLOOKUP($AH22,$Z:$AF,6,0),NA()) -> #N/A | AN22: =IF(IFERROR(VLOOKUP($AH22,$Z:$AF,7,0),0)>0,VLOOKUP($AH22,$Z:$AF,7,0),NA()) -> #N/A | AP22: Connectedness | AQ22: Relationship | AR22: 0 | AT22: =AQ22 -> Relationship | AU22: =AP22 -> Connectedness | AV22: =AR22 -> 0 | AX22: =VLOOKUP($AY$8,Theme_Ranges[],2,0) -> 1 | AY22: =VLOOKUP($AY$8,Theme_Ranges[],3,0) -> 5 | AZ22: ='Team Grid'!AW22 -> 0 | BA22: =IF(COUNTIF($BX22:$CF22,"<="&AY22)>0,1,0) -> 0 | BB22: =IF(COUNTIF($CG22:$CN22,"<="&AY22)>0,1,0) -> 0 | BC22: =IF(COUNTIF($CO22:$CW22,"<="&AY22)>0,1,0) -> 0 | BD22: =IF(COUNTIF($CX22:$DE22,"<="&AY22)>0,1,0) -> 0 | BF22: =COUNTIFS($BX22:$CF22,">="&$AX22,$BX22:$CF22,"<="&$AY22) -> 0 | BG22: =COUNTIFS($CG22:$CN22,">="&$AX22,$CG22:$CN22,"<="&$AY22) -> 0 | BH22: =COUNTIFS($CO22:$CW22,">="&$AX22,$CO22:$CW22,"<="&$AY22) -> 0 | BI22: =COUNTIFS($CX22:$DE22,">="&$AX22,$CX22:$DE22,"<="&$AY22) -> 0 | BK22: 1 | BL22: 5 | BM22: =IF(SUM(BX22:DE22)>0,1,0) -> 0 | BN22: =IF(COUNTIF($BX22:$CF22,"<="&BL22)>0,1,0) -> 0 | BO22: =IF(COUNTIF($CG22:$CN22,"<="&BL22)>0,1,0) -> 0 | BP22: =IF(COUNTIF($CO22:$CW22,"<="&BL22)>0,1,0) -> 0 | BQ22: =IF(COUNTIF($CX22:$DE22,"<="&BL22)>0,1,0) -> 0 | BS22: =COUNTIFS($BX22:$CF22,">="&$BK22,$BX22:$CF22,"<="&$BL22) -> 0 | BT22: =COUNTIFS($CG22:$CN22,">="&$BK22,$CG22:$CN22,"<="&$BL22) -> 0 | BU22: =COUNTIFS($CO22:$CW22,">="&$BK22,$CO22:$CW22,"<="&$BL22) -> 0 | BV22: =COUNTIFS($CX22:$DE22,">="&$BK22,$CX22:$DE22,"<="&$BL22) -> 0 | BX22: ='Team Grid'!BC22 | BY22: ='Team Grid'!BD22 | BZ22: ='Team Grid'!BE22 | CA22: ='Team Grid'!BF22 | CB22: ='Team Grid'!BG22 | CC22: ='Team Grid'!BH22 | CD22: ='Team Grid'!BI22 | CE22: ='Team Grid'!BJ22 | ... DE22: ='Team Grid'!CJ22
Y23: 3 | Z23: Adaptability | AA23: Relationship | AB23: =SUM(AC23:AF23) -> 0 | AC23: =IF($AA23=AC$3,COUNTIFS(Data_Table_1[Theme],$Z23,Data_Table_1[Theme Ranking],">="&VLOOKUP($E$3,Theme_Ranges[],2,0),Data_Table_1[Theme Ranking],"<="&VLOOKUP($E$3,Theme_Ranges[],3,0)),0) -> 0 | AD23: =IF($AA23=AD$3,COUNTIFS(Data_Table_1[Theme],$Z23,Data_Table_1[Theme Ranking],">="&VLOOKUP($E$3,Theme_Ranges[],2,0),Data_Table_1[Theme Ranking],"<="&VLOOKUP($E$3,Theme_Ranges[],3,0)),0) -> 0 | AE23: =IF($AA23=AE$3,COUNTIFS(Data_Table_1[Theme],$Z23,Data_Table_1[Theme Ranking],">="&VLOOKUP($E$3,Theme_Ranges[],2,0),Data_Table_1[Theme Ranking],"<="&VLOOKUP($E$3,Theme_Ranges[],3,0)),0) -> 0 | AF23: =IF($AA23=AF$3,COUNTIFS(Data_Table_1[Theme],$Z23,Data_Table_1[Theme Ranking],">="&VLOOKUP($E$3,Theme_Ranges[],2,0),Data_Table_1[Theme Ranking],"<="&VLOOKUP($E$3,Theme_Ranges[],3,0)),0) -> 0 | AH23: Empathy | AI23: Relationship | AJ23: 0 | AK23: =IF(IFERROR(VLOOKUP($AH23,$Z:$AF,4,0),0)>0,VLOOKUP($AH23,$Z:$AF,4,0),NA()) -> #N/A | AL23: =IF(IFERROR(VLOOKUP($AH23,$Z:$AF,5,0),"")>0,VLOOKUP($AH23,$Z:$AF,5,0),NA()) -> #N/A | AM23: =IF(IFERROR(VLOOKUP($AH23,$Z:$AF,6,0),0)>0,VLOOKUP($AH23,$Z:$AF,6,0),NA()) -> #N/A | AN23: =IF(IFERROR(VLOOKUP($AH23,$Z:$AF,7,0),0)>0,VLOOKUP($AH23,$Z:$AF,7,0),NA()) -> #N/A | AP23: Developer | AQ23: Relationship | AR23: 0 | AT23: =AQ23 -> Relationship | AU23: =AP23 -> Developer | AV23: =AR23 -> 0 | AX23: =VLOOKUP($AY$8,Theme_Ranges[],2,0) -> 1 | AY23: =VLOOKUP($AY$8,Theme_Ranges[],3,0) -> 5 | AZ23: ='Team Grid'!AW23 -> 0 | BA23: =IF(COUNTIF($BX23:$CF23,"<="&AY23)>0,1,0) -> 0 | BB23: =IF(COUNTIF($CG23:$CN23,"<="&AY23)>0,1,0) -> 0 | BC23: =IF(COUNTIF($CO23:$CW23,"<="&AY23)>0,1,0) -> 0 | BD23: =IF(COUNTIF($CX23:$DE23,"<="&AY23)>0,1,0) -> 0 | BF23: =COUNTIFS($BX23:$CF23,">="&$AX23,$BX23:$CF23,"<="&$AY23) -> 0 | BG23: =COUNTIFS($CG23:$CN23,">="&$AX23,$CG23:$CN23,"<="&$AY23) -> 0 | BH23: =COUNTIFS($CO23:$CW23,">="&$AX23,$CO23:$CW23,"<="&$AY23) -> 0 | BI23: =COUNTIFS($CX23:$DE23,">="&$AX23,$CX23:$DE23,"<="&$AY23) -> 0 | BK23: 1 | BL23: 5 | BM23: =IF(SUM(BX23:DE23)>0,1,0) -> 0 | BN23: =IF(COUNTIF($BX23:$CF23,"<="&BL23)>0,1,0) -> 0 | BO23: =IF(COUNTIF($CG23:$CN23,"<="&BL23)>0,1,0) -> 0 | BP23: =IF(COUNTIF($CO23:$CW23,"<="&BL23)>0,1,0) -> 0 | BQ23: =IF(COUNTIF($CX23:$DE23,"<="&BL23)>0,1,0) -> 0 | BS23: =COUNTIFS($BX23:$CF23,">="&$BK23,$BX23:$CF23,"<="&$BL23) -> 0 | BT23: =COUNTIFS($CG23:$CN23,">="&$BK23,$CG23:$CN23,"<="&$BL23) -> 0 | BU23: =COUNTIFS($CO23:$CW23,">="&$BK23,$CO23:$CW23,"<="&$BL23) -> 0 | BV23: =COUNTIFS($CX23:$DE23,">="&$BK23,$CX23:$DE23,"<="&$BL23) -> 0 | BX23: ='Team Grid'!BC23 | BY23: ='Team Grid'!BD23 | BZ23: ='Team Grid'!BE23 | CA23: ='Team Grid'!BF23 | CB23: ='Team Grid'!BG23 | CC23: ='Team Grid'!BH23 | CD23: ='Team Grid'!BI23 | CE23: ='Team Grid'!BJ23 | ... DE23: ='Team Grid'!CJ23
Y24: 3 | Z24: Connectedness | AA24: Relationship | AB24: =SUM(AC24:AF24) -> 0 | AC24: =IF($AA24=AC$3,COUNTIFS(Data_Table_1[Theme],$Z24,Data_Table_1[Theme Ranking],">="&VLOOKUP($E$3,Theme_Ranges[],2,0),Data_Table_1[Theme Ranking],"<="&VLOOKUP($E$3,Theme_Ranges[],3,0)),0) -> 0 | AD24: =IF($AA24=AD$3,COUNTIFS(Data_Table_1[Theme],$Z24,Data_Table_1[Theme Ranking],">="&VLOOKUP($E$3,Theme_Ranges[],2,0),Data_Table_1[Theme Ranking],"<="&VLOOKUP($E$3,Theme_Ranges[],3,0)),0) -> 0 | AE24: =IF($AA24=AE$3,COUNTIFS(Data_Table_1[Theme],$Z24,Data_Table_1[Theme Ranking],">="&VLOOKUP($E$3,Theme_Ranges[],2,0),Data_Table_1[Theme Ranking],"<="&VLOOKUP($E$3,Theme_Ranges[],3,0)),0) -> 0 | AF24: =IF($AA24=AF$3,COUNTIFS(Data_Table_1[Theme],$Z24,Data_Table_1[Theme Ranking],">="&VLOOKUP($E$3,Theme_Ranges[],2,0),Data_Table_1[Theme Ranking],"<="&VLOOKUP($E$3,Theme_Ranges[],3,0)),0) -> 0 | AH24: Harmony | AI24: Relationship | AJ24: 0 | AK24: =IF(IFERROR(VLOOKUP($AH24,$Z:$AF,4,0),0)>0,VLOOKUP($AH24,$Z:$AF,4,0),NA()) -> #N/A | AL24: =IF(IFERROR(VLOOKUP($AH24,$Z:$AF,5,0),"")>0,VLOOKUP($AH24,$Z:$AF,5,0),NA()) -> #N/A | AM24: =IF(IFERROR(VLOOKUP($AH24,$Z:$AF,6,0),0)>0,VLOOKUP($AH24,$Z:$AF,6,0),NA()) -> #N/A | AN24: =IF(IFERROR(VLOOKUP($AH24,$Z:$AF,7,0),0)>0,VLOOKUP($AH24,$Z:$AF,7,0),NA()) -> #N/A | AP24: Empathy | AQ24: Relationship | AR24: 0 | AT24: =AQ24 -> Relationship | AU24: =AP24 -> Empathy | AV24: =AR24 -> 0 | AX24: =VLOOKUP($AY$8,Theme_Ranges[],2,0) -> 1 | AY24: =VLOOKUP($AY$8,Theme_Ranges[],3,0) -> 5 | AZ24: ='Team Grid'!AW24 -> 0 | BA24: =IF(COUNTIF($BX24:$CF24,"<="&AY24)>0,1,0) -> 0 | BB24: =IF(COUNTIF($CG24:$CN24,"<="&AY24)>0,1,0) -> 0 | BC24: =IF(COUNTIF($CO24:$CW24,"<="&AY24)>0,1,0) -> 0 | BD24: =IF(COUNTIF($CX24:$DE24,"<="&AY24)>0,1,0) -> 0 | BF24: =COUNTIFS($BX24:$CF24,">="&$AX24,$BX24:$CF24,"<="&$AY24) -> 0 | BG24: =COUNTIFS($CG24:$CN24,">="&$AX24,$CG24:$CN24,"<="&$AY24) -> 0 | BH24: =COUNTIFS($CO24:$CW24,">="&$AX24,$CO24:$CW24,"<="&$AY24) -> 0 | BI24: =COUNTIFS($CX24:$DE24,">="&$AX24,$CX24:$DE24,"<="&$AY24) -> 0 | BK24: 1 | BL24: 5 | BM24: =IF(SUM(BX24:DE24)>0,1,0) -> 0 | BN24: =IF(COUNTIF($BX24:$CF24,"<="&BL24)>0,1,0) -> 0 | BO24: =IF(COUNTIF($CG24:$CN24,"<="&BL24)>0,1,0) -> 0 | BP24: =IF(COUNTIF($CO24:$CW24,"<="&BL24)>0,1,0) -> 0 | BQ24: =IF(COUNTIF($CX24:$DE24,"<="&BL24)>0,1,0) -> 0 | BS24: =COUNTIFS($BX24:$CF24,">="&$BK24,$BX24:$CF24,"<="&$BL24) -> 0 | BT24: =COUNTIFS($CG24:$CN24,">="&$BK24,$CG24:$CN24,"<="&$BL24) -> 0 | BU24: =COUNTIFS($CO24:$CW24,">="&$BK24,$CO24:$CW24,"<="&$BL24) -> 0 | BV24: =COUNTIFS($CX24:$DE24,">="&$BK24,$CX24:$DE24,"<="&$BL24) -> 0 | BX24: ='Team Grid'!BC24 | BY24: ='Team Grid'!BD24 | BZ24: ='Team Grid'!BE24 | CA24: ='Team Grid'!BF24 | CB24: ='Team Grid'!BG24 | CC24: ='Team Grid'!BH24 | CD24: ='Team Grid'!BI24 | CE24: ='Team Grid'!BJ24 | ... DE24: ='Team Grid'!CJ24
Y25: 3 | Z25: Developer | AA25: Relationship | AB25: =SUM(AC25:AF25) -> 0 | AC25: =IF($AA25=AC$3,COUNTIFS(Data_Table_1[Theme],$Z25,Data_Table_1[Theme Ranking],">="&VLOOKUP($E$3,Theme_Ranges[],2,0),Data_Table_1[Theme Ranking],"<="&VLOOKUP($E$3,Theme_Ranges[],3,0)),0) -> 0 | AD25: =IF($AA25=AD$3,COUNTIFS(Data_Table_1[Theme],$Z25,Data_Table_1[Theme Ranking],">="&VLOOKUP($E$3,Theme_Ranges[],2,0),Data_Table_1[Theme Ranking],"<="&VLOOKUP($E$3,Theme_Ranges[],3,0)),0) -> 0 | AE25: =IF($AA25=AE$3,COUNTIFS(Data_Table_1[Theme],$Z25,Data_Table_1[Theme Ranking],">="&VLOOKUP($E$3,Theme_Ranges[],2,0),Data_Table_1[Theme Ranking],"<="&VLOOKUP($E$3,Theme_Ranges[],3,0)),0) -> 0 | AF25: =IF($AA25=AF$3,COUNTIFS(Data_Table_1[Theme],$Z25,Data_Table_1[Theme Ranking],">="&VLOOKUP($E$3,Theme_Ranges[],2,0),Data_Table_1[Theme Ranking],"<="&VLOOKUP($E$3,Theme_Ranges[],3,0)),0) -> 0 | AH25: Includer | AI25: Relationship | AJ25: 0 | AK25: =IF(IFERROR(VLOOKUP($AH25,$Z:$AF,4,0),0)>0,VLOOKUP($AH25,$Z:$AF,4,0),NA()) -> #N/A | AL25: =IF(IFERROR(VLOOKUP($AH25,$Z:$AF,5,0),"")>0,VLOOKUP($AH25,$Z:$AF,5,0),NA()) -> #N/A | AM25: =IF(IFERROR(VLOOKUP($AH25,$Z:$AF,6,0),0)>0,VLOOKUP($AH25,$Z:$AF,6,0),NA()) -> #N/A | AN25: =IF(IFERROR(VLOOKUP($AH25,$Z:$AF,7,0),0)>0,VLOOKUP($AH25,$Z:$AF,7,0),NA()) -> #N/A | AP25: Harmony | AQ25: Relationship | AR25: 0 | AT25: =AQ25 -> Relationship | AU25: =AP25 -> Harmony | AV25: =AR25 -> 0 | AX25: =VLOOKUP($AY$8,Theme_Ranges[],2,0) -> 1 | AY25: =VLOOKUP($AY$8,Theme_Ranges[],3,0) -> 5 | AZ25: ='Team Grid'!AW25 -> 0 | BA25: =IF(COUNTIF($BX25:$CF25,"<="&AY25)>0,1,0) -> 0 | BB25: =IF(COUNTIF($CG25:$CN25,"<="&AY25)>0,1,0) -> 0 | BC25: =IF(COUNTIF($CO25:$CW25,"<="&AY25)>0,1,0) -> 0 | BD25: =IF(COUNTIF($CX25:$DE25,"<="&AY25)>0,1,0) -> 0 | BF25: =COUNTIFS($BX25:$CF25,">="&$AX25,$BX25:$CF25,"<="&$AY25) -> 0 | BG25: =COUNTIFS($CG25:$CN25,">="&$AX25,$CG25:$CN25,"<="&$AY25) -> 0 | BH25: =COUNTIFS($CO25:$CW25,">="&$AX25,$CO25:$CW25,"<="&$AY25) -> 0 | BI25: =COUNTIFS($CX25:$DE25,">="&$AX25,$CX25:$DE25,"<="&$AY25) -> 0 | BK25: 1 | BL25: 5 | BM25: =IF(SUM(BX25:DE25)>0,1,0) -> 0 | BN25: =IF(COUNTIF($BX25:$CF25,"<="&BL25)>0,1,0) -> 0 | BO25: =IF(COUNTIF($CG25:$CN25,"<="&BL25)>0,1,0) -> 0 | BP25: =IF(COUNTIF($CO25:$CW25,"<="&BL25)>0,1,0) -> 0 | BQ25: =IF(COUNTIF($CX25:$DE25,"<="&BL25)>0,1,0) -> 0 | BS25: =COUNTIFS($BX25:$CF25,">="&$BK25,$BX25:$CF25,"<="&$BL25) -> 0 | BT25: =COUNTIFS($CG25:$CN25,">="&$BK25,$CG25:$CN25,"<="&$BL25) -> 0 | BU25: =COUNTIFS($CO25:$CW25,">="&$BK25,$CO25:$CW25,"<="&$BL25) -> 0 | BV25: =COUNTIFS($CX25:$DE25,">="&$BK25,$CX25:$DE25,"<="&$BL25) -> 0 | BX25: ='Team Grid'!BC25 | BY25: ='Team Grid'!BD25 | BZ25: ='Team Grid'!BE25 | CA25: ='Team Grid'!BF25 | CB25: ='Team Grid'!BG25 | CC25: ='Team Grid'!BH25 | CD25: ='Team Grid'!BI25 | CE25: ='Team Grid'!BJ25 | ... DE25: ='Team Grid'!CJ25
Y26: 3 | Z26: Empathy | AA26: Relationship | AB26: =SUM(AC26:AF26) -> 0 | AC26: =IF($AA26=AC$3,COUNTIFS(Data_Table_1[Theme],$Z26,Data_Table_1[Theme Ranking],">="&VLOOKUP($E$3,Theme_Ranges[],2,0),Data_Table_1[Theme Ranking],"<="&VLOOKUP($E$3,Theme_Ranges[],3,0)),0) -> 0 | AD26: =IF($AA26=AD$3,COUNTIFS(Data_Table_1[Theme],$Z26,Data_Table_1[Theme Ranking],">="&VLOOKUP($E$3,Theme_Ranges[],2,0),Data_Table_1[Theme Ranking],"<="&VLOOKUP($E$3,Theme_Ranges[],3,0)),0) -> 0 | AE26: =IF($AA26=AE$3,COUNTIFS(Data_Table_1[Theme],$Z26,Data_Table_1[Theme Ranking],">="&VLOOKUP($E$3,Theme_Ranges[],2,0),Data_Table_1[Theme Ranking],"<="&VLOOKUP($E$3,Theme_Ranges[],3,0)),0) -> 0 | AF26: =IF($AA26=AF$3,COUNTIFS(Data_Table_1[Theme],$Z26,Data_Table_1[Theme Ranking],">="&VLOOKUP($E$3,Theme_Ranges[],2,0),Data_Table_1[Theme Ranking],"<="&VLOOKUP($E$3,Theme_Ranges[],3,0)),0) -> 0 | AH26: Individualization | AI26: Relationship | AJ26: 0 | AK26: =IF(IFERROR(VLOOKUP($AH26,$Z:$AF,4,0),0)>0,VLOOKUP($AH26,$Z:$AF,4,0),NA()) -> #N/A | AL26: =IF(IFERROR(VLOOKUP($AH26,$Z:$AF,5,0),"")>0,VLOOKUP($AH26,$Z:$AF,5,0),NA()) -> #N/A | AM26: =IF(IFERROR(VLOOKUP($AH26,$Z:$AF,6,0),0)>0,VLOOKUP($AH26,$Z:$AF,6,0),NA()) -> #N/A | AN26: =IF(IFERROR(VLOOKUP($AH26,$Z:$AF,7,0),0)>0,VLOOKUP($AH26,$Z:$AF,7,0),NA()) -> #N/A | AP26: Includer | AQ26: Relationship | AR26: 0 | AT26: =AQ26 -> Relationship | AU26: =AP26 -> Includer | AV26: =AR26 -> 0 | AX26: =VLOOKUP($AY$8,Theme_Ranges[],2,0) -> 1 | AY26: =VLOOKUP($AY$8,Theme_Ranges[],3,0) -> 5 | AZ26: ='Team Grid'!AW26 -> 0 | BA26: =IF(COUNTIF($BX26:$CF26,"<="&AY26)>0,1,0) -> 0 | BB26: =IF(COUNTIF($CG26:$CN26,"<="&AY26)>0,1,0) -> 0 | BC26: =IF(COUNTIF($CO26:$CW26,"<="&AY26)>0,1,0) -> 0 | BD26: =IF(COUNTIF($CX26:$DE26,"<="&AY26)>0,1,0) -> 0 | BF26: =COUNTIFS($BX26:$CF26,">="&$AX26,$BX26:$CF26,"<="&$AY26) -> 0 | BG26: =COUNTIFS($CG26:$CN26,">="&$AX26,$CG26:$CN26,"<="&$AY26) -> 0 | BH26: =COUNTIFS($CO26:$CW26,">="&$AX26,$CO26:$CW26,"<="&$AY26) -> 0 | BI26: =COUNTIFS($CX26:$DE26,">="&$AX26,$CX26:$DE26,"<="&$AY26) -> 0 | BK26: 1 | BL26: 5 | BM26: =IF(SUM(BX26:DE26)>0,1,0) -> 0 | BN26: =IF(COUNTIF($BX26:$CF26,"<="&BL26)>0,1,0) -> 0 | BO26: =IF(COUNTIF($CG26:$CN26,"<="&BL26)>0,1,0) -> 0 | BP26: =IF(COUNTIF($CO26:$CW26,"<="&BL26)>0,1,0) -> 0 | BQ26: =IF(COUNTIF($CX26:$DE26,"<="&BL26)>0,1,0) -> 0 | BS26: =COUNTIFS($BX26:$CF26,">="&$BK26,$BX26:$CF26,"<="&$BL26) -> 0 | BT26: =COUNTIFS($CG26:$CN26,">="&$BK26,$CG26:$CN26,"<="&$BL26) -> 0 | BU26: =COUNTIFS($CO26:$CW26,">="&$BK26,$CO26:$CW26,"<="&$BL26) -> 0 | BV26: =COUNTIFS($CX26:$DE26,">="&$BK26,$CX26:$DE26,"<="&$BL26) -> 0 | BX26: ='Team Grid'!BC26 | BY26: ='Team Grid'!BD26 | BZ26: ='Team Grid'!BE26 | CA26: ='Team Grid'!BF26 | CB26: ='Team Grid'!BG26 | CC26: ='Team Grid'!BH26 | CD26: ='Team Grid'!BI26 | CE26: ='Team Grid'!BJ26 | ... DE26: ='Team Grid'!CJ26
Y27: 3 | Z27: Harmony | AA27: Relationship | AB27: =SUM(AC27:AF27) -> 0 | AC27: =IF($AA27=AC$3,COUNTIFS(Data_Table_1[Theme],$Z27,Data_Table_1[Theme Ranking],">="&VLOOKUP($E$3,Theme_Ranges[],2,0),Data_Table_1[Theme Ranking],"<="&VLOOKUP($E$3,Theme_Ranges[],3,0)),0) -> 0 | AD27: =IF($AA27=AD$3,COUNTIFS(Data_Table_1[Theme],$Z27,Data_Table_1[Theme Ranking],">="&VLOOKUP($E$3,Theme_Ranges[],2,0),Data_Table_1[Theme Ranking],"<="&VLOOKUP($E$3,Theme_Ranges[],3,0)),0) -> 0 | AE27: =IF($AA27=AE$3,COUNTIFS(Data_Table_1[Theme],$Z27,Data_Table_1[Theme Ranking],">="&VLOOKUP($E$3,Theme_Ranges[],2,0),Data_Table_1[Theme Ranking],"<="&VLOOKUP($E$3,Theme_Ranges[],3,0)),0) -> 0 | AF27: =IF($AA27=AF$3,COUNTIFS(Data_Table_1[Theme],$Z27,Data_Table_1[Theme Ranking],">="&VLOOKUP($E$3,Theme_Ranges[],2,0),Data_Table_1[Theme Ranking],"<="&VLOOKUP($E$3,Theme_Ranges[],3,0)),0) -> 0 | AH27: Positivity | AI27: Relationship | AJ27: 0 | AK27: =IF(IFERROR(VLOOKUP($AH27,$Z:$AF,4,0),0)>0,VLOOKUP($AH27,$Z:$AF,4,0),NA()) -> #N/A | AL27: =IF(IFERROR(VLOOKUP($AH27,$Z:$AF,5,0),"")>0,VLOOKUP($AH27,$Z:$AF,5,0),NA()) -> #N/A | AM27: =IF(IFERROR(VLOOKUP($AH27,$Z:$AF,6,0),0)>0,VLOOKUP($AH27,$Z:$AF,6,0),NA()) -> #N/A | AN27: =IF(IFERROR(VLOOKUP($AH27,$Z:$AF,7,0),0)>0,VLOOKUP($AH27,$Z:$AF,7,0),NA()) -> #N/A | AP27: Individualization | AQ27: Relationship | AR27: 0 | AT27: =AQ27 -> Relationship | AU27: =AP27 -> Individualization | AV27: =AR27 -> 0 | AX27: =VLOOKUP($AY$8,Theme_Ranges[],2,0) -> 1 | AY27: =VLOOKUP($AY$8,Theme_Ranges[],3,0) -> 5 | AZ27: ='Team Grid'!AW27 -> 0 | BA27: =IF(COUNTIF($BX27:$CF27,"<="&AY27)>0,1,0) -> 0 | BB27: =IF(COUNTIF($CG27:$CN27,"<="&AY27)>0,1,0) -> 0 | BC27: =IF(COUNTIF($CO27:$CW27,"<="&AY27)>0,1,0) -> 0 | BD27: =IF(COUNTIF($CX27:$DE27,"<="&AY27)>0,1,0) -> 0 | BF27: =COUNTIFS($BX27:$CF27,">="&$AX27,$BX27:$CF27,"<="&$AY27) -> 0 | BG27: =COUNTIFS($CG27:$CN27,">="&$AX27,$CG27:$CN27,"<="&$AY27) -> 0 | BH27: =COUNTIFS($CO27:$CW27,">="&$AX27,$CO27:$CW27,"<="&$AY27) -> 0 | BI27: =COUNTIFS($CX27:$DE27,">="&$AX27,$CX27:$DE27,"<="&$AY27) -> 0 | BK27: 1 | BL27: 5 | BM27: =IF(SUM(BX27:DE27)>0,1,0) -> 0 | BN27: =IF(COUNTIF($BX27:$CF27,"<="&BL27)>0,1,0) -> 0 | BO27: =IF(COUNTIF($CG27:$CN27,"<="&BL27)>0,1,0) -> 0 | BP27: =IF(COUNTIF($CO27:$CW27,"<="&BL27)>0,1,0) -> 0 | BQ27: =IF(COUNTIF($CX27:$DE27,"<="&BL27)>0,1,0) -> 0 | BS27: =COUNTIFS($BX27:$CF27,">="&$BK27,$BX27:$CF27,"<="&$BL27) -> 0 | BT27: =COUNTIFS($CG27:$CN27,">="&$BK27,$CG27:$CN27,"<="&$BL27) -> 0 | BU27: =COUNTIFS($CO27:$CW27,">="&$BK27,$CO27:$CW27,"<="&$BL27) -> 0 | BV27: =COUNTIFS($CX27:$DE27,">="&$BK27,$CX27:$DE27,"<="&$BL27) -> 0 | BX27: ='Team Grid'!BC27 | BY27: ='Team Grid'!BD27 | BZ27: ='Team Grid'!BE27 | CA27: ='Team Grid'!BF27 | CB27: ='Team Grid'!BG27 | CC27: ='Team Grid'!BH27 | CD27: ='Team Grid'!BI27 | CE27: ='Team Grid'!BJ27 | ... DE27: ='Team Grid'!CJ27
Y28: 3 | Z28: Includer | AA28: Relationship | AB28: =SUM(AC28:AF28) -> 0 | AC28: =IF($AA28=AC$3,COUNTIFS(Data_Table_1[Theme],$Z28,Data_Table_1[Theme Ranking],">="&VLOOKUP($E$3,Theme_Ranges[],2,0),Data_Table_1[Theme Ranking],"<="&VLOOKUP($E$3,Theme_Ranges[],3,0)),0) -> 0 | AD28: =IF($AA28=AD$3,COUNTIFS(Data_Table_1[Theme],$Z28,Data_Table_1[Theme Ranking],">="&VLOOKUP($E$3,Theme_Ranges[],2,0),Data_Table_1[Theme Ranking],"<="&VLOOKUP($E$3,Theme_Ranges[],3,0)),0) -> 0 | AE28: =IF($AA28=AE$3,COUNTIFS(Data_Table_1[Theme],$Z28,Data_Table_1[Theme Ranking],">="&VLOOKUP($E$3,Theme_Ranges[],2,0),Data_Table_1[Theme Ranking],"<="&VLOOKUP($E$3,Theme_Ranges[],3,0)),0) -> 0 | AF28: =IF($AA28=AF$3,COUNTIFS(Data_Table_1[Theme],$Z28,Data_Table_1[Theme Ranking],">="&VLOOKUP($E$3,Theme_Ranges[],2,0),Data_Table_1[Theme Ranking],"<="&VLOOKUP($E$3,Theme_Ranges[],3,0)),0) -> 0 | AH28: Relator | AI28: Relationship | AJ28: 0 | AK28: =IF(IFERROR(VLOOKUP($AH28,$Z:$AF,4,0),0)>0,VLOOKUP($AH28,$Z:$AF,4,0),NA()) -> #N/A | AL28: =IF(IFERROR(VLOOKUP($AH28,$Z:$AF,5,0),"")>0,VLOOKUP($AH28,$Z:$AF,5,0),NA()) -> #N/A | AM28: =IF(IFERROR(VLOOKUP($AH28,$Z:$AF,6,0),0)>0,VLOOKUP($AH28,$Z:$AF,6,0),NA()) -> #N/A | AN28: =IF(IFERROR(VLOOKUP($AH28,$Z:$AF,7,0),0)>0,VLOOKUP($AH28,$Z:$AF,7,0),NA()) -> #N/A | AP28: Positivity | AQ28: Relationship | AR28: 0 | AT28: =AQ28 -> Relationship | AU28: =AP28 -> Positivity | AV28: =AR28 -> 0 | AX28: =VLOOKUP($AY$8,Theme_Ranges[],2,0) -> 1 | AY28: =VLOOKUP($AY$8,Theme_Ranges[],3,0) -> 5 | AZ28: ='Team Grid'!AW28 -> 0 | BA28: =IF(COUNTIF($BX28:$CF28,"<="&AY28)>0,1,0) -> 0 | BB28: =IF(COUNTIF($CG28:$CN28,"<="&AY28)>0,1,0) -> 0 | BC28: =IF(COUNTIF($CO28:$CW28,"<="&AY28)>0,1,0) -> 0 | BD28: =IF(COUNTIF($CX28:$DE28,"<="&AY28)>0,1,0) -> 0 | BF28: =COUNTIFS($BX28:$CF28,">="&$AX28,$BX28:$CF28,"<="&$AY28) -> 0 | BG28: =COUNTIFS($CG28:$CN28,">="&$AX28,$CG28:$CN28,"<="&$AY28) -> 0 | BH28: =COUNTIFS($CO28:$CW28,">="&$AX28,$CO28:$CW28,"<="&$AY28) -> 0 | BI28: =COUNTIFS($CX28:$DE28,">="&$AX28,$CX28:$DE28,"<="&$AY28) -> 0 | BK28: 1 | BL28: 5 | BM28: =IF(SUM(BX28:DE28)>0,1,0) -> 0 | BN28: =IF(COUNTIF($BX28:$CF28,"<="&BL28)>0,1,0) -> 0 | BO28: =IF(COUNTIF($CG28:$CN28,"<="&BL28)>0,1,0) -> 0 | BP28: =IF(COUNTIF($CO28:$CW28,"<="&BL28)>0,1,0) -> 0 | BQ28: =IF(COUNTIF($CX28:$DE28,"<="&BL28)>0,1,0) -> 0 | BS28: =COUNTIFS($BX28:$CF28,">="&$BK28,$BX28:$CF28,"<="&$BL28) -> 0 | BT28: =COUNTIFS($CG28:$CN28,">="&$BK28,$CG28:$CN28,"<="&$BL28) -> 0 | BU28: =COUNTIFS($CO28:$CW28,">="&$BK28,$CO28:$CW28,"<="&$BL28) -> 0 | BV28: =COUNTIFS($CX28:$DE28,">="&$BK28,$CX28:$DE28,"<="&$BL28) -> 0 | BX28: ='Team Grid'!BC28 | BY28: ='Team Grid'!BD28 | BZ28: ='Team Grid'!BE28 | CA28: ='Team Grid'!BF28 | CB28: ='Team Grid'!BG28 | CC28: ='Team Grid'!BH28 | CD28: ='Team Grid'!BI28 | CE28: ='Team Grid'!BJ28 | ... DE28: ='Team Grid'!CJ28
Y29: 3 | Z29: Individualization | AA29: Relationship | AB29: =SUM(AC29:AF29) -> 0 | AC29: =IF($AA29=AC$3,COUNTIFS(Data_Table_1[Theme],$Z29,Data_Table_1[Theme Ranking],">="&VLOOKUP($E$3,Theme_Ranges[],2,0),Data_Table_1[Theme Ranking],"<="&VLOOKUP($E$3,Theme_Ranges[],3,0)),0) -> 0 | AD29: =IF($AA29=AD$3,COUNTIFS(Data_Table_1[Theme],$Z29,Data_Table_1[Theme Ranking],">="&VLOOKUP($E$3,Theme_Ranges[],2,0),Data_Table_1[Theme Ranking],"<="&VLOOKUP($E$3,Theme_Ranges[],3,0)),0) -> 0 | AE29: =IF($AA29=AE$3,COUNTIFS(Data_Table_1[Theme],$Z29,Data_Table_1[Theme Ranking],">="&VLOOKUP($E$3,Theme_Ranges[],2,0),Data_Table_1[Theme Ranking],"<="&VLOOKUP($E$3,Theme_Ranges[],3,0)),0) -> 0 | AF29: =IF($AA29=AF$3,COUNTIFS(Data_Table_1[Theme],$Z29,Data_Table_1[Theme Ranking],">="&VLOOKUP($E$3,Theme_Ranges[],2,0),Data_Table_1[Theme Ranking],"<="&VLOOKUP($E$3,Theme_Ranges[],3,0)),0) -> 0 | AH29: Achiever | AI29: Executing | AJ29: 0 | AK29: =IF(IFERROR(VLOOKUP($AH29,$Z:$AF,4,0),0)>0,VLOOKUP($AH29,$Z:$AF,4,0),NA()) -> #N/A | AL29: =IF(IFERROR(VLOOKUP($AH29,$Z:$AF,5,0),"")>0,VLOOKUP($AH29,$Z:$AF,5,0),NA()) -> #N/A | AM29: =IF(IFERROR(VLOOKUP($AH29,$Z:$AF,6,0),0)>0,VLOOKUP($AH29,$Z:$AF,6,0),NA()) -> #N/A | AN29: =IF(IFERROR(VLOOKUP($AH29,$Z:$AF,7,0),0)>0,VLOOKUP($AH29,$Z:$AF,7,0),NA()) -> #N/A | AP29: Relator | AQ29: Relationship | AR29: 0 | AT29: =AQ29 -> Relationship | AU29: =AP29 -> Relator | AV29: =AR29 -> 0 | AX29: =VLOOKUP($AY$8,Theme_Ranges[],2,0) -> 1 | AY29: =VLOOKUP($AY$8,Theme_Ranges[],3,0) -> 5 | AZ29: ='Team Grid'!AW29 -> 0 | BA29: =IF(COUNTIF($BX29:$CF29,"<="&AY29)>0,1,0) -> 0 | BB29: =IF(COUNTIF($CG29:$CN29,"<="&AY29)>0,1,0) -> 0 | BC29: =IF(COUNTIF($CO29:$CW29,"<="&AY29)>0,1,0) -> 0 | BD29: =IF(COUNTIF($CX29:$DE29,"<="&AY29)>0,1,0) -> 0 | BF29: =COUNTIFS($BX29:$CF29,">="&$AX29,$BX29:$CF29,"<="&$AY29) -> 0 | BG29: =COUNTIFS($CG29:$CN29,">="&$AX29,$CG29:$CN29,"<="&$AY29) -> 0 | BH29: =COUNTIFS($CO29:$CW29,">="&$AX29,$CO29:$CW29,"<="&$AY29) -> 0 | BI29: =COUNTIFS($CX29:$DE29,">="&$AX29,$CX29:$DE29,"<="&$AY29) -> 0 | BK29: 1 | BL29: 5 | BM29: =IF(SUM(BX29:DE29)>0,1,0) -> 0 | BN29: =IF(COUNTIF($BX29:$CF29,"<="&BL29)>0,1,0) -> 0 | BO29: =IF(COUNTIF($CG29:$CN29,"<="&BL29)>0,1,0) -> 0 | BP29: =IF(COUNTIF($CO29:$CW29,"<="&BL29)>0,1,0) -> 0 | BQ29: =IF(COUNTIF($CX29:$DE29,"<="&BL29)>0,1,0) -> 0 | BS29: =COUNTIFS($BX29:$CF29,">="&$BK29,$BX29:$CF29,"<="&$BL29) -> 0 | BT29: =COUNTIFS($CG29:$CN29,">="&$BK29,$CG29:$CN29,"<="&$BL29) -> 0 | BU29: =COUNTIFS($CO29:$CW29,">="&$BK29,$CO29:$CW29,"<="&$BL29) -> 0 | BV29: =COUNTIFS($CX29:$DE29,">="&$BK29,$CX29:$DE29,"<="&$BL29) -> 0 | BX29: ='Team Grid'!BC29 | BY29: ='Team Grid'!BD29 | BZ29: ='Team Grid'!BE29 | CA29: ='Team Grid'!BF29 | CB29: ='Team Grid'!BG29 | CC29: ='Team Grid'!BH29 | CD29: ='Team Grid'!BI29 | CE29: ='Team Grid'!BJ29 | ... DE29: ='Team Grid'!CJ29
O30: Dominant Theme | Y30: 3 | Z30: Positivity | AA30: Relationship | AB30: =SUM(AC30:AF30) -> 0 | AC30: =IF($AA30=AC$3,COUNTIFS(Data_Table_1[Theme],$Z30,Data_Table_1[Theme Ranking],">="&VLOOKUP($E$3,Theme_Ranges[],2,0),Data_Table_1[Theme Ranking],"<="&VLOOKUP($E$3,Theme_Ranges[],3,0)),0) -> 0 | AD30: =IF($AA30=AD$3,COUNTIFS(Data_Table_1[Theme],$Z30,Data_Table_1[Theme Ranking],">="&VLOOKUP($E$3,Theme_Ranges[],2,0),Data_Table_1[Theme Ranking],"<="&VLOOKUP($E$3,Theme_Ranges[],3,0)),0) -> 0 | AE30: =IF($AA30=AE$3,COUNTIFS(Data_Table_1[Theme],$Z30,Data_Table_1[Theme Ranking],">="&VLOOKUP($E$3,Theme_Ranges[],2,0),Data_Table_1[Theme Ranking],"<="&VLOOKUP($E$3,Theme_Ranges[],3,0)),0) -> 0 | AF30: =IF($AA30=AF$3,COUNTIFS(Data_Table_1[Theme],$Z30,Data_Table_1[Theme Ranking],">="&VLOOKUP($E$3,Theme_Ranges[],2,0),Data_Table_1[Theme Ranking],"<="&VLOOKUP($E$3,Theme_Ranges[],3,0)),0) -> 0 | AH30: Arranger | AI30: Executing | AJ30: 0 | AK30: =IF(IFERROR(VLOOKUP($AH30,$Z:$AF,4,0),0)>0,VLOOKUP($AH30,$Z:$AF,4,0),NA()) -> #N/A | AL30: =IF(IFERROR(VLOOKUP($AH30,$Z:$AF,5,0),"")>0,VLOOKUP($AH30,$Z:$AF,5,0),NA()) -> #N/A | AM30: =IF(IFERROR(VLOOKUP($AH30,$Z:$AF,6,0),0)>0,VLOOKUP($AH30,$Z:$AF,6,0),NA()) -> #N/A | AN30: =IF(IFERROR(VLOOKUP($AH30,$Z:$AF,7,0),0)>0,VLOOKUP($AH30,$Z:$AF,7,0),NA()) -> #N/A | AP30: Analytical | AQ30: Strategic | AR30: 0 | AT30: =AQ30 -> Strategic | AU30: =AP30 -> Analytical | AV30: =AR30 -> 0 | AX30: =VLOOKUP($AY$8,Theme_Ranges[],2,0) -> 1 | AY30: =VLOOKUP($AY$8,Theme_Ranges[],3,0) -> 5 | AZ30: ='Team Grid'!AW30 -> 0 | BA30: =IF(COUNTIF($BX30:$CF30,"<="&AY30)>0,1,0) -> 0 | BB30: =IF(COUNTIF($CG30:$CN30,"<="&AY30)>0,1,0) -> 0 | BC30: =IF(COUNTIF($CO30:$CW30,"<="&AY30)>0,1,0) -> 0 | BD30: =IF(COUNTIF($CX30:$DE30,"<="&AY30)>0,1,0) -> 0 | BF30: =COUNTIFS($BX30:$CF30,">="&$AX30,$BX30:$CF30,"<="&$AY30) -> 0 | BG30: =COUNTIFS($CG30:$CN30,">="&$AX30,$CG30:$CN30,"<="&$AY30) -> 0 | BH30: =COUNTIFS($CO30:$CW30,">="&$AX30,$CO30:$CW30,"<="&$AY30) -> 0 | BI30: =COUNTIFS($CX30:$DE30,">="&$AX30,$CX30:$DE30,"<="&$AY30) -> 0 | BK30: 1 | BL30: 5 | BM30: =IF(SUM(BX30:DE30)>0,1,0) -> 0 | BN30: =IF(COUNTIF($BX30:$CF30,"<="&BL30)>0,1,0) -> 0 | BO30: =IF(COUNTIF($CG30:$CN30,"<="&BL30)>0,1,0) -> 0 | BP30: =IF(COUNTIF($CO30:$CW30,"<="&BL30)>0,1,0) -> 0 | BQ30: =IF(COUNTIF($CX30:$DE30,"<="&BL30)>0,1,0) -> 0 | BS30: =COUNTIFS($BX30:$CF30,">="&$BK30,$BX30:$CF30,"<="&$BL30) -> 0 | BT30: =COUNTIFS($CG30:$CN30,">="&$BK30,$CG30:$CN30,"<="&$BL30) -> 0 | BU30: =COUNTIFS($CO30:$CW30,">="&$BK30,$CO30:$CW30,"<="&$BL30) -> 0 | BV30: =COUNTIFS($CX30:$DE30,">="&$BK30,$CX30:$DE30,"<="&$BL30) -> 0 | BX30: ='Team Grid'!BC30 | BY30: ='Team Grid'!BD30 | BZ30: ='Team Grid'!BE30 | CA30: ='Team Grid'!BF30 | CB30: ='Team Grid'!BG30 | CC30: ='Team Grid'!BH30 | CD30: ='Team Grid'!BI30 | CE30: ='Team Grid'!BJ30 | ... DE30: ='Team Grid'!CJ30
O31: {="The team leads with "&INDEX($BF$6:$BI$6,,MATCH(MAX($BF$8:$BI$8),$BF$8:$BI$8,0))&" themes. "&VLOOKUP(INDEX($BF$6:$BI$6,,MATCH(MAX($BF$8:$BI$8),$BF$8:$BI$8,0)),Settings!C4:F7,4,0)} -> #DIV/0! | Y31: 3 | Z31: Relator | AA31: Relationship | AB31: =SUM(AC31:AF31) -> 0 | AC31: =IF($AA31=AC$3,COUNTIFS(Data_Table_1[Theme],$Z31,Data_Table_1[Theme Ranking],">="&VLOOKUP($E$3,Theme_Ranges[],2,0),Data_Table_1[Theme Ranking],"<="&VLOOKUP($E$3,Theme_Ranges[],3,0)),0) -> 0 | AD31: =IF($AA31=AD$3,COUNTIFS(Data_Table_1[Theme],$Z31,Data_Table_1[Theme Ranking],">="&VLOOKUP($E$3,Theme_Ranges[],2,0),Data_Table_1[Theme Ranking],"<="&VLOOKUP($E$3,Theme_Ranges[],3,0)),0) -> 0 | AE31: =IF($AA31=AE$3,COUNTIFS(Data_Table_1[Theme],$Z31,Data_Table_1[Theme Ranking],">="&VLOOKUP($E$3,Theme_Ranges[],2,0),Data_Table_1[Theme Ranking],"<="&VLOOKUP($E$3,Theme_Ranges[],3,0)),0) -> 0 | AF31: =IF($AA31=AF$3,COUNTIFS(Data_Table_1[Theme],$Z31,Data_Table_1[Theme Ranking],">="&VLOOKUP($E$3,Theme_Ranges[],2,0),Data_Table_1[Theme Ranking],"<="&VLOOKUP($E$3,Theme_Ranges[],3,0)),0) -> 0 | AH31: Belief | AI31: Executing | AJ31: 0 | AK31: =IF(IFERROR(VLOOKUP($AH31,$Z:$AF,4,0),0)>0,VLOOKUP($AH31,$Z:$AF,4,0),NA()) -> #N/A | AL31: =IF(IFERROR(VLOOKUP($AH31,$Z:$AF,5,0),"")>0,VLOOKUP($AH31,$Z:$AF,5,0),NA()) -> #N/A | AM31: =IF(IFERROR(VLOOKUP($AH31,$Z:$AF,6,0),0)>0,VLOOKUP($AH31,$Z:$AF,6,0),NA()) -> #N/A | AN31: =IF(IFERROR(VLOOKUP($AH31,$Z:$AF,7,0),0)>0,VLOOKUP($AH31,$Z:$AF,7,0),NA()) -> #N/A | AP31: Context | AQ31: Strategic | AR31: 0 | AT31: =AQ31 -> Strategic | AU31: =AP31 -> Context | AV31: =AR31 -> 0 | AX31: =VLOOKUP($AY$8,Theme_Ranges[],2,0) -> 1 | AY31: =VLOOKUP($AY$8,Theme_Ranges[],3,0) -> 5 | AZ31: ='Team Grid'!AW31 -> 0 | BA31: =IF(COUNTIF($BX31:$CF31,"<="&AY31)>0,1,0) -> 0 | BB31: =IF(COUNTIF($CG31:$CN31,"<="&AY31)>0,1,0) -> 0 | BC31: =IF(COUNTIF($CO31:$CW31,"<="&AY31)>0,1,0) -> 0 | BD31: =IF(COUNTIF($CX31:$DE31,"<="&AY31)>0,1,0) -> 0 | BF31: =COUNTIFS($BX31:$CF31,">="&$AX31,$BX31:$CF31,"<="&$AY31) -> 0 | BG31: =COUNTIFS($CG31:$CN31,">="&$AX31,$CG31:$CN31,"<="&$AY31) -> 0 | BH31: =COUNTIFS($CO31:$CW31,">="&$AX31,$CO31:$CW31,"<="&$AY31) -> 0 | BI31: =COUNTIFS($CX31:$DE31,">="&$AX31,$CX31:$DE31,"<="&$AY31) -> 0 | BK31: 1 | BL31: 5 | BM31: =IF(SUM(BX31:DE31)>0,1,0) -> 0 | BN31: =IF(COUNTIF($BX31:$CF31,"<="&BL31)>0,1,0) -> 0 | BO31: =IF(COUNTIF($CG31:$CN31,"<="&BL31)>0,1,0) -> 0 | BP31: =IF(COUNTIF($CO31:$CW31,"<="&BL31)>0,1,0) -> 0 | BQ31: =IF(COUNTIF($CX31:$DE31,"<="&BL31)>0,1,0) -> 0 | BS31: =COUNTIFS($BX31:$CF31,">="&$BK31,$BX31:$CF31,"<="&$BL31) -> 0 | BT31: =COUNTIFS($CG31:$CN31,">="&$BK31,$CG31:$CN31,"<="&$BL31) -> 0 | BU31: =COUNTIFS($CO31:$CW31,">="&$BK31,$CO31:$CW31,"<="&$BL31) -> 0 | BV31: =COUNTIFS($CX31:$DE31,">="&$BK31,$CX31:$DE31,"<="&$BL31) -> 0 | BX31: ='Team Grid'!BC31 | BY31: ='Team Grid'!BD31 | BZ31: ='Team Grid'!BE31 | CA31: ='Team Grid'!BF31 | CB31: ='Team Grid'!BG31 | CC31: ='Team Grid'!BH31 | CD31: ='Team Grid'!BI31 | CE31: ='Team Grid'!BJ31 | ... DE31: ='Team Grid'!CJ31
Y32: 4 | Z32: Achiever | AA32: Executing | AB32: =SUM(AC32:AF32) -> 0 | AC32: =IF($AA32=AC$3,COUNTIFS(Data_Table_1[Theme],$Z32,Data_Table_1[Theme Ranking],">="&VLOOKUP($E$3,Theme_Ranges[],2,0),Data_Table_1[Theme Ranking],"<="&VLOOKUP($E$3,Theme_Ranges[],3,0)),0) -> 0 | AD32: =IF($AA32=AD$3,COUNTIFS(Data_Table_1[Theme],$Z32,Data_Table_1[Theme Ranking],">="&VLOOKUP($E$3,Theme_Ranges[],2,0),Data_Table_1[Theme Ranking],"<="&VLOOKUP($E$3,Theme_Ranges[],3,0)),0) -> 0 | AE32: =IF($AA32=AE$3,COUNTIFS(Data_Table_1[Theme],$Z32,Data_Table_1[Theme Ranking],">="&VLOOKUP($E$3,Theme_Ranges[],2,0),Data_Table_1[Theme Ranking],"<="&VLOOKUP($E$3,Theme_Ranges[],3,0)),0) -> 0 | AF32: =IF($AA32=AF$3,COUNTIFS(Data_Table_1[Theme],$Z32,Data_Table_1[Theme Ranking],">="&VLOOKUP($E$3,Theme_Ranges[],2,0),Data_Table_1[Theme Ranking],"<="&VLOOKUP($E$3,Theme_Ranges[],3,0)),0) -> 0 | AH32: Consistency | AI32: Executing | AJ32: 0 | AK32: =IF(IFERROR(VLOOKUP($AH32,$Z:$AF,4,0),0)>0,VLOOKUP($AH32,$Z:$AF,4,0),NA()) -> #N/A | AL32: =IF(IFERROR(VLOOKUP($AH32,$Z:$AF,5,0),"")>0,VLOOKUP($AH32,$Z:$AF,5,0),NA()) -> #N/A | AM32: =IF(IFERROR(VLOOKUP($AH32,$Z:$AF,6,0),0)>0,VLOOKUP($AH32,$Z:$AF,6,0),NA()) -> #N/A | AN32: =IF(IFERROR(VLOOKUP($AH32,$Z:$AF,7,0),0)>0,VLOOKUP($AH32,$Z:$AF,7,0),NA()) -> #N/A | AP32: Futuristic | AQ32: Strategic | AR32: 0 | AT32: =AQ32 -> Strategic | AU32: =AP32 -> Futuristic | AV32: =AR32 -> 0 | AX32: =VLOOKUP($AY$8,Theme_Ranges[],2,0) -> 1 | AY32: =VLOOKUP($AY$8,Theme_Ranges[],3,0) -> 5 | AZ32: ='Team Grid'!AW32 -> 0 | BA32: =IF(COUNTIF($BX32:$CF32,"<="&AY32)>0,1,0) -> 0 | BB32: =IF(COUNTIF($CG32:$CN32,"<="&AY32)>0,1,0) -> 0 | BC32: =IF(COUNTIF($CO32:$CW32,"<="&AY32)>0,1,0) -> 0 | BD32: =IF(COUNTIF($CX32:$DE32,"<="&AY32)>0,1,0) -> 0 | BF32: =COUNTIFS($BX32:$CF32,">="&$AX32,$BX32:$CF32,"<="&$AY32) -> 0 | BG32: =COUNTIFS($CG32:$CN32,">="&$AX32,$CG32:$CN32,"<="&$AY32) -> 0 | BH32: =COUNTIFS($CO32:$CW32,">="&$AX32,$CO32:$CW32,"<="&$AY32) -> 0 | BI32: =COUNTIFS($CX32:$DE32,">="&$AX32,$CX32:$DE32,"<="&$AY32) -> 0 | BK32: 1 | BL32: 5 | BM32: =IF(SUM(BX32:DE32)>0,1,0) -> 0 | BN32: =IF(COUNTIF($BX32:$CF32,"<="&BL32)>0,1,0) -> 0 | BO32: =IF(COUNTIF($CG32:$CN32,"<="&BL32)>0,1,0) -> 0 | BP32: =IF(COUNTIF($CO32:$CW32,"<="&BL32)>0,1,0) -> 0 | BQ32: =IF(COUNTIF($CX32:$DE32,"<="&BL32)>0,1,0) -> 0 | BS32: =COUNTIFS($BX32:$CF32,">="&$BK32,$BX32:$CF32,"<="&$BL32) -> 0 | BT32: =COUNTIFS($CG32:$CN32,">="&$BK32,$CG32:$CN32,"<="&$BL32) -> 0 | BU32: =COUNTIFS($CO32:$CW32,">="&$BK32,$CO32:$CW32,"<="&$BL32) -> 0 | BV32: =COUNTIFS($CX32:$DE32,">="&$BK32,$CX32:$DE32,"<="&$BL32) -> 0 | BX32: ='Team Grid'!BC32 | BY32: ='Team Grid'!BD32 | BZ32: ='Team Grid'!BE32 | CA32: ='Team Grid'!BF32 | CB32: ='Team Grid'!BG32 | CC32: ='Team Grid'!BH32 | CD32: ='Team Grid'!BI32 | CE32: ='Team Grid'!BJ32 | ... DE32: ='Team Grid'!CJ32
Y33: 4 | Z33: Arranger | AA33: Executing | AB33: =SUM(AC33:AF33) -> 0 | AC33: =IF($AA33=AC$3,COUNTIFS(Data_Table_1[Theme],$Z33,Data_Table_1[Theme Ranking],">="&VLOOKUP($E$3,Theme_Ranges[],2,0),Data_Table_1[Theme Ranking],"<="&VLOOKUP($E$3,Theme_Ranges[],3,0)),0) -> 0 | AD33: =IF($AA33=AD$3,COUNTIFS(Data_Table_1[Theme],$Z33,Data_Table_1[Theme Ranking],">="&VLOOKUP($E$3,Theme_Ranges[],2,0),Data_Table_1[Theme Ranking],"<="&VLOOKUP($E$3,Theme_Ranges[],3,0)),0) -> 0 | AE33: =IF($AA33=AE$3,COUNTIFS(Data_Table_1[Theme],$Z33,Data_Table_1[Theme Ranking],">="&VLOOKUP($E$3,Theme_Ranges[],2,0),Data_Table_1[Theme Ranking],"<="&VLOOKUP($E$3,Theme_Ranges[],3,0)),0) -> 0 | AF33: =IF($AA33=AF$3,COUNTIFS(Data_Table_1[Theme],$Z33,Data_Table_1[Theme Ranking],">="&VLOOKUP($E$3,Theme_Ranges[],2,0),Data_Table_1[Theme Ranking],"<="&VLOOKUP($E$3,Theme_Ranges[],3,0)),0) -> 0 | AH33: Deliberative | AI33: Executing | AJ33: 0 | AK33: =IF(IFERROR(VLOOKUP($AH33,$Z:$AF,4,0),0)>0,VLOOKUP($AH33,$Z:$AF,4,0),NA()) -> #N/A | AL33: =IF(IFERROR(VLOOKUP($AH33,$Z:$AF,5,0),"")>0,VLOOKUP($AH33,$Z:$AF,5,0),NA()) -> #N/A | AM33: =IF(IFERROR(VLOOKUP($AH33,$Z:$AF,6,0),0)>0,VLOOKUP($AH33,$Z:$AF,6,0),NA()) -> #N/A | AN33: =IF(IFERROR(VLOOKUP($AH33,$Z:$AF,7,0),0)>0,VLOOKUP($AH33,$Z:$AF,7,0),NA()) -> #N/A | AP33: Ideation | AQ33: Strategic | AR33: 0 | AT33: =AQ33 -> Strategic | AU33: =AP33 -> Ideation | AV33: =AR33 -> 0 | AX33: =VLOOKUP($AY$8,Theme_Ranges[],2,0) -> 1 | AY33: =VLOOKUP($AY$8,Theme_Ranges[],3,0) -> 5 | AZ33: ='Team Grid'!AW33 -> 0 | BA33: =IF(COUNTIF($BX33:$CF33,"<="&AY33)>0,1,0) -> 0 | BB33: =IF(COUNTIF($CG33:$CN33,"<="&AY33)>0,1,0) -> 0 | BC33: =IF(COUNTIF($CO33:$CW33,"<="&AY33)>0,1,0) -> 0 | BD33: =IF(COUNTIF($CX33:$DE33,"<="&AY33)>0,1,0) -> 0 | BF33: =COUNTIFS($BX33:$CF33,">="&$AX33,$BX33:$CF33,"<="&$AY33) -> 0 | BG33: =COUNTIFS($CG33:$CN33,">="&$AX33,$CG33:$CN33,"<="&$AY33) -> 0 | BH33: =COUNTIFS($CO33:$CW33,">="&$AX33,$CO33:$CW33,"<="&$AY33) -> 0 | BI33: =COUNTIFS($CX33:$DE33,">="&$AX33,$CX33:$DE33,"<="&$AY33) -> 0 | BK33: 1 | BL33: 5 | BM33: =IF(SUM(BX33:DE33)>0,1,0) -> 0 | BN33: =IF(COUNTIF($BX33:$CF33,"<="&BL33)>0,1,0) -> 0 | BO33: =IF(COUNTIF($CG33:$CN33,"<="&BL33)>0,1,0) -> 0 | BP33: =IF(COUNTIF($CO33:$CW33,"<="&BL33)>0,1,0) -> 0 | BQ33: =IF(COUNTIF($CX33:$DE33,"<="&BL33)>0,1,0) -> 0 | BS33: =COUNTIFS($BX33:$CF33,">="&$BK33,$BX33:$CF33,"<="&$BL33) -> 0 | BT33: =COUNTIFS($CG33:$CN33,">="&$BK33,$CG33:$CN33,"<="&$BL33) -> 0 | BU33: =COUNTIFS($CO33:$CW33,">="&$BK33,$CO33:$CW33,"<="&$BL33) -> 0 | BV33: =COUNTIFS($CX33:$DE33,">="&$BK33,$CX33:$DE33,"<="&$BL33) -> 0 | BX33: ='Team Grid'!BC33 | BY33: ='Team Grid'!BD33 | BZ33: ='Team Grid'!BE33 | CA33: ='Team Grid'!BF33 | CB33: ='Team Grid'!BG33 | CC33: ='Team Grid'!BH33 | CD33: ='Team Grid'!BI33 | CE33: ='Team Grid'!BJ33 | ... DE33: ='Team Grid'!CJ33
C34: =BA2 -> 0/0 People have Executing in their Top 5 | J34: =BC2 -> 0/0 People have Relationship Building in their Top 5 | Y34: 4 | Z34: Belief | AA34: Executing | AB34: =SUM(AC34:AF34) -> 0 | AC34: =IF($AA34=AC$3,COUNTIFS(Data_Table_1[Theme],$Z34,Data_Table_1[Theme Ranking],">="&VLOOKUP($E$3,Theme_Ranges[],2,0),Data_Table_1[Theme Ranking],"<="&VLOOKUP($E$3,Theme_Ranges[],3,0)),0) -> 0 | AD34: =IF($AA34=AD$3,COUNTIFS(Data_Table_1[Theme],$Z34,Data_Table_1[Theme Ranking],">="&VLOOKUP($E$3,Theme_Ranges[],2,0),Data_Table_1[Theme Ranking],"<="&VLOOKUP($E$3,Theme_Ranges[],3,0)),0) -> 0 | AE34: =IF($AA34=AE$3,COUNTIFS(Data_Table_1[Theme],$Z34,Data_Table_1[Theme Ranking],">="&VLOOKUP($E$3,Theme_Ranges[],2,0),Data_Table_1[Theme Ranking],"<="&VLOOKUP($E$3,Theme_Ranges[],3,0)),0) -> 0 | AF34: =IF($AA34=AF$3,COUNTIFS(Data_Table_1[Theme],$Z34,Data_Table_1[Theme Ranking],">="&VLOOKUP($E$3,Theme_Ranges[],2,0),Data_Table_1[Theme Ranking],"<="&VLOOKUP($E$3,Theme_Ranges[],3,0)),0) -> 0 | AH34: Discipline | AI34: Executing | AJ34: 0 | AK34: =IF(IFERROR(VLOOKUP($AH34,$Z:$AF,4,0),0)>0,VLOOKUP($AH34,$Z:$AF,4,0),NA()) -> #N/A | AL34: =IF(IFERROR(VLOOKUP($AH34,$Z:$AF,5,0),"")>0,VLOOKUP($AH34,$Z:$AF,5,0),NA()) -> #N/A | AM34: =IF(IFERROR(VLOOKUP($AH34,$Z:$AF,6,0),0)>0,VLOOKUP($AH34,$Z:$AF,6,0),NA()) -> #N/A | AN34: =IF(IFERROR(VLOOKUP($AH34,$Z:$AF,7,0),0)>0,VLOOKUP($AH34,$Z:$AF,7,0),NA()) -> #N/A | AP34: Input | AQ34: Strategic | AR34: 0 | AT34: =AQ34 -> Strategic | AU34: =AP34 -> Input | AV34: =AR34 -> 0 | AX34: =VLOOKUP($AY$8,Theme_Ranges[],2,0) -> 1 | AY34: =VLOOKUP($AY$8,Theme_Ranges[],3,0) -> 5 | AZ34: ='Team Grid'!AW34 -> 0 | BA34: =IF(COUNTIF($BX34:$CF34,"<="&AY34)>0,1,0) -> 0 | BB34: =IF(COUNTIF($CG34:$CN34,"<="&AY34)>0,1,0) -> 0 | BC34: =IF(COUNTIF($CO34:$CW34,"<="&AY34)>0,1,0) -> 0 | BD34: =IF(COUNTIF($CX34:$DE34,"<="&AY34)>0,1,0) -> 0 | BF34: =COUNTIFS($BX34:$CF34,">="&$AX34,$BX34:$CF34,"<="&$AY34) -> 0 | BG34: =COUNTIFS($CG34:$CN34,">="&$AX34,$CG34:$CN34,"<="&$AY34) -> 0 | BH34: =COUNTIFS($CO34:$CW34,">="&$AX34,$CO34:$CW34,"<="&$AY34) -> 0 | BI34: =COUNTIFS($CX34:$DE34,">="&$AX34,$CX34:$DE34,"<="&$AY34) -> 0 | BK34: 1 | BL34: 5 | BM34: =IF(SUM(BX34:DE34)>0,1,0) -> 0 | BN34: =IF(COUNTIF($BX34:$CF34,"<="&BL34)>0,1,0) -> 0 | BO34: =IF(COUNTIF($CG34:$CN34,"<="&BL34)>0,1,0) -> 0 | BP34: =IF(COUNTIF($CO34:$CW34,"<="&BL34)>0,1,0) -> 0 | BQ34: =IF(COUNTIF($CX34:$DE34,"<="&BL34)>0,1,0) -> 0 | BS34: =COUNTIFS($BX34:$CF34,">="&$BK34,$BX34:$CF34,"<="&$BL34) -> 0 | BT34: =COUNTIFS($CG34:$CN34,">="&$BK34,$CG34:$CN34,"<="&$BL34) -> 0 | BU34: =COUNTIFS($CO34:$CW34,">="&$BK34,$CO34:$CW34,"<="&$BL34) -> 0 | BV34: =COUNTIFS($CX34:$DE34,">="&$BK34,$CX34:$DE34,"<="&$BL34) -> 0 | BX34: ='Team Grid'!BC34 | BY34: ='Team Grid'!BD34 | BZ34: ='Team Grid'!BE34 | CA34: ='Team Grid'!BF34 | CB34: ='Team Grid'!BG34 | CC34: ='Team Grid'!BH34 | CD34: ='Team Grid'!BI34 | CE34: ='Team Grid'!BJ34 | ... DE34: ='Team Grid'!CJ34
Y35: 4 | Z35: Consistency | AA35: Executing | AB35: =SUM(AC35:AF35) -> 0 | AC35: =IF($AA35=AC$3,COUNTIFS(Data_Table_1[Theme],$Z35,Data_Table_1[Theme Ranking],">="&VLOOKUP($E$3,Theme_Ranges[],2,0),Data_Table_1[Theme Ranking],"<="&VLOOKUP($E$3,Theme_Ranges[],3,0)),0) -> 0 | AD35: =IF($AA35=AD$3,COUNTIFS(Data_Table_1[Theme],$Z35,Data_Table_1[Theme Ranking],">="&VLOOKUP($E$3,Theme_Ranges[],2,0),Data_Table_1[Theme Ranking],"<="&VLOOKUP($E$3,Theme_Ranges[],3,0)),0) -> 0 | AE35: =IF($AA35=AE$3,COUNTIFS(Data_Table_1[Theme],$Z35,Data_Table_1[Theme Ranking],">="&VLOOKUP($E$3,Theme_Ranges[],2,0),Data_Table_1[Theme Ranking],"<="&VLOOKUP($E$3,Theme_Ranges[],3,0)),0) -> 0 | AF35: =IF($AA35=AF$3,COUNTIFS(Data_Table_1[Theme],$Z35,Data_Table_1[Theme Ranking],">="&VLOOKUP($E$3,Theme_Ranges[],2,0),Data_Table_1[Theme Ranking],"<="&VLOOKUP($E$3,Theme_Ranges[],3,0)),0) -> 0 | AH35: Focus | AI35: Executing | AJ35: 0 | AK35: =IF(IFERROR(VLOOKUP($AH35,$Z:$AF,4,0),0)>0,VLOOKUP($AH35,$Z:$AF,4,0),NA()) -> #N/A | AL35: =IF(IFERROR(VLOOKUP($AH35,$Z:$AF,5,0),"")>0,VLOOKUP($AH35,$Z:$AF,5,0),NA()) -> #N/A | AM35: =IF(IFERROR(VLOOKUP($AH35,$Z:$AF,6,0),0)>0,VLOOKUP($AH35,$Z:$AF,6,0),NA()) -> #N/A | AN35: =IF(IFERROR(VLOOKUP($AH35,$Z:$AF,7,0),0)>0,VLOOKUP($AH35,$Z:$AF,7,0),NA()) -> #N/A | AP35: Intellection | AQ35: Strategic | AR35: 0 | AT35: =AQ35 -> Strategic | AU35: =AP35 -> Intellection | AV35: =AR35 -> 0 | AX35: =VLOOKUP($AY$8,Theme_Ranges[],2,0) -> 1 | AY35: =VLOOKUP($AY$8,Theme_Ranges[],3,0) -> 5 | AZ35: ='Team Grid'!AW35 -> 0 | BA35: =IF(COUNTIF($BX35:$CF35,"<="&AY35)>0,1,0) -> 0 | BB35: =IF(COUNTIF($CG35:$CN35,"<="&AY35)>0,1,0) -> 0 | BC35: =IF(COUNTIF($CO35:$CW35,"<="&AY35)>0,1,0) -> 0 | BD35: =IF(COUNTIF($CX35:$DE35,"<="&AY35)>0,1,0) -> 0 | BF35: =COUNTIFS($BX35:$CF35,">="&$AX35,$BX35:$CF35,"<="&$AY35) -> 0 | BG35: =COUNTIFS($CG35:$CN35,">="&$AX35,$CG35:$CN35,"<="&$AY35) -> 0 | BH35: =COUNTIFS($CO35:$CW35,">="&$AX35,$CO35:$CW35,"<="&$AY35) -> 0 | BI35: =COUNTIFS($CX35:$DE35,">="&$AX35,$CX35:$DE35,"<="&$AY35) -> 0 | BK35: 1 | BL35: 5 | BM35: =IF(SUM(BX35:DE35)>0,1,0) -> 0 | BN35: =IF(COUNTIF($BX35:$CF35,"<="&BL35)>0,1,0) -> 0 | BO35: =IF(COUNTIF($CG35:$CN35,"<="&BL35)>0,1,0) -> 0 | BP35: =IF(COUNTIF($CO35:$CW35,"<="&BL35)>0,1,0) -> 0 | BQ35: =IF(COUNTIF($CX35:$DE35,"<="&BL35)>0,1,0) -> 0 | BS35: =COUNTIFS($BX35:$CF35,">="&$BK35,$BX35:$CF35,"<="&$BL35) -> 0 | BT35: =COUNTIFS($CG35:$CN35,">="&$BK35,$CG35:$CN35,"<="&$BL35) -> 0 | BU35: =COUNTIFS($CO35:$CW35,">="&$BK35,$CO35:$CW35,"<="&$BL35) -> 0 | BV35: =COUNTIFS($CX35:$DE35,">="&$BK35,$CX35:$DE35,"<="&$BL35) -> 0 | BX35: ='Team Grid'!BC35 | BY35: ='Team Grid'!BD35 | BZ35: ='Team Grid'!BE35 | CA35: ='Team Grid'!BF35 | CB35: ='Team Grid'!BG35 | CC35: ='Team Grid'!BH35 | CD35: ='Team Grid'!BI35 | CE35: ='Team Grid'!BJ35 | ... DE35: ='Team Grid'!CJ35
Y36: 4 | Z36: Deliberative | AA36: Executing | AB36: =SUM(AC36:AF36) -> 0 | AC36: =IF($AA36=AC$3,COUNTIFS(Data_Table_1[Theme],$Z36,Data_Table_1[Theme Ranking],">="&VLOOKUP($E$3,Theme_Ranges[],2,0),Data_Table_1[Theme Ranking],"<="&VLOOKUP($E$3,Theme_Ranges[],3,0)),0) -> 0 | AD36: =IF($AA36=AD$3,COUNTIFS(Data_Table_1[Theme],$Z36,Data_Table_1[Theme Ranking],">="&VLOOKUP($E$3,Theme_Ranges[],2,0),Data_Table_1[Theme Ranking],"<="&VLOOKUP($E$3,Theme_Ranges[],3,0)),0) -> 0 | AE36: =IF($AA36=AE$3,COUNTIFS(Data_Table_1[Theme],$Z36,Data_Table_1[Theme Ranking],">="&VLOOKUP($E$3,Theme_Ranges[],2,0),Data_Table_1[Theme Ranking],"<="&VLOOKUP($E$3,Theme_Ranges[],3,0)),0) -> 0 | AF36: =IF($AA36=AF$3,COUNTIFS(Data_Table_1[Theme],$Z36,Data_Table_1[Theme Ranking],">="&VLOOKUP($E$3,Theme_Ranges[],2,0),Data_Table_1[Theme Ranking],"<="&VLOOKUP($E$3,Theme_Ranges[],3,0)),0) -> 0 | AH36: Responsibility | AI36: Executing | AJ36: 0 | AK36: =IF(IFERROR(VLOOKUP($AH36,$Z:$AF,4,0),0)>0,VLOOKUP($AH36,$Z:$AF,4,0),NA()) -> #N/A | AL36: =IF(IFERROR(VLOOKUP($AH36,$Z:$AF,5,0),"")>0,VLOOKUP($AH36,$Z:$AF,5,0),NA()) -> #N/A | AM36: =IF(IFERROR(VLOOKUP($AH36,$Z:$AF,6,0),0)>0,VLOOKUP($AH36,$Z:$AF,6,0),NA()) -> #N/A | AN36: =IF(IFERROR(VLOOKUP($AH36,$Z:$AF,7,0),0)>0,VLOOKUP($AH36,$Z:$AF,7,0),NA()) -> #N/A | AP36: Learner | AQ36: Strategic | AR36: 0 | AT36: =AQ36 -> Strategic | AU36: =AP36 -> Learner | AV36: =AR36 -> 0 | AX36: =VLOOKUP($AY$8,Theme_Ranges[],2,0) -> 1 | AY36: =VLOOKUP($AY$8,Theme_Ranges[],3,0) -> 5 | AZ36: ='Team Grid'!AW36 -> 0 | BA36: =IF(COUNTIF($BX36:$CF36,"<="&AY36)>0,1,0) -> 0 | BB36: =IF(COUNTIF($CG36:$CN36,"<="&AY36)>0,1,0) -> 0 | BC36: =IF(COUNTIF($CO36:$CW36,"<="&AY36)>0,1,0) -> 0 | BD36: =IF(COUNTIF($CX36:$DE36,"<="&AY36)>0,1,0) -> 0 | BF36: =COUNTIFS($BX36:$CF36,">="&$AX36,$BX36:$CF36,"<="&$AY36) -> 0 | BG36: =COUNTIFS($CG36:$CN36,">="&$AX36,$CG36:$CN36,"<="&$AY36) -> 0 | BH36: =COUNTIFS($CO36:$CW36,">="&$AX36,$CO36:$CW36,"<="&$AY36) -> 0 | BI36: =COUNTIFS($CX36:$DE36,">="&$AX36,$CX36:$DE36,"<="&$AY36) -> 0 | BK36: 1 | BL36: 5 | BM36: =IF(SUM(BX36:DE36)>0,1,0) -> 0 | BN36: =IF(COUNTIF($BX36:$CF36,"<="&BL36)>0,1,0) -> 0 | BO36: =IF(COUNTIF($CG36:$CN36,"<="&BL36)>0,1,0) -> 0 | BP36: =IF(COUNTIF($CO36:$CW36,"<="&BL36)>0,1,0) -> 0 | BQ36: =IF(COUNTIF($CX36:$DE36,"<="&BL36)>0,1,0) -> 0 | BS36: =COUNTIFS($BX36:$CF36,">="&$BK36,$BX36:$CF36,"<="&$BL36) -> 0 | BT36: =COUNTIFS($CG36:$CN36,">="&$BK36,$CG36:$CN36,"<="&$BL36) -> 0 | BU36: =COUNTIFS($CO36:$CW36,">="&$BK36,$CO36:$CW36,"<="&$BL36) -> 0 | BV36: =COUNTIFS($CX36:$DE36,">="&$BK36,$CX36:$DE36,"<="&$BL36) -> 0 | BX36: ='Team Grid'!BC36 | BY36: ='Team Grid'!BD36 | BZ36: ='Team Grid'!BE36 | CA36: ='Team Grid'!BF36 | CB36: ='Team Grid'!BG36 | CC36: ='Team Grid'!BH36 | CD36: ='Team Grid'!BI36 | CE36: ='Team Grid'!BJ36 | ... DE36: ='Team Grid'!CJ36
AH37: Restorative | AI37: Executing | AJ37: 0 | AK37: =IF(IFERROR(VLOOKUP($AH37,$Z:$AF,4,0),0)>0,VLOOKUP($AH37,$Z:$AF,4,0),NA()) -> #N/A | AL37: =IF(IFERROR(VLOOKUP($AH37,$Z:$AF,5,0),"")>0,VLOOKUP($AH37,$Z:$AF,5,0),NA()) -> #N/A | AM37: =IF(IFERROR(VLOOKUP($AH37,$Z:$AF,6,0),0)>0,VLOOKUP($AH37,$Z:$AF,6,0),NA()) -> #N/A | AN37: =IF(IFERROR(VLOOKUP($AH37,$Z:$AF,7,0),0)>0,VLOOKUP($AH37,$Z:$AF,7,0),NA()) -> #N/A | AP37: Strategic | AQ37: Strategic | AR37: 0 | AT37: =AQ37 -> Strategic | AU37: =AP37 -> Strategic | AV37: =AR37 -> 0 | AX37: =VLOOKUP($AY$8,Theme_Ranges[],2,0) -> 1 | AY37: =VLOOKUP($AY$8,Theme_Ranges[],3,0) -> 5 | AZ37: ='Team Grid'!AW37 -> 0 | BA37: =IF(COUNTIF($BX37:$CF37,"<="&AY37)>0,1,0) -> 0 | BB37: =IF(COUNTIF($CG37:$CN37,"<="&AY37)>0,1,0) -> 0 | BC37: =IF(COUNTIF($CO37:$CW37,"<="&AY37)>0,1,0) -> 0 | BD37: =IF(COUNTIF($CX37:$DE37,"<="&AY37)>0,1,0) -> 0 | BF37: =COUNTIFS($BX37:$CF37,">="&$AX37,$BX37:$CF37,"<="&$AY37) -> 0 | BG37: =COUNTIFS($CG37:$CN37,">="&$AX37,$CG37:$CN37,"<="&$AY37) -> 0 | BH37: =COUNTIFS($CO37:$CW37,">="&$AX37,$CO37:$CW37,"<="&$AY37) -> 0 | BI37: =COUNTIFS($CX37:$DE37,">="&$AX37,$CX37:$DE37,"<="&$AY37) -> 0 | BK37: 1 | BL37: 5 | BM37: =IF(SUM(BX37:DE37)>0,1,0) -> 0 | BN37: =IF(COUNTIF($BX37:$CF37,"<="&BL37)>0,1,0) -> 0 | BO37: =IF(COUNTIF($CG37:$CN37,"<="&BL37)>0,1,0) -> 0 | BP37: =IF(COUNTIF($CO37:$CW37,"<="&BL37)>0,1,0) -> 0 | BQ37: =IF(COUNTIF($CX37:$DE37,"<="&BL37)>0,1,0) -> 0 | BS37: =COUNTIFS($BX37:$CF37,">="&$BK37,$BX37:$CF37,"<="&$BL37) -> 0 | BT37: =COUNTIFS($CG37:$CN37,">="&$BK37,$CG37:$CN37,"<="&$BL37) -> 0 | BU37: =COUNTIFS($CO37:$CW37,">="&$BK37,$CO37:$CW37,"<="&$BL37) -> 0 | BV37: =COUNTIFS($CX37:$DE37,">="&$BK37,$CX37:$DE37,"<="&$BL37) -> 0 | BX37: ='Team Grid'!BC37 | BY37: ='Team Grid'!BD37 | BZ37: ='Team Grid'!BE37 | CA37: ='Team Grid'!BF37 | CB37: ='Team Grid'!BG37 | CC37: ='Team Grid'!BH37 | CD37: ='Team Grid'!BI37 | CE37: ='Team Grid'!BJ37 | ... DE37: ='Team Grid'!CJ37
O38: {="Gaps - "&INDEX($BS$6:$BV$6,,MATCH(MIN($BS$7:$BV$7),$BS$7:$BV$7,0))&" Themes"} -> Gaps - Executing Themes | AH38: 0 | AI38: Strategic | AJ38: 0 | AK38: =IF(IFERROR(VLOOKUP($AH38,$Z:$AF,4,0),0)>0,VLOOKUP($AH38,$Z:$AF,4,0),NA()) -> #N/A | AL38: =IF(IFERROR(VLOOKUP($AH38,$Z:$AF,5,0),"")>0,VLOOKUP($AH38,$Z:$AF,5,0),NA()) -> #N/A | AM38: =IF(IFERROR(VLOOKUP($AH38,$Z:$AF,6,0),0)>0,VLOOKUP($AH38,$Z:$AF,6,0),NA()) -> #N/A | AN38: =IF(IFERROR(VLOOKUP($AH38,$Z:$AF,7,0),0)>0,VLOOKUP($AH38,$Z:$AF,7,0),NA()) -> #N/A | AX38: =VLOOKUP($AY$8,Theme_Ranges[],2,0) -> 1 | AY38: =VLOOKUP($AY$8,Theme_Ranges[],3,0) -> 5 | AZ38: ='Team Grid'!AW38 -> 0 | BA38: =IF(COUNTIF($BX38:$CF38,"<="&AY38)>0,1,0) -> 0 | BB38: =IF(COUNTIF($CG38:$CN38,"<="&AY38)>0,1,0) -> 0 | BC38: =IF(COUNTIF($CO38:$CW38,"<="&AY38)>0,1,0) -> 0 | BD38: =IF(COUNTIF($CX38:$DE38,"<="&AY38)>0,1,0) -> 0 | BF38: =COUNTIFS($BX38:$CF38,">="&$AX38,$BX38:$CF38,"<="&$AY38) -> 0 | BG38: =COUNTIFS($CG38:$CN38,">="&$AX38,$CG38:$CN38,"<="&$AY38) -> 0 | BH38: =COUNTIFS($CO38:$CW38,">="&$AX38,$CO38:$CW38,"<="&$AY38) -> 0 | BI38: =COUNTIFS($CX38:$DE38,">="&$AX38,$CX38:$DE38,"<="&$AY38) -> 0 | BK38: 1 | BL38: 5 | BM38: =IF(SUM(BX38:DE38)>0,1,0) -> 0 | BN38: =IF(COUNTIF($BX38:$CF38,"<="&BL38)>0,1,0) -> 0 | BO38: =IF(COUNTIF($CG38:$CN38,"<="&BL38)>0,1,0) -> 0 | BP38: =IF(COUNTIF($CO38:$CW38,"<="&BL38)>0,1,0) -> 0 | BQ38: =IF(COUNTIF($CX38:$DE38,"<="&BL38)>0,1,0) -> 0 | BS38: =COUNTIFS($BX38:$CF38,">="&$BK38,$BX38:$CF38,"<="&$BL38) -> 0 | BT38: =COUNTIFS($CG38:$CN38,">="&$BK38,$CG38:$CN38,"<="&$BL38) -> 0 | BU38: =COUNTIFS($CO38:$CW38,">="&$BK38,$CO38:$CW38,"<="&$BL38) -> 0 | BV38: =COUNTIFS($CX38:$DE38,">="&$BK38,$CX38:$DE38,"<="&$BL38) -> 0 | BX38: ='Team Grid'!BC38 | BY38: ='Team Grid'!BD38 | BZ38: ='Team Grid'!BE38 | CA38: ='Team Grid'!BF38 | CB38: ='Team Grid'!BG38 | CC38: ='Team Grid'!BH38 | CD38: ='Team Grid'!BI38 | CE38: ='Team Grid'!BJ38 | ... DE38: ='Team Grid'!CJ38
C39: =BD2 -> 0/0 People have Strategic Thinking in their Top 5 | J39: =BB2 -> 0/0 People have Influencing in their Top 5 | O39: {=VLOOKUP(INDEX($BS$6:$BV$6,,MATCH(MIN($BS$7:$BV$7),$BS$7:$BV$7,0)),Theme_Details[[Long Name]:[Domain Team Gap Text]],5,0)} -> When Executing themes are underrepresented, the team may have great ideas and intentions, but struggle to consistently deliver. Tasks might get delayed, details overlooked, and projects risk fizzling out before completion. There’s often a lack of momentum to turn plans into action. | Y39: 4 | Z39: Discipline | AA39: Executing | AB39: =SUM(AC39:AF39) -> 0 | AC39: =IF($AA39=AC$3,COUNTIFS(Data_Table_1[Theme],$Z39,Data_Table_1[Theme Ranking],">="&VLOOKUP($E$3,Theme_Ranges[],2,0),Data_Table_1[Theme Ranking],"<="&VLOOKUP($E$3,Theme_Ranges[],3,0)),0) -> 0 | AD39: =IF($AA39=AD$3,COUNTIFS(Data_Table_1[Theme],$Z39,Data_Table_1[Theme Ranking],">="&VLOOKUP($E$3,Theme_Ranges[],2,0),Data_Table_1[Theme Ranking],"<="&VLOOKUP($E$3,Theme_Ranges[],3,0)),0) -> 0 | AE39: =IF($AA39=AE$3,COUNTIFS(Data_Table_1[Theme],$Z39,Data_Table_1[Theme Ranking],">="&VLOOKUP($E$3,Theme_Ranges[],2,0),Data_Table_1[Theme Ranking],"<="&VLOOKUP($E$3,Theme_Ranges[],3,0)),0) -> 0 | AF39: =IF($AA39=AF$3,COUNTIFS(Data_Table_1[Theme],$Z39,Data_Table_1[Theme Ranking],">="&VLOOKUP($E$3,Theme_Ranges[],2,0),Data_Table_1[Theme Ranking],"<="&VLOOKUP($E$3,Theme_Ranges[],3,0)),0) -> 0 | AH39: 0 | AI39: 0 | AJ39: 0 | AK39: =IF(IFERROR(VLOOKUP($AH39,$Z:$AF,4,0),0)>0,VLOOKUP($AH39,$Z:$AF,4,0),NA()) -> #N/A | AL39: =IF(IFERROR(VLOOKUP($AH39,$Z:$AF,5,0),"")>0,VLOOKUP($AH39,$Z:$AF,5,0),NA()) -> #N/A | AM39: =IF(IFERROR(VLOOKUP($AH39,$Z:$AF,6,0),0)>0,VLOOKUP($AH39,$Z:$AF,6,0),NA()) -> #N/A | AN39: =IF(IFERROR(VLOOKUP($AH39,$Z:$AF,7,0),0)>0,VLOOKUP($AH39,$Z:$AF,7,0),NA()) -> #N/A | AX39: =VLOOKUP($AY$8,Theme_Ranges[],2,0) -> 1 | AY39: =VLOOKUP($AY$8,Theme_Ranges[],3,0) -> 5 | AZ39: ='Team Grid'!AW37 -> 0 | BA39: =IF(COUNTIF($BX39:$CF39,"<="&AY39)>0,1,0) -> 0 | BB39: =IF(COUNTIF($CG39:$CN39,"<="&AY39)>0,1,0) -> 0 | BC39: =IF(COUNTIF($CO39:$CW39,"<="&AY39)>0,1,0) -> 0 | BD39: =IF(COUNTIF($CX39:$DE39,"<="&AY39)>0,1,0) -> 0 | BF39: =COUNTIFS($BX39:$CF39,">="&$AX39,$BX39:$CF39,"<="&$AY39) -> 0 | BG39: =COUNTIFS($CG39:$CN39,">="&$AX39,$CG39:$CN39,"<="&$AY39) -> 0 | BH39: =COUNTIFS($CO39:$CW39,">="&$AX39,$CO39:$CW39,"<="&$AY39) -> 0 | BI39: =COUNTIFS($CX39:$DE39,">="&$AX39,$CX39:$DE39,"<="&$AY39) -> 0 | BK39: 1 | BL39: 5 | BM39: =IF(SUM(BX39:DE39)>0,1,0) -> 0 | BN39: =IF(COUNTIF($BX39:$CF39,"<="&BL39)>0,1,0) -> 0 | BO39: =IF(COUNTIF($CG39:$CN39,"<="&BL39)>0,1,0) -> 0 | BP39: =IF(COUNTIF($CO39:$CW39,"<="&BL39)>0,1,0) -> 0 | BQ39: =IF(COUNTIF($CX39:$DE39,"<="&BL39)>0,1,0) -> 0 | BS39: =COUNTIFS($BX39:$CF39,">="&$BK39,$BX39:$CF39,"<="&$BL39) -> 0 | BT39: =COUNTIFS($CG39:$CN39,">="&$BK39,$CG39:$CN39,"<="&$BL39) -> 0 | BU39: =COUNTIFS($CO39:$CW39,">="&$BK39,$CO39:$CW39,"<="&$BL39) -> 0 | BV39: =COUNTIFS($CX39:$DE39,">="&$BK39,$CX39:$DE39,"<="&$BL39) -> 0 | BX39: ='Team Grid'!BC39 | BY39: ='Team Grid'!BD39 | BZ39: ='Team Grid'!BE39 | CA39: ='Team Grid'!BF39 | CB39: ='Team Grid'!BG39 | CC39: ='Team Grid'!BH39 | CD39: ='Team Grid'!BI39 | CE39: ='Team Grid'!BJ39 | ... DE39: ='Team Grid'!CJ39
Y40: 4 | Z40: Focus | AA40: Executing | AB40: =SUM(AC40:AF40) -> 0 | AC40: =IF($AA40=AC$3,COUNTIFS(Data_Table_1[Theme],$Z40,Data_Table_1[Theme Ranking],">="&VLOOKUP($E$3,Theme_Ranges[],2,0),Data_Table_1[Theme Ranking],"<="&VLOOKUP($E$3,Theme_Ranges[],3,0)),0) -> 0 | AD40: =IF($AA40=AD$3,COUNTIFS(Data_Table_1[Theme],$Z40,Data_Table_1[Theme Ranking],">="&VLOOKUP($E$3,Theme_Ranges[],2,0),Data_Table_1[Theme Ranking],"<="&VLOOKUP($E$3,Theme_Ranges[],3,0)),0) -> 0 | AE40: =IF($AA40=AE$3,COUNTIFS(Data_Table_1[Theme],$Z40,Data_Table_1[Theme Ranking],">="&VLOOKUP($E$3,Theme_Ranges[],2,0),Data_Table_1[Theme Ranking],"<="&VLOOKUP($E$3,Theme_Ranges[],3,0)),0) -> 0 | AF40: =IF($AA40=AF$3,COUNTIFS(Data_Table_1[Theme],$Z40,Data_Table_1[Theme Ranking],">="&VLOOKUP($E$3,Theme_Ranges[],2,0),Data_Table_1[Theme Ranking],"<="&VLOOKUP($E$3,Theme_Ranges[],3,0)),0) -> 0 | AH40: 0 | AI40: Influencing | AJ40: 0 | AK40: =IF(IFERROR(VLOOKUP($AH40,$Z:$AF,4,0),0)>0,VLOOKUP($AH40,$Z:$AF,4,0),NA()) -> #N/A | AL40: =IF(IFERROR(VLOOKUP($AH40,$Z:$AF,5,0),"")>0,VLOOKUP($AH40,$Z:$AF,5,0),NA()) -> #N/A | AM40: =IF(IFERROR(VLOOKUP($AH40,$Z:$AF,6,0),0)>0,VLOOKUP($AH40,$Z:$AF,6,0),NA()) -> #N/A | AN40: =IF(IFERROR(VLOOKUP($AH40,$Z:$AF,7,0),0)>0,VLOOKUP($AH40,$Z:$AF,7,0),NA()) -> #N/A | AX40: =VLOOKUP($AY$8,Theme_Ranges[],2,0) -> 1 | AY40: =VLOOKUP($AY$8,Theme_Ranges[],3,0) -> 5 | AZ40: ='Team Grid'!AW38 -> 0 | BA40: =IF(COUNTIF($BX40:$CF40,"<="&AY40)>0,1,0) -> 0 | BB40: =IF(COUNTIF($CG40:$CN40,"<="&AY40)>0,1,0) -> 0 | BC40: =IF(COUNTIF($CO40:$CW40,"<="&AY40)>0,1,0) -> 0 | BD40: =IF(COUNTIF($CX40:$DE40,"<="&AY40)>0,1,0) -> 0 | BF40: =COUNTIFS($BX40:$CF40,">="&$AX40,$BX40:$CF40,"<="&$AY40) -> 0 | BG40: =COUNTIFS($CG40:$CN40,">="&$AX40,$CG40:$CN40,"<="&$AY40) -> 0 | BH40: =COUNTIFS($CO40:$CW40,">="&$AX40,$CO40:$CW40,"<="&$AY40) -> 0 | BI40: =COUNTIFS($CX40:$DE40,">="&$AX40,$CX40:$DE40,"<="&$AY40) -> 0 | BK40: 1 | BL40: 5 | BM40: =IF(SUM(BX40:DE40)>0,1,0) -> 0 | BN40: =IF(COUNTIF($BX40:$CF40,"<="&BL40)>0,1,0) -> 0 | BO40: =IF(COUNTIF($CG40:$CN40,"<="&BL40)>0,1,0) -> 0 | BP40: =IF(COUNTIF($CO40:$CW40,"<="&BL40)>0,1,0) -> 0 | BQ40: =IF(COUNTIF($CX40:$DE40,"<="&BL40)>0,1,0) -> 0 | BS40: =COUNTIFS($BX40:$CF40,">="&$BK40,$BX40:$CF40,"<="&$BL40) -> 0 | BT40: =COUNTIFS($CG40:$CN40,">="&$BK40,$CG40:$CN40,"<="&$BL40) -> 0 | BU40: =COUNTIFS($CO40:$CW40,">="&$BK40,$CO40:$CW40,"<="&$BL40) -> 0 | BV40: =COUNTIFS($CX40:$DE40,">="&$BK40,$CX40:$DE40,"<="&$BL40) -> 0 | BX40: ='Team Grid'!BC40 | BY40: ='Team Grid'!BD40 | BZ40: ='Team Grid'!BE40 | CA40: ='Team Grid'!BF40 | CB40: ='Team Grid'!BG40 | CC40: ='Team Grid'!BH40 | CD40: ='Team Grid'!BI40 | CE40: ='Team Grid'!BJ40 | ... DE40: ='Team Grid'!CJ40
Y41: 4 | Z41: Responsibility | AA41: Executing | AB41: =SUM(AC41:AF41) -> 0 | AC41: =IF($AA41=AC$3,COUNTIFS(Data_Table_1[Theme],$Z41,Data_Table_1[Theme Ranking],">="&VLOOKUP($E$3,Theme_Ranges[],2,0),Data_Table_1[Theme Ranking],"<="&VLOOKUP($E$3,Theme_Ranges[],3,0)),0) -> 0 | AD41: =IF($AA41=AD$3,COUNTIFS(Data_Table_1[Theme],$Z41,Data_Table_1[Theme Ranking],">="&VLOOKUP($E$3,Theme_Ranges[],2,0),Data_Table_1[Theme Ranking],"<="&VLOOKUP($E$3,Theme_Ranges[],3,0)),0) -> 0 | AE41: =IF($AA41=AE$3,COUNTIFS(Data_Table_1[Theme],$Z41,Data_Table_1[Theme Ranking],">="&VLOOKUP($E$3,Theme_Ranges[],2,0),Data_Table_1[Theme Ranking],"<="&VLOOKUP($E$3,Theme_Ranges[],3,0)),0) -> 0 | AF41: =IF($AA41=AF$3,COUNTIFS(Data_Table_1[Theme],$Z41,Data_Table_1[Theme Ranking],">="&VLOOKUP($E$3,Theme_Ranges[],2,0),Data_Table_1[Theme Ranking],"<="&VLOOKUP($E$3,Theme_Ranges[],3,0)),0) -> 0 | AH41: 0 | AI41: 0 | AJ41: 0 | AK41: =IF(IFERROR(VLOOKUP($AH41,$Z:$AF,4,0),0)>0,VLOOKUP($AH41,$Z:$AF,4,0),NA()) -> #N/A | AL41: =IF(IFERROR(VLOOKUP($AH41,$Z:$AF,5,0),"")>0,VLOOKUP($AH41,$Z:$AF,5,0),NA()) -> #N/A | AM41: =IF(IFERROR(VLOOKUP($AH41,$Z:$AF,6,0),0)>0,VLOOKUP($AH41,$Z:$AF,6,0),NA()) -> #N/A | AN41: =IF(IFERROR(VLOOKUP($AH41,$Z:$AF,7,0),0)>0,VLOOKUP($AH41,$Z:$AF,7,0),NA()) -> #N/A | AX41: =VLOOKUP($AY$8,Theme_Ranges[],2,0) -> 1 | AY41: =VLOOKUP($AY$8,Theme_Ranges[],3,0) -> 5 | AZ41: ='Team Grid'!AW39 -> 0 | BA41: =IF(COUNTIF($BX41:$CF41,"<="&AY41)>0,1,0) -> 0 | BB41: =IF(COUNTIF($CG41:$CN41,"<="&AY41)>0,1,0) -> 0 | BC41: =IF(COUNTIF($CO41:$CW41,"<="&AY41)>0,1,0) -> 0 | BD41: =IF(COUNTIF($CX41:$DE41,"<="&AY41)>0,1,0) -> 0 | BF41: =COUNTIFS($BX41:$CF41,">="&$AX41,$BX41:$CF41,"<="&$AY41) -> 0 | BG41: =COUNTIFS($CG41:$CN41,">="&$AX41,$CG41:$CN41,"<="&$AY41) -> 0 | BH41: =COUNTIFS($CO41:$CW41,">="&$AX41,$CO41:$CW41,"<="&$AY41) -> 0 | BI41: =COUNTIFS($CX41:$DE41,">="&$AX41,$CX41:$DE41,"<="&$AY41) -> 0 | BK41: 1 | BL41: 5 | BM41: =IF(SUM(BX41:DE41)>0,1,0) -> 0 | BN41: =IF(COUNTIF($BX41:$CF41,"<="&BL41)>0,1,0) -> 0 | BO41: =IF(COUNTIF($CG41:$CN41,"<="&BL41)>0,1,0) -> 0 | BP41: =IF(COUNTIF($CO41:$CW41,"<="&BL41)>0,1,0) -> 0 | BQ41: =IF(COUNTIF($CX41:$DE41,"<="&BL41)>0,1,0) -> 0 | BS41: =COUNTIFS($BX41:$CF41,">="&$BK41,$BX41:$CF41,"<="&$BL41) -> 0 | BT41: =COUNTIFS($CG41:$CN41,">="&$BK41,$CG41:$CN41,"<="&$BL41) -> 0 | BU41: =COUNTIFS($CO41:$CW41,">="&$BK41,$CO41:$CW41,"<="&$BL41) -> 0 | BV41: =COUNTIFS($CX41:$DE41,">="&$BK41,$CX41:$DE41,"<="&$BL41) -> 0 | BX41: ='Team Grid'!BC41 | BY41: ='Team Grid'!BD41 | BZ41: ='Team Grid'!BE41 | CA41: ='Team Grid'!BF41 | CB41: ='Team Grid'!BG41 | CC41: ='Team Grid'!BH41 | CD41: ='Team Grid'!BI41 | CE41: ='Team Grid'!BJ41 | ... DE41: ='Team Grid'!CJ41
Y42: 4 | Z42: Restorative | AA42: Executing | AB42: =SUM(AC42:AF42) -> 0 | AC42: =IF($AA42=AC$3,COUNTIFS(Data_Table_1[Theme],$Z42,Data_Table_1[Theme Ranking],">="&VLOOKUP($E$3,Theme_Ranges[],2,0),Data_Table_1[Theme Ranking],"<="&VLOOKUP($E$3,Theme_Ranges[],3,0)),0) -> 0 | AD42: =IF($AA42=AD$3,COUNTIFS(Data_Table_1[Theme],$Z42,Data_Table_1[Theme Ranking],">="&VLOOKUP($E$3,Theme_Ranges[],2,0),Data_Table_1[Theme Ranking],"<="&VLOOKUP($E$3,Theme_Ranges[],3,0)),0) -> 0 | AE42: =IF($AA42=AE$3,COUNTIFS(Data_Table_1[Theme],$Z42,Data_Table_1[Theme Ranking],">="&VLOOKUP($E$3,Theme_Ranges[],2,0),Data_Table_1[Theme Ranking],"<="&VLOOKUP($E$3,Theme_Ranges[],3,0)),0) -> 0 | AF42: =IF($AA42=AF$3,COUNTIFS(Data_Table_1[Theme],$Z42,Data_Table_1[Theme Ranking],">="&VLOOKUP($E$3,Theme_Ranges[],2,0),Data_Table_1[Theme Ranking],"<="&VLOOKUP($E$3,Theme_Ranges[],3,0)),0) -> 0 | AH42: 0 | AI42: 0 | AJ42: 0 | AK42: =IF(IFERROR(VLOOKUP($AH42,$Z:$AF,4,0),0)>0,VLOOKUP($AH42,$Z:$AF,4,0),NA()) -> #N/A | AL42: =IF(IFERROR(VLOOKUP($AH42,$Z:$AF,5,0),"")>0,VLOOKUP($AH42,$Z:$AF,5,0),NA()) -> #N/A | AM42: =IF(IFERROR(VLOOKUP($AH42,$Z:$AF,6,0),0)>0,VLOOKUP($AH42,$Z:$AF,6,0),NA()) -> #N/A | AN42: =IF(IFERROR(VLOOKUP($AH42,$Z:$AF,7,0),0)>0,VLOOKUP($AH42,$Z:$AF,7,0),NA()) -> #N/A | AX42: =VLOOKUP($AY$8,Theme_Ranges[],2,0) -> 1 | AY42: =VLOOKUP($AY$8,Theme_Ranges[],3,0) -> 5 | AZ42: ='Team Grid'!AW40 -> 0 | BA42: =IF(COUNTIF($BX42:$CF42,"<="&AY42)>0,1,0) -> 0 | BB42: =IF(COUNTIF($CG42:$CN42,"<="&AY42)>0,1,0) -> 0 | BC42: =IF(COUNTIF($CO42:$CW42,"<="&AY42)>0,1,0) -> 0 | BD42: =IF(COUNTIF($CX42:$DE42,"<="&AY42)>0,1,0) -> 0 | BF42: =COUNTIFS($BX42:$CF42,">="&$AX42,$BX42:$CF42,"<="&$AY42) -> 0 | BG42: =COUNTIFS($CG42:$CN42,">="&$AX42,$CG42:$CN42,"<="&$AY42) -> 0 | BH42: =COUNTIFS($CO42:$CW42,">="&$AX42,$CO42:$CW42,"<="&$AY42) -> 0 | BI42: =COUNTIFS($CX42:$DE42,">="&$AX42,$CX42:$DE42,"<="&$AY42) -> 0 | BK42: 1 | BL42: 5 | BM42: =IF(SUM(BX42:DE42)>0,1,0) -> 0 | BN42: =IF(COUNTIF($BX42:$CF42,"<="&BL42)>0,1,0) -> 0 | BO42: =IF(COUNTIF($CG42:$CN42,"<="&BL42)>0,1,0) -> 0 | BP42: =IF(COUNTIF($CO42:$CW42,"<="&BL42)>0,1,0) -> 0 | BQ42: =IF(COUNTIF($CX42:$DE42,"<="&BL42)>0,1,0) -> 0 | BS42: =COUNTIFS($BX42:$CF42,">="&$BK42,$BX42:$CF42,"<="&$BL42) -> 0 | BT42: =COUNTIFS($CG42:$CN42,">="&$BK42,$CG42:$CN42,"<="&$BL42) -> 0 | BU42: =COUNTIFS($CO42:$CW42,">="&$BK42,$CO42:$CW42,"<="&$BL42) -> 0 | BV42: =COUNTIFS($CX42:$DE42,">="&$BK42,$CX42:$DE42,"<="&$BL42) -> 0 | BX42: ='Team Grid'!BC42 | BY42: ='Team Grid'!BD42 | BZ42: ='Team Grid'!BE42 | CA42: ='Team Grid'!BF42 | CB42: ='Team Grid'!BG42 | CC42: ='Team Grid'!BH42 | CD42: ='Team Grid'!BI42 | CE42: ='Team Grid'!BJ42 | ... DE42: ='Team Grid'!CJ42
AX43: =VLOOKUP($AY$8,Theme_Ranges[],2,0) -> 1 | AY43: =VLOOKUP($AY$8,Theme_Ranges[],3,0) -> 5 | AZ43: ='Team Grid'!AW41 -> 0 | BA43: =IF(COUNTIF($BX43:$CF43,"<="&AY43)>0,1,0) -> 0 | BB43: =IF(COUNTIF($CG43:$CN43,"<="&AY43)>0,1,0) -> 0 | BC43: =IF(COUNTIF($CO43:$CW43,"<="&AY43)>0,1,0) -> 0 | BD43: =IF(COUNTIF($CX43:$DE43,"<="&AY43)>0,1,0) -> 0 | BF43: =COUNTIFS($BX43:$CF43,">="&$AX43,$BX43:$CF43,"<="&$AY43) -> 0 | BG43: =COUNTIFS($CG43:$CN43,">="&$AX43,$CG43:$CN43,"<="&$AY43) -> 0 | BH43: =COUNTIFS($CO43:$CW43,">="&$AX43,$CO43:$CW43,"<="&$AY43) -> 0 | BI43: =COUNTIFS($CX43:$DE43,">="&$AX43,$CX43:$DE43,"<="&$AY43) -> 0 | BK43: 1 | BL43: 5 | BM43: =IF(SUM(BX43:DE43)>0,1,0) -> 0 | BN43: =IF(COUNTIF($BX43:$CF43,"<="&BL43)>0,1,0) -> 0 | BO43: =IF(COUNTIF($CG43:$CN43,"<="&BL43)>0,1,0) -> 0 | BP43: =IF(COUNTIF($CO43:$CW43,"<="&BL43)>0,1,0) -> 0 | BQ43: =IF(COUNTIF($CX43:$DE43,"<="&BL43)>0,1,0) -> 0 | BS43: =COUNTIFS($BX43:$CF43,">="&$BK43,$BX43:$CF43,"<="&$BL43) -> 0 | BT43: =COUNTIFS($CG43:$CN43,">="&$BK43,$CG43:$CN43,"<="&$BL43) -> 0 | BU43: =COUNTIFS($CO43:$CW43,">="&$BK43,$CO43:$CW43,"<="&$BL43) -> 0 | BV43: =COUNTIFS($CX43:$DE43,">="&$BK43,$CX43:$DE43,"<="&$BL43) -> 0 | BX43: ='Team Grid'!BC43 | BY43: ='Team Grid'!BD43 | BZ43: ='Team Grid'!BE43 | CA43: ='Team Grid'!BF43 | CB43: ='Team Grid'!BG43 | CC43: ='Team Grid'!BH43 | CD43: ='Team Grid'!BI43 | CE43: ='Team Grid'!BJ43 | ... DE43: ='Team Grid'!CJ43
AX44: =VLOOKUP($AY$8,Theme_Ranges[],2,0) -> 1 | AY44: =VLOOKUP($AY$8,Theme_Ranges[],3,0) -> 5 | AZ44: ='Team Grid'!AW42 -> 0 | BA44: =IF(COUNTIF($BX44:$CF44,"<="&AY44)>0,1,0) -> 0 | BB44: =IF(COUNTIF($CG44:$CN44,"<="&AY44)>0,1,0) -> 0 | BC44: =IF(COUNTIF($CO44:$CW44,"<="&AY44)>0,1,0) -> 0 | BD44: =IF(COUNTIF($CX44:$DE44,"<="&AY44)>0,1,0) -> 0 | BF44: =COUNTIFS($BX44:$CF44,">="&$AX44,$BX44:$CF44,"<="&$AY44) -> 0 | BG44: =COUNTIFS($CG44:$CN44,">="&$AX44,$CG44:$CN44,"<="&$AY44) -> 0 | BH44: =COUNTIFS($CO44:$CW44,">="&$AX44,$CO44:$CW44,"<="&$AY44) -> 0 | BI44: =COUNTIFS($CX44:$DE44,">="&$AX44,$CX44:$DE44,"<="&$AY44) -> 0 | BK44: 1 | BL44: 5 | BM44: =IF(SUM(BX44:DE44)>0,1,0) -> 0 | BN44: =IF(COUNTIF($BX44:$CF44,"<="&BL44)>0,1,0) -> 0 | BO44: =IF(COUNTIF($CG44:$CN44,"<="&BL44)>0,1,0) -> 0 | BP44: =IF(COUNTIF($CO44:$CW44,"<="&BL44)>0,1,0) -> 0 | BQ44: =IF(COUNTIF($CX44:$DE44,"<="&BL44)>0,1,0) -> 0 | BS44: =COUNTIFS($BX44:$CF44,">="&$BK44,$BX44:$CF44,"<="&$BL44) -> 0 | BT44: =COUNTIFS($CG44:$CN44,">="&$BK44,$CG44:$CN44,"<="&$BL44) -> 0 | BU44: =COUNTIFS($CO44:$CW44,">="&$BK44,$CO44:$CW44,"<="&$BL44) -> 0 | BV44: =COUNTIFS($CX44:$DE44,">="&$BK44,$CX44:$DE44,"<="&$BL44) -> 0 | BX44: ='Team Grid'!BC44 | BY44: ='Team Grid'!BD44 | BZ44: ='Team Grid'!BE44 | CA44: ='Team Grid'!BF44 | CB44: ='Team Grid'!BG44 | CC44: ='Team Grid'!BH44 | CD44: ='Team Grid'!BI44 | CE44: ='Team Grid'!BJ44 | ... DE44: ='Team Grid'!CJ44
A45: Team Top 5 | AX45: =VLOOKUP($AY$8,Theme_Ranges[],2,0) -> 1 | AY45: =VLOOKUP($AY$8,Theme_Ranges[],3,0) -> 5 | AZ45: ='Team Grid'!AW43 -> 0 | BA45: =IF(COUNTIF($BX45:$CF45,"<="&AY45)>0,1,0) -> 0 | BB45: =IF(COUNTIF($CG45:$CN45,"<="&AY45)>0,1,0) -> 0 | BC45: =IF(COUNTIF($CO45:$CW45,"<="&AY45)>0,1,0) -> 0 | BD45: =IF(COUNTIF($CX45:$DE45,"<="&AY45)>0,1,0) -> 0 | BF45: =COUNTIFS($BX45:$CF45,">="&$AX45,$BX45:$CF45,"<="&$AY45) -> 0 | BG45: =COUNTIFS($CG45:$CN45,">="&$AX45,$CG45:$CN45,"<="&$AY45) -> 0 | BH45: =COUNTIFS($CO45:$CW45,">="&$AX45,$CO45:$CW45,"<="&$AY45) -> 0 | BI45: =COUNTIFS($CX45:$DE45,">="&$AX45,$CX45:$DE45,"<="&$AY45) -> 0 | BK45: 1 | BL45: 5 | BM45: =IF(SUM(BX45:DE45)>0,1,0) -> 0 | BN45: =IF(COUNTIF($BX45:$CF45,"<="&BL45)>0,1,0) -> 0 | BO45: =IF(COUNTIF($CG45:$CN45,"<="&BL45)>0,1,0) -> 0 | BP45: =IF(COUNTIF($CO45:$CW45,"<="&BL45)>0,1,0) -> 0 | BQ45: =IF(COUNTIF($CX45:$DE45,"<="&BL45)>0,1,0) -> 0 | BS45: =COUNTIFS($BX45:$CF45,">="&$BK45,$BX45:$CF45,"<="&$BL45) -> 0 | BT45: =COUNTIFS($CG45:$CN45,">="&$BK45,$CG45:$CN45,"<="&$BL45) -> 0 | BU45: =COUNTIFS($CO45:$CW45,">="&$BK45,$CO45:$CW45,"<="&$BL45) -> 0 | BV45: =COUNTIFS($CX45:$DE45,">="&$BK45,$CX45:$DE45,"<="&$BL45) -> 0 | BX45: ='Team Grid'!BC45 | BY45: ='Team Grid'!BD45 | BZ45: ='Team Grid'!BE45 | CA45: ='Team Grid'!BF45 | CB45: ='Team Grid'!BG45 | CC45: ='Team Grid'!BH45 | CD45: ='Team Grid'!BI45 | CE45: ='Team Grid'!BJ45 | ... DE45: ='Team Grid'!CJ45
A46: % Present | C46: Theme | F46: As a team we bring | K46: As a team we need | P46: As a team we are motived by | AX46: =VLOOKUP($AY$8,Theme_Ranges[],2,0) -> 1 | AY46: =VLOOKUP($AY$8,Theme_Ranges[],3,0) -> 5 | AZ46: ='Team Grid'!AW44 -> 0 | BA46: =IF(COUNTIF($BX46:$CF46,"<="&AY46)>0,1,0) -> 0 | BB46: =IF(COUNTIF($CG46:$CN46,"<="&AY46)>0,1,0) -> 0 | BC46: =IF(COUNTIF($CO46:$CW46,"<="&AY46)>0,1,0) -> 0 | BD46: =IF(COUNTIF($CX46:$DE46,"<="&AY46)>0,1,0) -> 0 | BF46: =COUNTIFS($BX46:$CF46,">="&$AX46,$BX46:$CF46,"<="&$AY46) -> 0 | BG46: =COUNTIFS($CG46:$CN46,">="&$AX46,$CG46:$CN46,"<="&$AY46) -> 0 | BH46: =COUNTIFS($CO46:$CW46,">="&$AX46,$CO46:$CW46,"<="&$AY46) -> 0 | BI46: =COUNTIFS($CX46:$DE46,">="&$AX46,$CX46:$DE46,"<="&$AY46) -> 0 | BK46: 1 | BL46: 5 | BM46: =IF(SUM(BX46:DE46)>0,1,0) -> 0 | BN46: =IF(COUNTIF($BX46:$CF46,"<="&BL46)>0,1,0) -> 0 | BO46: =IF(COUNTIF($CG46:$CN46,"<="&BL46)>0,1,0) -> 0 | BP46: =IF(COUNTIF($CO46:$CW46,"<="&BL46)>0,1,0) -> 0 | BQ46: =IF(COUNTIF($CX46:$DE46,"<="&BL46)>0,1,0) -> 0 | BS46: =COUNTIFS($BX46:$CF46,">="&$BK46,$BX46:$CF46,"<="&$BL46) -> 0 | BT46: =COUNTIFS($CG46:$CN46,">="&$BK46,$CG46:$CN46,"<="&$BL46) -> 0 | BU46: =COUNTIFS($CO46:$CW46,">="&$BK46,$CO46:$CW46,"<="&$BL46) -> 0 | BV46: =COUNTIFS($CX46:$DE46,">="&$BK46,$CX46:$DE46,"<="&$BL46) -> 0 | BX46: ='Team Grid'!BC46 | BY46: ='Team Grid'!BD46 | BZ46: ='Team Grid'!BE46 | CA46: ='Team Grid'!BF46 | CB46: ='Team Grid'!BG46 | CC46: ='Team Grid'!BH46 | CD46: ='Team Grid'!BI46 | CE46: ='Team Grid'!BJ46 | ... DE46: ='Team Grid'!CJ46
A47: =AJ37/$BM$7 -> #DIV/0! | C47: =AC49 -> Achiever | F47: =VLOOKUP($C47,'Theme Detail'!$B:$L,9,0) -> intensity and stamina of effort | K47: =VLOOKUP($C47,'Theme Detail'!$B:$L,10,0) -> freedom to work at my own pace | P47: =VLOOKUP($C47,'Theme Detail'!$B:$L,11,0) -> completing tasks | Y47: Theme Presence helper | AC47: Team Top 5 helper | AX47: =VLOOKUP($AY$8,Theme_Ranges[],2,0) -> 1 | AY47: =VLOOKUP($AY$8,Theme_Ranges[],3,0) -> 5 | AZ47: ='Team Grid'!AW45 -> 0 | BA47: =IF(COUNTIF($BX47:$CF47,"<="&AY47)>0,1,0) -> 0 | BB47: =IF(COUNTIF($CG47:$CN47,"<="&AY47)>0,1,0) -> 0 | BC47: =IF(COUNTIF($CO47:$CW47,"<="&AY47)>0,1,0) -> 0 | BD47: =IF(COUNTIF($CX47:$DE47,"<="&AY47)>0,1,0) -> 0 | BF47: =COUNTIFS($BX47:$CF47,">="&$AX47,$BX47:$CF47,"<="&$AY47) -> 0 | BG47: =COUNTIFS($CG47:$CN47,">="&$AX47,$CG47:$CN47,"<="&$AY47) -> 0 | BH47: =COUNTIFS($CO47:$CW47,">="&$AX47,$CO47:$CW47,"<="&$AY47) -> 0 | BI47: =COUNTIFS($CX47:$DE47,">="&$AX47,$CX47:$DE47,"<="&$AY47) -> 0 | BK47: 1 | BL47: 5 | BM47: =IF(SUM(BX47:DE47)>0,1,0) -> 0 | BN47: =IF(COUNTIF($BX47:$CF47,"<="&BL47)>0,1,0) -> 0 | BO47: =IF(COUNTIF($CG47:$CN47,"<="&BL47)>0,1,0) -> 0 | BP47: =IF(COUNTIF($CO47:$CW47,"<="&BL47)>0,1,0) -> 0 | BQ47: =IF(COUNTIF($CX47:$DE47,"<="&BL47)>0,1,0) -> 0 | BS47: =COUNTIFS($BX47:$CF47,">="&$BK47,$BX47:$CF47,"<="&$BL47) -> 0 | BT47: =COUNTIFS($CG47:$CN47,">="&$BK47,$CG47:$CN47,"<="&$BL47) -> 0 | BU47: =COUNTIFS($CO47:$CW47,">="&$BK47,$CO47:$CW47,"<="&$BL47) -> 0 | BV47: =COUNTIFS($CX47:$DE47,">="&$BK47,$CX47:$DE47,"<="&$BL47) -> 0 | BX47: ='Team Grid'!BC47 | BY47: ='Team Grid'!BD47 | BZ47: ='Team Grid'!BE47 | CA47: ='Team Grid'!BF47 | CB47: ='Team Grid'!BG47 | CC47: ='Team Grid'!BH47 | CD47: ='Team Grid'!BI47 | CE47: ='Team Grid'!BJ47 | ... DE47: ='Team Grid'!CJ47
Y48: Theme | Z48: Domain | AA48: Top 5 | AC48: Theme | AD48: Domain | AE48: Top 5 | AX48: =VLOOKUP($AY$8,Theme_Ranges[],2,0) -> 1 | AY48: =VLOOKUP($AY$8,Theme_Ranges[],3,0) -> 5 | AZ48: ='Team Grid'!AW46 -> 0 | BA48: =IF(COUNTIF($BX48:$CF48,"<="&AY48)>0,1,0) -> 0 | BB48: =IF(COUNTIF($CG48:$CN48,"<="&AY48)>0,1,0) -> 0 | BC48: =IF(COUNTIF($CO48:$CW48,"<="&AY48)>0,1,0) -> 0 | BD48: =IF(COUNTIF($CX48:$DE48,"<="&AY48)>0,1,0) -> 0 | BF48: =COUNTIFS($BX48:$CF48,">="&$AX48,$BX48:$CF48,"<="&$AY48) -> 0 | BG48: =COUNTIFS($CG48:$CN48,">="&$AX48,$CG48:$CN48,"<="&$AY48) -> 0 | BH48: =COUNTIFS($CO48:$CW48,">="&$AX48,$CO48:$CW48,"<="&$AY48) -> 0 | BI48: =COUNTIFS($CX48:$DE48,">="&$AX48,$CX48:$DE48,"<="&$AY48) -> 0 | BK48: 1 | BL48: 5 | BM48: =IF(SUM(BX48:DE48)>0,1,0) -> 0 | BN48: =IF(COUNTIF($BX48:$CF48,"<="&BL48)>0,1,0) -> 0 | BO48: =IF(COUNTIF($CG48:$CN48,"<="&BL48)>0,1,0) -> 0 | BP48: =IF(COUNTIF($CO48:$CW48,"<="&BL48)>0,1,0) -> 0 | BQ48: =IF(COUNTIF($CX48:$DE48,"<="&BL48)>0,1,0) -> 0 | BS48: =COUNTIFS($BX48:$CF48,">="&$BK48,$BX48:$CF48,"<="&$BL48) -> 0 | BT48: =COUNTIFS($CG48:$CN48,">="&$BK48,$CG48:$CN48,"<="&$BL48) -> 0 | BU48: =COUNTIFS($CO48:$CW48,">="&$BK48,$CO48:$CW48,"<="&$BL48) -> 0 | BV48: =COUNTIFS($CX48:$DE48,">="&$BK48,$CX48:$DE48,"<="&$BL48) -> 0 | BX48: ='Team Grid'!BC48 | BY48: ='Team Grid'!BD48 | BZ48: ='Team Grid'!BE48 | CA48: ='Team Grid'!BF48 | CB48: ='Team Grid'!BG48 | CC48: ='Team Grid'!BH48 | CD48: ='Team Grid'!BI48 | CE48: ='Team Grid'!BJ48 | ... DE48: ='Team Grid'!CJ48
A49: =AJ36/$BM$7 -> #DIV/0! | C49: =AC50 -> Arranger | F49: =VLOOKUP($C49,'Theme Detail'!$B:$L,9,0) -> flexibility and interactivity | K49: =VLOOKUP($C49,'Theme Detail'!$B:$L,10,0) -> a dynamic environment | P49: =VLOOKUP($C49,'Theme Detail'!$B:$L,11,0) -> initiating and managing necessary change | Y49: Achiever | Z49: Executing | AA49: =COUNTIF(INDEX($BX$9:$DE$58,,MATCH(Table8[[#This Row],[Theme]],$BX$6:$DE$6,0)),"<=5") -> 0 | AC49: {=_xlfn._xlws.SORT(Table8[],3,-1)} -> Achiever | AD49: Executing | AE49: 0 | AX49: =VLOOKUP($AY$8,Theme_Ranges[],2,0) -> 1 | AY49: =VLOOKUP($AY$8,Theme_Ranges[],3,0) -> 5 | AZ49: ='Team Grid'!AW47 -> 0 | BA49: =IF(COUNTIF($BX49:$CF49,"<="&AY49)>0,1,0) -> 0 | BB49: =IF(COUNTIF($CG49:$CN49,"<="&AY49)>0,1,0) -> 0 | BC49: =IF(COUNTIF($CO49:$CW49,"<="&AY49)>0,1,0) -> 0 | BD49: =IF(COUNTIF($CX49:$DE49,"<="&AY49)>0,1,0) -> 0 | BF49: =COUNTIFS($BX49:$CF49,">="&$AX49,$BX49:$CF49,"<="&$AY49) -> 0 | BG49: =COUNTIFS($CG49:$CN49,">="&$AX49,$CG49:$CN49,"<="&$AY49) -> 0 | BH49: =COUNTIFS($CO49:$CW49,">="&$AX49,$CO49:$CW49,"<="&$AY49) -> 0 | BI49: =COUNTIFS($CX49:$DE49,">="&$AX49,$CX49:$DE49,"<="&$AY49) -> 0 | BK49: 1 | BL49: 5 | BM49: =IF(SUM(BX49:DE49)>0,1,0) -> 0 | BN49: =IF(COUNTIF($BX49:$CF49,"<="&BL49)>0,1,0) -> 0 | BO49: =IF(COUNTIF($CG49:$CN49,"<="&BL49)>0,1,0) -> 0 | BP49: =IF(COUNTIF($CO49:$CW49,"<="&BL49)>0,1,0) -> 0 | BQ49: =IF(COUNTIF($CX49:$DE49,"<="&BL49)>0,1,0) -> 0 | BS49: =COUNTIFS($BX49:$CF49,">="&$BK49,$BX49:$CF49,"<="&$BL49) -> 0 | BT49: =COUNTIFS($CG49:$CN49,">="&$BK49,$CG49:$CN49,"<="&$BL49) -> 0 | BU49: =COUNTIFS($CO49:$CW49,">="&$BK49,$CO49:$CW49,"<="&$BL49) -> 0 | BV49: =COUNTIFS($CX49:$DE49,">="&$BK49,$CX49:$DE49,"<="&$BL49) -> 0 | BX49: ='Team Grid'!BC49 | BY49: ='Team Grid'!BD49 | BZ49: ='Team Grid'!BE49 | CA49: ='Team Grid'!BF49 | CB49: ='Team Grid'!BG49 | CC49: ='Team Grid'!BH49 | CD49: ='Team Grid'!BI49 | CE49: ='Team Grid'!BJ49 | ... DE49: ='Team Grid'!CJ49
Y50: Arranger | Z50: Executing | AA50: =COUNTIF(INDEX($BX$9:$DE$58,,MATCH(Table8[[#This Row],[Theme]],$BX$6:$DE$6,0)),"<=5") -> 0 | AC50: Arranger | AD50: Executing | AE50: 0 | AX50: =VLOOKUP($AY$8,Theme_Ranges[],2,0) -> 1 | AY50: =VLOOKUP($AY$8,Theme_Ranges[],3,0) -> 5 | AZ50: ='Team Grid'!AW48 -> 0 | BA50: =IF(COUNTIF($BX50:$CF50,"<="&AY50)>0,1,0) -> 0 | BB50: =IF(COUNTIF($CG50:$CN50,"<="&AY50)>0,1,0) -> 0 | BC50: =IF(COUNTIF($CO50:$CW50,"<="&AY50)>0,1,0) -> 0 | BD50: =IF(COUNTIF($CX50:$DE50,"<="&AY50)>0,1,0) -> 0 | BF50: =COUNTIFS($BX50:$CF50,">="&$AX50,$BX50:$CF50,"<="&$AY50) -> 0 | BG50: =COUNTIFS($CG50:$CN50,">="&$AX50,$CG50:$CN50,"<="&$AY50) -> 0 | BH50: =COUNTIFS($CO50:$CW50,">="&$AX50,$CO50:$CW50,"<="&$AY50) -> 0 | BI50: =COUNTIFS($CX50:$DE50,">="&$AX50,$CX50:$DE50,"<="&$AY50) -> 0 | BK50: 1 | BL50: 5 | BM50: =IF(SUM(BX50:DE50)>0,1,0) -> 0 | BN50: =IF(COUNTIF($BX50:$CF50,"<="&BL50)>0,1,0) -> 0 | BO50: =IF(COUNTIF($CG50:$CN50,"<="&BL50)>0,1,0) -> 0 | BP50: =IF(COUNTIF($CO50:$CW50,"<="&BL50)>0,1,0) -> 0 | BQ50: =IF(COUNTIF($CX50:$DE50,"<="&BL50)>0,1,0) -> 0 | BS50: =COUNTIFS($BX50:$CF50,">="&$BK50,$BX50:$CF50,"<="&$BL50) -> 0 | BT50: =COUNTIFS($CG50:$CN50,">="&$BK50,$CG50:$CN50,"<="&$BL50) -> 0 | BU50: =COUNTIFS($CO50:$CW50,">="&$BK50,$CO50:$CW50,"<="&$BL50) -> 0 | BV50: =COUNTIFS($CX50:$DE50,">="&$BK50,$CX50:$DE50,"<="&$BL50) -> 0 | BX50: ='Team Grid'!BC50 | BY50: ='Team Grid'!BD50 | BZ50: ='Team Grid'!BE50 | CA50: ='Team Grid'!BF50 | CB50: ='Team Grid'!BG50 | CC50: ='Team Grid'!BH50 | CD50: ='Team Grid'!BI50 | CE50: ='Team Grid'!BJ50 | ... DE50: ='Team Grid'!CJ50
A51: =AJ35/$BM$7 -> #DIV/0! | C51: =AC51 -> Belief | F51: =VLOOKUP($C51,'Theme Detail'!$B:$L,9,0) -> stability, clarity, conviction | K51: =VLOOKUP($C51,'Theme Detail'!$B:$L,10,0) -> a cause or purpose for which to live | P51: =VLOOKUP($C51,'Theme Detail'!$B:$L,11,0) -> altruism | Y51: Belief | Z51: Executing | AA51: =COUNTIF(INDEX($BX$9:$DE$58,,MATCH(Table8[[#This Row],[Theme]],$BX$6:$DE$6,0)),"<=5") -> 0 | AC51: Belief | AD51: Executing | AE51: 0 | AX51: =VLOOKUP($AY$8,Theme_Ranges[],2,0) -> 1 | AY51: =VLOOKUP($AY$8,Theme_Ranges[],3,0) -> 5 | AZ51: ='Team Grid'!AW49 -> 0 | BA51: =IF(COUNTIF($BX51:$CF51,"<="&AY51)>0,1,0) -> 0 | BB51: =IF(COUNTIF($CG51:$CN51,"<="&AY51)>0,1,0) -> 0 | BC51: =IF(COUNTIF($CO51:$CW51,"<="&AY51)>0,1,0) -> 0 | BD51: =IF(COUNTIF($CX51:$DE51,"<="&AY51)>0,1,0) -> 0 | BF51: =COUNTIFS($BX51:$CF51,">="&$AX51,$BX51:$CF51,"<="&$AY51) -> 0 | BG51: =COUNTIFS($CG51:$CN51,">="&$AX51,$CG51:$CN51,"<="&$AY51) -> 0 | BH51: =COUNTIFS($CO51:$CW51,">="&$AX51,$CO51:$CW51,"<="&$AY51) -> 0 | BI51: =COUNTIFS($CX51:$DE51,">="&$AX51,$CX51:$DE51,"<="&$AY51) -> 0 | BK51: 1 | BL51: 5 | BM51: =IF(SUM(BX51:DE51)>0,1,0) -> 0 | BN51: =IF(COUNTIF($BX51:$CF51,"<="&BL51)>0,1,0) -> 0 | BO51: =IF(COUNTIF($CG51:$CN51,"<="&BL51)>0,1,0) -> 0 | BP51: =IF(COUNTIF($CO51:$CW51,"<="&BL51)>0,1,0) -> 0 | BQ51: =IF(COUNTIF($CX51:$DE51,"<="&BL51)>0,1,0) -> 0 | BS51: =COUNTIFS($BX51:$CF51,">="&$BK51,$BX51:$CF51,"<="&$BL51) -> 0 | BT51: =COUNTIFS($CG51:$CN51,">="&$BK51,$CG51:$CN51,"<="&$BL51) -> 0 | BU51: =COUNTIFS($CO51:$CW51,">="&$BK51,$CO51:$CW51,"<="&$BL51) -> 0 | BV51: =COUNTIFS($CX51:$DE51,">="&$BK51,$CX51:$DE51,"<="&$BL51) -> 0 | BX51: ='Team Grid'!BC51 | BY51: ='Team Grid'!BD51 | BZ51: ='Team Grid'!BE51 | CA51: ='Team Grid'!BF51 | CB51: ='Team Grid'!BG51 | CC51: ='Team Grid'!BH51 | CD51: ='Team Grid'!BI51 | CE51: ='Team Grid'!BJ51 | ... DE51: ='Team Grid'!CJ51
Y52: Consistency | Z52: Executing | AA52: =COUNTIF(INDEX($BX$9:$DE$58,,MATCH(Table8[[#This Row],[Theme]],$BX$6:$DE$6,0)),"<=5") -> 0 | AC52: Consistency | AD52: Executing | AE52: 0 | AX52: =VLOOKUP($AY$8,Theme_Ranges[],2,0) -> 1 | AY52: =VLOOKUP($AY$8,Theme_Ranges[],3,0) -> 5 | AZ52: ='Team Grid'!AW50 -> 0 | BA52: =IF(COUNTIF($BX52:$CF52,"<="&AY52)>0,1,0) -> 0 | BB52: =IF(COUNTIF($CG52:$CN52,"<="&AY52)>0,1,0) -> 0 | BC52: =IF(COUNTIF($CO52:$CW52,"<="&AY52)>0,1,0) -> 0 | BD52: =IF(COUNTIF($CX52:$DE52,"<="&AY52)>0,1,0) -> 0 | BF52: =COUNTIFS($BX52:$CF52,">="&$AX52,$BX52:$CF52,"<="&$AY52) -> 0 | BG52: =COUNTIFS($CG52:$CN52,">="&$AX52,$CG52:$CN52,"<="&$AY52) -> 0 | BH52: =COUNTIFS($CO52:$CW52,">="&$AX52,$CO52:$CW52,"<="&$AY52) -> 0 | BI52: =COUNTIFS($CX52:$DE52,">="&$AX52,$CX52:$DE52,"<="&$AY52) -> 0 | BK52: 1 | BL52: 5 | BM52: =IF(SUM(BX52:DE52)>0,1,0) -> 0 | BN52: =IF(COUNTIF($BX52:$CF52,"<="&BL52)>0,1,0) -> 0 | BO52: =IF(COUNTIF($CG52:$CN52,"<="&BL52)>0,1,0) -> 0 | BP52: =IF(COUNTIF($CO52:$CW52,"<="&BL52)>0,1,0) -> 0 | BQ52: =IF(COUNTIF($CX52:$DE52,"<="&BL52)>0,1,0) -> 0 | BS52: =COUNTIFS($BX52:$CF52,">="&$BK52,$BX52:$CF52,"<="&$BL52) -> 0 | BT52: =COUNTIFS($CG52:$CN52,">="&$BK52,$CG52:$CN52,"<="&$BL52) -> 0 | BU52: =COUNTIFS($CO52:$CW52,">="&$BK52,$CO52:$CW52,"<="&$BL52) -> 0 | BV52: =COUNTIFS($CX52:$DE52,">="&$BK52,$CX52:$DE52,"<="&$BL52) -> 0 | BX52: ='Team Grid'!BC52 | BY52: ='Team Grid'!BD52 | BZ52: ='Team Grid'!BE52 | CA52: ='Team Grid'!BF52 | CB52: ='Team Grid'!BG52 | CC52: ='Team Grid'!BH52 | CD52: ='Team Grid'!BI52 | CE52: ='Team Grid'!BJ52 | ... DE52: ='Team Grid'!CJ52
A53: =AJ34/$BM$7 -> #DIV/0! | C53: =AC52 -> Consistency | F53: =VLOOKUP($C53,'Theme Detail'!$B:$L,9,0) -> rules and policies that promote cultural predictability | K53: =VLOOKUP($C53,'Theme Detail'!$B:$L,10,0) -> standard operating procedures | P53: =VLOOKUP($C53,'Theme Detail'!$B:$L,11,0) -> repeating things in the exact same way | Y53: Deliberative | Z53: Executing | AA53: =COUNTIF(INDEX($BX$9:$DE$58,,MATCH(Table8[[#This Row],[Theme]],$BX$6:$DE$6,0)),"<=5") -> 0 | AC53: Deliberative | AD53: Executing | AE53: 0 | AX53: =VLOOKUP($AY$8,Theme_Ranges[],2,0) -> 1 | AY53: =VLOOKUP($AY$8,Theme_Ranges[],3,0) -> 5 | AZ53: ='Team Grid'!AW51 -> 0 | BA53: =IF(COUNTIF($BX53:$CF53,"<="&AY53)>0,1,0) -> 0 | BB53: =IF(COUNTIF($CG53:$CN53,"<="&AY53)>0,1,0) -> 0 | BC53: =IF(COUNTIF($CO53:$CW53,"<="&AY53)>0,1,0) -> 0 | BD53: =IF(COUNTIF($CX53:$DE53,"<="&AY53)>0,1,0) -> 0 | BF53: =COUNTIFS($BX53:$CF53,">="&$AX53,$BX53:$CF53,"<="&$AY53) -> 0 | BG53: =COUNTIFS($CG53:$CN53,">="&$AX53,$CG53:$CN53,"<="&$AY53) -> 0 | BH53: =COUNTIFS($CO53:$CW53,">="&$AX53,$CO53:$CW53,"<="&$AY53) -> 0 | BI53: =COUNTIFS($CX53:$DE53,">="&$AX53,$CX53:$DE53,"<="&$AY53) -> 0 | BK53: 1 | BL53: 5 | BM53: =IF(SUM(BX53:DE53)>0,1,0) -> 0 | BN53: =IF(COUNTIF($BX53:$CF53,"<="&BL53)>0,1,0) -> 0 | BO53: =IF(COUNTIF($CG53:$CN53,"<="&BL53)>0,1,0) -> 0 | BP53: =IF(COUNTIF($CO53:$CW53,"<="&BL53)>0,1,0) -> 0 | BQ53: =IF(COUNTIF($CX53:$DE53,"<="&BL53)>0,1,0) -> 0 | BS53: =COUNTIFS($BX53:$CF53,">="&$BK53,$BX53:$CF53,"<="&$BL53) -> 0 | BT53: =COUNTIFS($CG53:$CN53,">="&$BK53,$CG53:$CN53,"<="&$BL53) -> 0 | BU53: =COUNTIFS($CO53:$CW53,">="&$BK53,$CO53:$CW53,"<="&$BL53) -> 0 | BV53: =COUNTIFS($CX53:$DE53,">="&$BK53,$CX53:$DE53,"<="&$BL53) -> 0 | BX53: ='Team Grid'!BC53 | BY53: ='Team Grid'!BD53 | BZ53: ='Team Grid'!BE53 | CA53: ='Team Grid'!BF53 | CB53: ='Team Grid'!BG53 | CC53: ='Team Grid'!BH53 | CD53: ='Team Grid'!BI53 | CE53: ='Team Grid'!BJ53 | ... DE53: ='Team Grid'!CJ53
Y54: Discipline | Z54: Executing | AA54: =COUNTIF(INDEX($BX$9:$DE$58,,MATCH(Table8[[#This Row],[Theme]],$BX$6:$DE$6,0)),"<=5") -> 0 | AC54: Discipline | AD54: Executing | AE54: 0 | AX54: =VLOOKUP($AY$8,Theme_Ranges[],2,0) -> 1 | AY54: =VLOOKUP($AY$8,Theme_Ranges[],3,0) -> 5 | AZ54: ='Team Grid'!AW52 -> 0 | BA54: =IF(COUNTIF($BX54:$CF54,"<="&AY54)>0,1,0) -> 0 | BB54: =IF(COUNTIF($CG54:$CN54,"<="&AY54)>0,1,0) -> 0 | BC54: =IF(COUNTIF($CO54:$CW54,"<="&AY54)>0,1,0) -> 0 | BD54: =IF(COUNTIF($CX54:$DE54,"<="&AY54)>0,1,0) -> 0 | BF54: =COUNTIFS($BX54:$CF54,">="&$AX54,$BX54:$CF54,"<="&$AY54) -> 0 | BG54: =COUNTIFS($CG54:$CN54,">="&$AX54,$CG54:$CN54,"<="&$AY54) -> 0 | BH54: =COUNTIFS($CO54:$CW54,">="&$AX54,$CO54:$CW54,"<="&$AY54) -> 0 | BI54: =COUNTIFS($CX54:$DE54,">="&$AX54,$CX54:$DE54,"<="&$AY54) -> 0 | BK54: 1 | BL54: 5 | BM54: =IF(SUM(BX54:DE54)>0,1,0) -> 0 | BN54: =IF(COUNTIF($BX54:$CF54,"<="&BL54)>0,1,0) -> 0 | BO54: =IF(COUNTIF($CG54:$CN54,"<="&BL54)>0,1,0) -> 0 | BP54: =IF(COUNTIF($CO54:$CW54,"<="&BL54)>0,1,0) -> 0 | BQ54: =IF(COUNTIF($CX54:$DE54,"<="&BL54)>0,1,0) -> 0 | BS54: =COUNTIFS($BX54:$CF54,">="&$BK54,$BX54:$CF54,"<="&$BL54) -> 0 | BT54: =COUNTIFS($CG54:$CN54,">="&$BK54,$CG54:$CN54,"<="&$BL54) -> 0 | BU54: =COUNTIFS($CO54:$CW54,">="&$BK54,$CO54:$CW54,"<="&$BL54) -> 0 | BV54: =COUNTIFS($CX54:$DE54,">="&$BK54,$CX54:$DE54,"<="&$BL54) -> 0 | BX54: ='Team Grid'!BC54 | BY54: ='Team Grid'!BD54 | BZ54: ='Team Grid'!BE54 | CA54: ='Team Grid'!BF54 | CB54: ='Team Grid'!BG54 | CC54: ='Team Grid'!BH54 | CD54: ='Team Grid'!BI54 | CE54: ='Team Grid'!BJ54 | ... DE54: ='Team Grid'!CJ54
A55: =AJ33/$BM$7 -> #DIV/0! | C55: =AC53 -> Deliberative | F55: =VLOOKUP($C55,'Theme Detail'!$B:$L,9,0) -> a thorough and conscientious approach | K55: =VLOOKUP($C55,'Theme Detail'!$B:$L,10,0) -> time to listen and think before being expected to speak | P55: =VLOOKUP($C55,'Theme Detail'!$B:$L,11,0) -> restraint and caution in the face of risk | Y55: Focus | Z55: Executing | AA55: =COUNTIF(INDEX($BX$9:$DE$58,,MATCH(Table8[[#This Row],[Theme]],$BX$6:$DE$6,0)),"<=5") -> 0 | AC55: Focus | AD55: Executing | AE55: 0 | AX55: =VLOOKUP($AY$8,Theme_Ranges[],2,0) -> 1 | AY55: =VLOOKUP($AY$8,Theme_Ranges[],3,0) -> 5 | AZ55: ='Team Grid'!AW53 -> 0 | BA55: =IF(COUNTIF($BX55:$CF55,"<="&AY55)>0,1,0) -> 0 | BB55: =IF(COUNTIF($CG55:$CN55,"<="&AY55)>0,1,0) -> 0 | BC55: =IF(COUNTIF($CO55:$CW55,"<="&AY55)>0,1,0) -> 0 | BD55: =IF(COUNTIF($CX55:$DE55,"<="&AY55)>0,1,0) -> 0 | BF55: =COUNTIFS($BX55:$CF55,">="&$AX55,$BX55:$CF55,"<="&$AY55) -> 0 | BG55: =COUNTIFS($CG55:$CN55,">="&$AX55,$CG55:$CN55,"<="&$AY55) -> 0 | BH55: =COUNTIFS($CO55:$CW55,">="&$AX55,$CO55:$CW55,"<="&$AY55) -> 0 | BI55: =COUNTIFS($CX55:$DE55,">="&$AX55,$CX55:$DE55,"<="&$AY55) -> 0 | BK55: 1 | BL55: 5 | BM55: =IF(SUM(BX55:DE55)>0,1,0) -> 0 | BN55: =IF(COUNTIF($BX55:$CF55,"<="&BL55)>0,1,0) -> 0 | BO55: =IF(COUNTIF($CG55:$CN55,"<="&BL55)>0,1,0) -> 0 | BP55: =IF(COUNTIF($CO55:$CW55,"<="&BL55)>0,1,0) -> 0 | BQ55: =IF(COUNTIF($CX55:$DE55,"<="&BL55)>0,1,0) -> 0 | BS55: =COUNTIFS($BX55:$CF55,">="&$BK55,$BX55:$CF55,"<="&$BL55) -> 0 | BT55: =COUNTIFS($CG55:$CN55,">="&$BK55,$CG55:$CN55,"<="&$BL55) -> 0 | BU55: =COUNTIFS($CO55:$CW55,">="&$BK55,$CO55:$CW55,"<="&$BL55) -> 0 | BV55: =COUNTIFS($CX55:$DE55,">="&$BK55,$CX55:$DE55,"<="&$BL55) -> 0 | BX55: ='Team Grid'!BC55 | BY55: ='Team Grid'!BD55 | BZ55: ='Team Grid'!BE55 | CA55: ='Team Grid'!BF55 | CB55: ='Team Grid'!BG55 | CC55: ='Team Grid'!BH55 | CD55: ='Team Grid'!BI55 | CE55: ='Team Grid'!BJ55 | ... DE55: ='Team Grid'!CJ55
Y56: Responsibility | Z56: Executing | AA56: =COUNTIF(INDEX($BX$9:$DE$58,,MATCH(Table8[[#This Row],[Theme]],$BX$6:$DE$6,0)),"<=5") -> 0 | AC56: Responsibility | AD56: Executing | AE56: 0 | AX56: =VLOOKUP($AY$8,Theme_Ranges[],2,0) -> 1 | AY56: =VLOOKUP($AY$8,Theme_Ranges[],3,0) -> 5 | AZ56: ='Team Grid'!AW54 -> 0 | BA56: =IF(COUNTIF($BX56:$CF56,"<="&AY56)>0,1,0) -> 0 | BB56: =IF(COUNTIF($CG56:$CN56,"<="&AY56)>0,1,0) -> 0 | BC56: =IF(COUNTIF($CO56:$CW56,"<="&AY56)>0,1,0) -> 0 | BD56: =IF(COUNTIF($CX56:$DE56,"<="&AY56)>0,1,0) -> 0 | BF56: =COUNTIFS($BX56:$CF56,">="&$AX56,$BX56:$CF56,"<="&$AY56) -> 0 | BG56: =COUNTIFS($CG56:$CN56,">="&$AX56,$CG56:$CN56,"<="&$AY56) -> 0 | BH56: =COUNTIFS($CO56:$CW56,">="&$AX56,$CO56:$CW56,"<="&$AY56) -> 0 | BI56: =COUNTIFS($CX56:$DE56,">="&$AX56,$CX56:$DE56,"<="&$AY56) -> 0 | BK56: 1 | BL56: 5 | BM56: =IF(SUM(BX56:DE56)>0,1,0) -> 0 | BN56: =IF(COUNTIF($BX56:$CF56,"<="&BL56)>0,1,0) -> 0 | BO56: =IF(COUNTIF($CG56:$CN56,"<="&BL56)>0,1,0) -> 0 | BP56: =IF(COUNTIF($CO56:$CW56,"<="&BL56)>0,1,0) -> 0 | BQ56: =IF(COUNTIF($CX56:$DE56,"<="&BL56)>0,1,0) -> 0 | BS56: =COUNTIFS($BX56:$CF56,">="&$BK56,$BX56:$CF56,"<="&$BL56) -> 0 | BT56: =COUNTIFS($CG56:$CN56,">="&$BK56,$CG56:$CN56,"<="&$BL56) -> 0 | BU56: =COUNTIFS($CO56:$CW56,">="&$BK56,$CO56:$CW56,"<="&$BL56) -> 0 | BV56: =COUNTIFS($CX56:$DE56,">="&$BK56,$CX56:$DE56,"<="&$BL56) -> 0 | BX56: ='Team Grid'!BC56 | BY56: ='Team Grid'!BD56 | BZ56: ='Team Grid'!BE56 | CA56: ='Team Grid'!BF56 | CB56: ='Team Grid'!BG56 | CC56: ='Team Grid'!BH56 | CD56: ='Team Grid'!BI56 | CE56: ='Team Grid'!BJ56 | ... DE56: ='Team Grid'!CJ56
Y57: Restorative | Z57: Executing | AA57: =COUNTIF(INDEX($BX$9:$DE$58,,MATCH(Table8[[#This Row],[Theme]],$BX$6:$DE$6,0)),"<=5") -> 0 | AC57: Restorative | AD57: Executing | AE57: 0 | AX57: =VLOOKUP($AY$8,Theme_Ranges[],2,0) -> 1 | AY57: =VLOOKUP($AY$8,Theme_Ranges[],3,0) -> 5 | AZ57: ='Team Grid'!AW55 -> 0 | BA57: =IF(COUNTIF($BX57:$CF57,"<="&AY57)>0,1,0) -> 0 | BB57: =IF(COUNTIF($CG57:$CN57,"<="&AY57)>0,1,0) -> 0 | BC57: =IF(COUNTIF($CO57:$CW57,"<="&AY57)>0,1,0) -> 0 | BD57: =IF(COUNTIF($CX57:$DE57,"<="&AY57)>0,1,0) -> 0 | BF57: =COUNTIFS($BX57:$CF57,">="&$AX57,$BX57:$CF57,"<="&$AY57) -> 0 | BG57: =COUNTIFS($CG57:$CN57,">="&$AX57,$CG57:$CN57,"<="&$AY57) -> 0 | BH57: =COUNTIFS($CO57:$CW57,">="&$AX57,$CO57:$CW57,"<="&$AY57) -> 0 | BI57: =COUNTIFS($CX57:$DE57,">="&$AX57,$CX57:$DE57,"<="&$AY57) -> 0 | BK57: 1 | BL57: 5 | BM57: =IF(SUM(BX57:DE57)>0,1,0) -> 0 | BN57: =IF(COUNTIF($BX57:$CF57,"<="&BL57)>0,1,0) -> 0 | BO57: =IF(COUNTIF($CG57:$CN57,"<="&BL57)>0,1,0) -> 0 | BP57: =IF(COUNTIF($CO57:$CW57,"<="&BL57)>0,1,0) -> 0 | BQ57: =IF(COUNTIF($CX57:$DE57,"<="&BL57)>0,1,0) -> 0 | BS57: =COUNTIFS($BX57:$CF57,">="&$BK57,$BX57:$CF57,"<="&$BL57) -> 0 | BT57: =COUNTIFS($CG57:$CN57,">="&$BK57,$CG57:$CN57,"<="&$BL57) -> 0 | BU57: =COUNTIFS($CO57:$CW57,">="&$BK57,$CO57:$CW57,"<="&$BL57) -> 0 | BV57: =COUNTIFS($CX57:$DE57,">="&$BK57,$CX57:$DE57,"<="&$BL57) -> 0 | BX57: ='Team Grid'!BC57 | BY57: ='Team Grid'!BD57 | BZ57: ='Team Grid'!BE57 | CA57: ='Team Grid'!BF57 | CB57: ='Team Grid'!BG57 | CC57: ='Team Grid'!BH57 | CD57: ='Team Grid'!BI57 | CE57: ='Team Grid'!BJ57 | ... DE57: ='Team Grid'!CJ57
Y58: Activator | Z58: Influencing | AA58: =COUNTIF(INDEX($BX$9:$DE$58,,MATCH(Table8[[#This Row],[Theme]],$BX$6:$DE$6,0)),"<=5") -> 0 | AC58: Activator | AD58: Influencing | AE58: 0 | AX58: =VLOOKUP($AY$8,Theme_Ranges[],2,0) -> 1 | AY58: =VLOOKUP($AY$8,Theme_Ranges[],3,0) -> 5 | AZ58: ='Team Grid'!AW56 -> 0 | BA58: =IF(COUNTIF($BX58:$CF58,"<="&AY58)>0,1,0) -> 0 | BB58: =IF(COUNTIF($CG58:$CN58,"<="&AY58)>0,1,0) -> 0 | BC58: =IF(COUNTIF($CO58:$CW58,"<="&AY58)>0,1,0) -> 0 | BD58: =IF(COUNTIF($CX58:$DE58,"<="&AY58)>0,1,0) -> 0 | BF58: =COUNTIFS($BX58:$CF58,">="&$AX58,$BX58:$CF58,"<="&$AY58) -> 0 | BG58: =COUNTIFS($CG58:$CN58,">="&$AX58,$CG58:$CN58,"<="&$AY58) -> 0 | BH58: =COUNTIFS($CO58:$CW58,">="&$AX58,$CO58:$CW58,"<="&$AY58) -> 0 | BI58: =COUNTIFS($CX58:$DE58,">="&$AX58,$CX58:$DE58,"<="&$AY58) -> 0 | BK58: 1 | BL58: 5 | BM58: =IF(SUM(BX58:DE58)>0,1,0) -> 0 | BN58: =IF(COUNTIF($BX58:$CF58,"<="&BL58)>0,1,0) -> 0 | BO58: =IF(COUNTIF($CG58:$CN58,"<="&BL58)>0,1,0) -> 0 | BP58: =IF(COUNTIF($CO58:$CW58,"<="&BL58)>0,1,0) -> 0 | BQ58: =IF(COUNTIF($CX58:$DE58,"<="&BL58)>0,1,0) -> 0 | BS58: =COUNTIFS($BX58:$CF58,">="&$BK58,$BX58:$CF58,"<="&$BL58) -> 0 | BT58: =COUNTIFS($CG58:$CN58,">="&$BK58,$CG58:$CN58,"<="&$BL58) -> 0 | BU58: =COUNTIFS($CO58:$CW58,">="&$BK58,$CO58:$CW58,"<="&$BL58) -> 0 | BV58: =COUNTIFS($CX58:$DE58,">="&$BK58,$CX58:$DE58,"<="&$BL58) -> 0 | BX58: ='Team Grid'!BC58 | BY58: ='Team Grid'!BD58 | BZ58: ='Team Grid'!BE58 | CA58: ='Team Grid'!BF58 | CB58: ='Team Grid'!BG58 | CC58: ='Team Grid'!BH58 | CD58: ='Team Grid'!BI58 | CE58: ='Team Grid'!BJ58 | ... DE58: ='Team Grid'!CJ58
A59: Themes Presence in Top 5 | Y59: Command | Z59: Influencing | AA59: =COUNTIF(INDEX($BX$9:$DE$58,,MATCH(Table8[[#This Row],[Theme]],$BX$6:$DE$6,0)),"<=5") -> 0 | AC59: Command | AD59: Influencing | AE59: 0
A60: Executing | C60: Achiever | E60: Arranger | G60: Belief | I60: Consistency | K60: Deliberative | M60: Discipline | O60: Focus | Q60: Responsibility | S60: Restorative | Y60: Communication | Z60: Influencing | AA60: =COUNTIF(INDEX($BX$9:$DE$58,,MATCH(Table8[[#This Row],[Theme]],$BX$6:$DE$6,0)),"<=5") -> 0 | AC60: Communication | AD60: Influencing | AE60: 0
Y61: Competition | Z61: Influencing | AA61: =COUNTIF(INDEX($BX$9:$DE$58,,MATCH(Table8[[#This Row],[Theme]],$BX$6:$DE$6,0)),"<=5") -> 0 | AC61: Competition | AD61: Influencing | AE61: 0
Y62: Maximizer | Z62: Influencing | AA62: =COUNTIF(INDEX($BX$9:$DE$58,,MATCH(Table8[[#This Row],[Theme]],$BX$6:$DE$6,0)),"<=5") -> 0 | AC62: Maximizer | AD62: Influencing | AE62: 0
Y63: Self-Assurance | Z63: Influencing | AA63: =COUNTIF(INDEX($BX$9:$DE$58,,MATCH(Table8[[#This Row],[Theme]],$BX$6:$DE$6,0)),"<=5") -> 0 | AC63: Self-Assurance | AD63: Influencing | AE63: 0
Y64: Significance | Z64: Influencing | AA64: =COUNTIF(INDEX($BX$9:$DE$58,,MATCH(Table8[[#This Row],[Theme]],$BX$6:$DE$6,0)),"<=5") -> 0 | AC64: Significance | AD64: Influencing | AE64: 0
Y65: Woo | Z65: Influencing | AA65: =COUNTIF(INDEX($BX$9:$DE$58,,MATCH(Table8[[#This Row],[Theme]],$BX$6:$DE$6,0)),"<=5") -> 0 | AC65: Woo | AD65: Influencing | AE65: 0
Y66: Adaptability | Z66: Relationship | AA66: =COUNTIF(INDEX($BX$9:$DE$58,,MATCH(Table8[[#This Row],[Theme]],$BX$6:$DE$6,0)),"<=5") -> 0 | AC66: Adaptability | AD66: Relationship | AE66: 0
A67: Influencing | C67: Activator | E67: Command | G67: Communication | I67: Competition | K67: Maximizer | M67: Self-Assurance | O67: Significance | Q67: Woo | Y67: Connectedness | Z67: Relationship | AA67: =COUNTIF(INDEX($BX$9:$DE$58,,MATCH(Table8[[#This Row],[Theme]],$BX$6:$DE$6,0)),"<=5") -> 0 | AC67: Connectedness | AD67: Relationship | AE67: 0
Y68: Developer | Z68: Relationship | AA68: =COUNTIF(INDEX($BX$9:$DE$58,,MATCH(Table8[[#This Row],[Theme]],$BX$6:$DE$6,0)),"<=5") -> 0 | AC68: Developer | AD68: Relationship | AE68: 0
Y69: Empathy | Z69: Relationship | AA69: =COUNTIF(INDEX($BX$9:$DE$58,,MATCH(Table8[[#This Row],[Theme]],$BX$6:$DE$6,0)),"<=5") -> 0 | AC69: Empathy | AD69: Relationship | AE69: 0
Y70: Harmony | Z70: Relationship | AA70: =COUNTIF(INDEX($BX$9:$DE$58,,MATCH(Table8[[#This Row],[Theme]],$BX$6:$DE$6,0)),"<=5") -> 0 | AC70: Harmony | AD70: Relationship | AE70: 0
Y71: Includer | Z71: Relationship | AA71: =COUNTIF(INDEX($BX$9:$DE$58,,MATCH(Table8[[#This Row],[Theme]],$BX$6:$DE$6,0)),"<=5") -> 0 | AC71: Includer | AD71: Relationship | AE71: 0
Y72: Individualization | Z72: Relationship | AA72: =COUNTIF(INDEX($BX$9:$DE$58,,MATCH(Table8[[#This Row],[Theme]],$BX$6:$DE$6,0)),"<=5") -> 0 | AC72: Individualization | AD72: Relationship | AE72: 0
Y73: Positivity | Z73: Relationship | AA73: =COUNTIF(INDEX($BX$9:$DE$58,,MATCH(Table8[[#This Row],[Theme]],$BX$6:$DE$6,0)),"<=5") -> 0 | AC73: Positivity | AD73: Relationship | AE73: 0
A74: Relationship Building | C74: Adaptability | E74: Connectedness | G74: Developer | I74: Empathy | K74: Harmony | M74: Includer | O74: Individualization | Q74: Positivity | S74: Relator | Y74: Relator | Z74: Relationship | AA74: =COUNTIF(INDEX($BX$9:$DE$58,,MATCH(Table8[[#This Row],[Theme]],$BX$6:$DE$6,0)),"<=5") -> 0 | AC74: Relator | AD74: Relationship | AE74: 0
Y75: Analytical | Z75: Strategic | AA75: =COUNTIF(INDEX($BX$9:$DE$58,,MATCH(Table8[[#This Row],[Theme]],$BX$6:$DE$6,0)),"<=5") -> 0 | AC75: Analytical | AD75: Strategic | AE75: 0
Y76: Context | Z76: Strategic | AA76: =COUNTIF(INDEX($BX$9:$DE$58,,MATCH(Table8[[#This Row],[Theme]],$BX$6:$DE$6,0)),"<=5") -> 0 | AC76: Context | AD76: Strategic | AE76: 0
Y77: Futuristic | Z77: Strategic | AA77: =COUNTIF(INDEX($BX$9:$DE$58,,MATCH(Table8[[#This Row],[Theme]],$BX$6:$DE$6,0)),"<=5") -> 0 | AC77: Futuristic | AD77: Strategic | AE77: 0
Y78: Ideation | Z78: Strategic | AA78: =COUNTIF(INDEX($BX$9:$DE$58,,MATCH(Table8[[#This Row],[Theme]],$BX$6:$DE$6,0)),"<=5") -> 0 | AC78: Ideation | AD78: Strategic | AE78: 0
Y79: Input | Z79: Strategic | AA79: =COUNTIF(INDEX($BX$9:$DE$58,,MATCH(Table8[[#This Row],[Theme]],$BX$6:$DE$6,0)),"<=5") -> 0 | AC79: Input | AD79: Strategic | AE79: 0
Y80: Intellection | Z80: Strategic | AA80: =COUNTIF(INDEX($BX$9:$DE$58,,MATCH(Table8[[#This Row],[Theme]],$BX$6:$DE$6,0)),"<=5") -> 0 | AC80: Intellection | AD80: Strategic | AE80: 0
A81: Strategic Thinking | C81: Analytical | E81: Context | G81: Futuristic | I81: Ideation | K81: Input | M81: Intellection | O81: Learner | Q81: Strategic | Y81: Learner | Z81: Strategic | AA81: =COUNTIF(INDEX($BX$9:$DE$58,,MATCH(Table8[[#This Row],[Theme]],$BX$6:$DE$6,0)),"<=5") -> 0 | AC81: Learner | AD81: Strategic | AE81: 0
Y82: Strategic | Z82: Strategic | AA82: =COUNTIF(INDEX($BX$9:$DE$58,,MATCH(Table8[[#This Row],[Theme]],$BX$6:$DE$6,0)),"<=5") -> 0 | AC82: Strategic | AD82: Strategic | AE82: 0

Sheet Individual >>>

Sheet Individual
A1: Team Summary | Z1: Helper Columns
A2: #VALUE! | Y2: Spark Helper - Inverted Values | AH2: Frequency Helper | AT2: =AT7&"/"&$AS$7&" People have "&AT6&" in their "&$AR$8 -> 0/0 People have Executing in their Top 5 | AU2: =AU7&"/"&$AS$7&" People have "&AU6&" in their "&$AR$8 -> 0/0 People have Influencing in their Top 5 | AV2: =AV7&"/"&$AS$7&" People have "&AV6&" in their "&$AR$8 -> 0/0 People have Relationship Building in their Top 5 | AW2: =AW7&"/"&$AS$7&" People have "&AW6&" in their "&$AR$8 -> 0/0 People have Strategic Thinking in their Top 5
D3: Themes | E3: Top 5 | Y3: Spark Sort | Z3: Theme | AA3: Domain | AB3: Helper Column | AC3: Executing | AD3: Influencing | AE3: Relationship | AF3: Strategic | AH3: Theme | AI3: Domain | AJ3: Helper Column | AK3: Executing | AL3: Influencing | AM3: Relationship | AN3: Strategic
D4: Person | E4: Erin Parker | O4: Dominant Theme | Y4: 1 | AA4: Strategic | AH4: {=_xlfn._xlws.SORT($Z$4:$AB$40,3,1)} -> Analytical | AI4: Strategic | AJ4: #N/A | AK4: =IF(IFERROR(VLOOKUP($AH4,$Z:$AF,4,0),0)>0,VLOOKUP($AH4,$Z:$AF,4,0),NA()) -> #N/A | AL4: =IF(IFERROR(VLOOKUP($AH4,$Z:$AF,5,0),"")>0,VLOOKUP($AH4,$Z:$AF,5,0),NA()) -> #N/A | AM4: =IF(IFERROR(VLOOKUP($AH4,$Z:$AF,6,0),0)>0,VLOOKUP($AH4,$Z:$AF,6,0),NA()) -> #N/A | AN4: =IF(IFERROR(VLOOKUP($AH4,$Z:$AF,7,0),0)>0,VLOOKUP($AH4,$Z:$AF,7,0),NA()) -> #N/A
O5: {="The team leads with "&INDEX($AY$6:$BB$6,,MATCH(MAX($AY$8:$BB$8),$AY$8:$BB$8,0))&" themes. "&VLOOKUP(INDEX($AY$6:$BB$6,,MATCH(MAX($AY$8:$BB$8),$AY$8:$BB$8,0)),Settings!C4:G7,4,0)} -> #DIV/0! | Y5: 1 | Z5: Analytical | AA5: Strategic | AB5: =SUM(AC5:AF5) -> #N/A | AF5: =35-VLOOKUP($E$4&$Z5,Data_Table_1[[Full Name Theme Conc]:[Theme Ranking]],8,0) -> #N/A | AH5: Context | AI5: Strategic | AJ5: #N/A | AK5: =IF(IFERROR(VLOOKUP($AH5,$Z:$AF,4,0),0)>0,VLOOKUP($AH5,$Z:$AF,4,0),NA()) -> #N/A | AL5: =IF(IFERROR(VLOOKUP($AH5,$Z:$AF,5,0),"")>0,VLOOKUP($AH5,$Z:$AF,5,0),NA()) -> #N/A | AM5: =IF(IFERROR(VLOOKUP($AH5,$Z:$AF,6,0),0)>0,VLOOKUP($AH5,$Z:$AF,6,0),NA()) -> #N/A | AN5: =IF(IFERROR(VLOOKUP($AH5,$Z:$AF,7,0),0)>0,VLOOKUP($AH5,$Z:$AF,7,0),NA()) -> #N/A | AS5: People/ Theme Count | AY5: Filtered Theme Sum | BF5: People/ Theme Count - Top 5 | BL5: Filtered Theme Sum | BQ5: Helper Columns | CZ5: Donut Helper
